Workbook
Name _TK503: #REF!
Name _TK503: #REF!
Name rinku: #REF!
Name rinku: #REF!
Name SAN: #REF!
Name SAN: #REF!
Name YON: #REF!
Name YON: #REF!
Name 医療６０: #REF!
Name 医療６０: #REF!
Name 医療６１: #REF!
Name 医療６１: #REF!
Name 医療６２: #REF!
Name 医療６２: #REF!
Name 教育６０: #REF!
Name 教育６０: #REF!
Name 教育６１: #REF!
Name 教育６１: #REF!
Name 教育６２: #REF!
Name 教育６２: #REF!
Name 石油製品: '[1]第２次産業 '!#REF!
Name 石油製品: '[1]第２次産業 '!#REF!
Name 総括表へ: [2]資本04!#REF!
Name 総括表へ: [2]資本04!#REF!
Name 他サビ６０: #REF!
Name 他サビ６０: #REF!
Name 他サビ６１: #REF!
Name 他サビ６１: #REF!
Name 他サビ６２: #REF!
Name 他サビ６２: #REF!
Name 他構成比: #REF!
Name 他構成比: #REF!
Name 保留１: #REF!
Name 保留１: #REF!
Name 保留13: #REF!
Name 保留13: #REF!
Name 保留２: #REF!
Name 保留２: #REF!
Name 保留３: #REF!
Name 保留３: #REF!
Name 保留４: #REF!
Name 保留４: #REF!
Name 保留５: #REF!
Name 保留５: #REF!
Name 保留６: #REF!
Name 保留６: #REF!
Name 保留９: #REF!
Name 保留９: #REF!

Sheet 留意事項
B2: 利用に当たっての留意事項
B4: 経済波及効果分析は、一定条件のもとで分析が行われるということに留意する必要があります。
B5: このような留意点があることを理解した上でご利用願います。
B7: ① | C7: 産業連関表は原則として５年毎に作成されているため、産業連関表の示す産業構造は、分析対象時点の実
C8: 際の産業構造とは異なります。
B9: ② | C9: 分析結果は、産業連関表作成対象年である令和2年の価格で表示されることとなります。
B10: ③ | C10: 経済波及効果の計算の前提条件として、商品の生産に必要な投入構造は、短期的には変化せず、一定で
C11: あると仮定しています。
B12: ④ | C12: 生産技術や域内自給率などの経済的条件は、生産波及過程において変化しないと仮定しています。
B13: ⑤ | C13: すべての生産は、最終需要を満たすために行われるものと仮定しています。
B14: ⑥ | C14: 生産を行う上での制約条件は存在せず、原材料、生産能力等の限界はないと仮定し ています。
B15: ⑦ | C15: 生産量が２倍になれば投入量（原材料等）も２倍になる（線形的比例関係）と 仮定しています（つまり、「規模
C16: の経済性」はないものとしています）。
B17: ⑧ | C17: 生産波及は途中で中断することなく、最後まで波及するものと仮定しています（在庫取崩し等による波及の中
C18: 断はないものとしています）。
B19: ⑨ | C19: 外部経済、外部不経済は働かないものと仮定しています。
B20: ⑩ | C20: 波及効果の所要時間は明確ではなく、必ずしも１年以内に起こるとは限りません。
B21: ⑪ | C21: 分析事案の最終需要増加額の推計方法や消費転換率等の各種係数の設定条件により、分析結果は異なっ
C22: てきます。
B23: ⑫ | C23: 同じ分析事案でも、使用する部門表により経済波及効果の計算結果は異なります。
B25: その他
B27: ・このツールによる分析結果は一つの計算例であり、様々な仮定・前提条件の上で推計しているため、実際の経済波及
B28: 効果を保証するものではありません。分析する方の責任において利用してください。
B29: ・本ツールを使用した分析結果等を外部に公表する場合は、下記担当までご連絡くださるようお願いします。

Sheet 入力
B2: 利用の手順
B3: ① | C3: 分析タイトル・内容を入力してください。
B4: ② | C4: 需要の増加額及び県内自給率を、産業分類別に入力してください。
C5: ※増加額が生産者価格である場合は「生産者価格」に、購入者価格である場合は「購入者価格」に入力してください。
C6: ※県内自給率が不明の場合は空欄にしてください。その場合、産業連関表の自給率により計算します。
C7: ※分析対象がどの産業分類に該当するかは、別シート「部門分類表」を参照してください。
B8: ③ | C8: 消費転換率を入力してください。
C9: ※初期状態では、山形市の平均消費性向が入力されています。 | G9: →入力後、「計算結果（総括表）」へ
B10: ①
B11: 分析タイトル
B13: 分析内容
B16: ② | J16: ③
E17: 需要の増加 | J17: 消費転換率
B18: 生産者価格／購入者価格 | E18: 生産者価格 | G18: 購入者価格
F19: 左の域内自給率 | H19: 左の域内自給率 | J19: 0.518
B20: 単位 | E20: 万円 | F20: ％ | G20: 万円 | H20: ％
B21: 合計 | E21: =SUM(E22:E129) -> 0 | G21: =SUM(G22:G129) -> 0
B22: 011 | C22: 耕種農業
B23: 012 | C23: 畜産
B24: 013 | C24: 農業サービス
B25: 015 | C25: 林業
B26: 017 | C26: 漁業
B27: 061 | C27: 石炭・原油・天然ガス
B28: 062 | C28: その他の鉱業
B29: 111 | C29: 食料品
B30: 112 | C30: 飲料
B31: 113 | C31: 飼料・有機質肥料（別掲を除く。）
B32: 114 | C32: たばこ
B33: 151 | C33: 繊維工業製品
... B129: 691 | C129: 分類不明

Sheet 部門分類表
A2: 分析対象の部門分類を「統合小分類（188部門）」～「財・サービスの例」から検索し、対応する「統合中分類（108部門）」に数値を計上してください。
A4: 13部門 | B4: 統合大分類（39部門） | C4: 統合中分類（108部門） | D4: 統合小分類（188部門） | E4: 基本分類（391部門） | F4: 財・サービスの例
A5: 農林水産業 | B5: 農業 | C5: 耕種農業 | D5: 穀類 | E5: 米 | F5: 米、稲わら
E6: 麦類 | F6: 小麦、大麦（二条、六条）、裸麦
D7: いも・豆類 | E7: いも類 | F7: かんしょ、ばれいしょ
E8: 豆類 | F8: 大豆、えんどう、そらまめ、いんげん豆、小豆、ささげ、らっかせい、その他の豆類
D9: 野菜 | E9: 野菜 | F9: 果菜類：かぼちゃ、ピーマン、きゅうり、メロン、すいか、なす、トマト、いちご、さやえんどう（未成熟えんどう）、未成熟とうもろこし、えだまめ（未成熟大豆）、さやいんげん（未成熟いんげん） 葉茎菜類：キャベツ、はくさい、その他の漬菜、ほうれんそう、ねぎ、たまねぎ、にら、みつば、しゅんぎく、にんにく、レタス、セルリー、カリフラワー、ブロッコリー、アスパラガス、たけのこ、もやし 根菜類：だいこん、かぶ、にんじん、ごぼう、さといも、やまのいも、れんこん、しょうが
D10: 果実 | E10: 果実 | F10: みかん、夏みかん、ネーブルオレンジ、はっさく、伊予柑、グレープフルーツ（輸入）、りんご、ぶどう、日本なし、西洋なし、もも、すもも、おうとう、うめ、びわ、かき、くり、キウイフルーツ、パインアップル、バナナ（輸入）、果実の植物成長
D11: その他の食用作物 | E11: 砂糖原料作物 | F11: さとうきび、てんさい
E12: 飲料用作物 | F12: コーヒー豆（輸入）、カカオ豆（輸入）、茶（生葉）、ホップ、茶の植物成長
E13: その他の食用耕種作物 | F13: そば、えん麦、とうもろこし、あわ、きび、ひえ、グレーンソルガム（輸入）、なたね、ごま、オリーブ、こんにゃくいも、香辛料作物（輸入）、カッサバ芋（輸入）
D14: 非食用作物 | E14: 飼料作物 | F14: 牧草、青刈とうもろこし、ソルゴー
E15: 種苗 | F15: 農産物（畜産物、蚕を除く）の種子、球根類、苗木類（山行き苗木を除く。）、苗木類の植物成長
E16: 花き・花木類 | F16: 切り花類、鉢物類、花木（成木）、花壇用苗もの類、芝類、地被植物類、花木（成木）の植物成長
E17: その他の非食用耕種作物 | F17: 葉たばこ、生ゴム（輸入）、綿花（輸入）、薬用作物（おたね人参、とうき等）、製紙原料作物（こうぞ、みつまた等）、敷物原料作物（い草等）
C18: 畜産 | D18: 畜産 | E18: 酪農 | F18: 生乳、乳子牛（と畜向け、肉用肥育向け）、乳子牛の成長増加、乳廃牛、きゅう肥
E19: 肉用牛 | F19: と畜向け肉用牛（成牛換算飼養頭数の増減を含む。）、子取り用めす子牛の成長増加、肥育向け子牛、きゅう肥
E20: 豚 | F20: 豚（成豚換算飼養頭数の増減を含む。）、きゅう肥
E21: 鶏卵 | F21: 鶏卵、成鶏（成鶏換算飼養羽数の増減を含む。）、不正常卵、鶏ふん
E22: 肉鶏 | F22: ブロイラー、鶏ふん
E23: その他の畜産 | F23: 羊毛、馬（軽種馬を含む。）、やぎ、めん羊、毛皮用動物（ミンク、うさぎ等の飼育及びその毛、毛皮等）、食用鳥類（鶏を除く。）、その他の食用畜産物（やぎ乳、はちみつ、うずらの卵）、愛がん動物（昆虫類を含む。）、実験用動物（マウス、モルモット）、きゅう肥、養蚕
C24: 農業サービス | D24: 農業サービス | E24: 農業サービス | F24: カントリーエレベーター、ライスセンター、稲作共同育苗事業、土地改良区、青果物共同選果場、航空防除、種付業、ふ卵業
B25: 林業 | C25: 林業 | D25: 育林 | E25: 育林 | F25: 苗木、立木の成長
D26: 素材 | E26: 素材 | F26: 丸太（そま角、大割材等を含む。）
D27: 特用林産物 | E27: 特用林産物（狩猟業を含む。） | F27: きのこ類（まつたけ、しいたけ、えのきたけ等）、種実（くり、くるみ）、ねまがりたけ、生うるし、木ろう、竹材、薪、木炭、狩猟による野生鳥獣及び動物原皮
B28: 漁業 | C28: 漁業 | D28: 海面漁業 | E28: 海面漁業 | F28: 魚類、えび類、かに類、いか類、たこ類、うに類、なまこ類、貝類、海藻類、鯨類
E29: 海面養殖業 | F29: まあじ、ぶり類、たい類、くるまえび、ほや類、ほたてがい、かき類、こんぶ類、わかめ類、のり類、真珠
D30: 内水面漁業 | E30: 内水面漁業・養殖業 | F30: 内水面漁業：さけ・ます類、わかさぎ、あゆ、しらうお、こい、ふな、うなぎ、しじみ、えび類 内水面養殖業：ます類、あゆ、こい、ふな、うなぎ、淡水真珠、鑑賞用魚
A31: 鉱業 | B31: 鉱業 | C31: 石炭・原油・天然ガス | D31: 石炭・原油・天然ガス | E31: 石炭・原油・天然ガス | F31: 石炭：原料炭、一般炭、無煙炭、亜炭、雑炭 原油 天然ガス：天然ガス、液化天然ガス、圧縮ガス
C32: その他の鉱業 | D32: 砂利・砕石 | E32: 砂利・砕石 | F32: 砂利、砂、かんらん岩（精鉱）、砕石、オリビンサンド
D33: その他の鉱物 | E33: その他の鉱物 | F33: 鉄鉱石 非鉄金属鉱物：銅鉱、鉛鉱、亜鉛鉱、金鉱、銀鉱、すず鉱、タングステン鉱、硫化鉄鉱 石灰石 窯業原料鉱物（石灰石を除く。）：けい石、けい砂、ドロマイト、ろう石、粘土、長石、陶石、カオリン 他に分類されない鉱物：重晶石、ベントナイト･けいそう土等の粘土
A34: 製造業（1/2） | B34: 飲食料品 | C34: 食料品 | D34: 畜産食料品 | E34: 食肉 | F34: 牛肉、豚肉、鶏肉、その他の食肉（馬肉、羊肉、山羊肉、鹿肉等）、と畜副産物（原皮、内臓及び肉鶏処理副産物）
E35: 酪農品 | F35: 牛乳、加工乳、乳飲料、粉乳、れん乳、バター、チーズ、アイスクリーム、ミックスパウダー、クリーム、発酵乳、乳酸菌飲料
E36: その他の畜産食料品 | F36: ハム、ベーコン、ソーセージ、ハンバーグ（冷蔵品）、焼豚、食肉びん・かん詰（コンビーフかん詰、うずら卵水煮かん詰等）、その他の畜産食料品（精製はちみつ、乾燥卵等）
D37: 水産食料品 | E37: 冷凍魚介類 | F37: 冷凍魚介類、冷凍魚介調理品（丸又は三枚おろし、刺身等の処理をし、凍結したもの）、冷凍すり身、副産物の「魚のあら」
E38: 塩・干・くん製品 | F38: 煮干し品、素干し品、塩干品、くん製品、副産物の「魚のあら」
E39: 水産びん・かん詰 | F39: かに、さけ、まぐろ・かつお、さば、いわし、その他の水産びん・かん詰、副産物の「魚のあら」
E40: ねり製品 | F40: 焼きちくわ、かまぼこ、魚肉ハム・ソーセージ、副産物の「魚のあら」
E41: その他の水産食料品 | F41: 節類、水産物つくだ煮、寒天、焼・味付けのり、さくら干し、みりん干し
D42: 精穀・製粉 | E42: 精穀 | F42: 精米、くず米、米ぬか、精麦、麦ぬか
E43: 製粉 | F43: 小麦粉、ふすま、そば粉、こんにゃく粉、米穀粉
D44: めん・パン・菓子類 | E44: めん | F44: 乾めん、即席めん、マカロニ・スパゲッティ、生めん
E45: パン類 | F45: 食パン、学校給食パン、菓子パン、調理パン、サンドイッチ
E46: 菓子類 | F46: キャラメル、ドロップ、キャンデー、チョコレート、チューインガム、焼菓子、ビスケット、米菓、和生菓子、洋生菓子、スナック菓子、油菓子、ココア
D47: 農産保存食料品 | E47: 農産保存食料品 | F47: 乾燥野菜、冷凍野菜、漬物、ジャム、かんぴょう、切干だいこん、マッシュポテト、干しがき、野菜びん・かん詰、果実びん・かん詰、原料濃縮果汁
D48: 砂糖・油脂・調味料類 | E48: 砂糖 | F48: 精製糖（てんさい糖、甘しゃ糖）、含みつ糖、副産物（糖みつ、ビートパルプ）
E49: でん粉 | F49: かんしょでん粉、ばれいしょでん粉、小麦でん粉、コーンスターチ、でん粉かす
E50: ぶどう糖・水あめ、異性化糖 | F50: ぶどう糖（無水結晶ぶどう糖・含水結晶ぶどう糖、全糖ぶどう糖、液状ぶどう糖）、水あめ（水あめ、粉あめ）、異性化糖
E51: 動植物油脂 | F51: 植物油脂：食用なたね油、食用大豆油、非食用向け植物原油（あまに油、ひまし油） 動物油脂：動物油脂（牛脂、豚脂等）、魚油 加工油脂：マーガリン、ショートニング、精製ラード 植物原油かす：なたね油かす、大豆油かす、米ぬか油かす
E52: 調味料 | F52: みそ、しょうゆ、食用アミノ酸、ソース、マヨネーズ、トマトケチャップ、トマトピューレ、食酢、即席カレー、グルタミン酸ソーダ、香辛料、洋風スープ、発酵調味料、風味調味料、たれ類、めんつゆ類、お茶漬け・ふりかけ類、即席みそ汁・お吸いもの、マヨネーズ副産物（卵白） ※塩は「無機化学工業製品」
D53: その他の食料品 | E53: 冷凍調理食品 | F53: 冷凍フライ（コロッケ、カツ、魚フライ等）、冷凍米飯類、冷凍ハンバーグ、冷凍シューマイ
E54: レトルト食品 | F54: レトルト食品（カレー、マーボー豆腐の素、ミートソース類、スープ類等）
E55: そう菜・すし、弁当 | F55: そう菜、すし、弁当
E56: その他の食料品 | F56: とうふ、油揚、生揚、がんもどき、生あん、こんにゃく、納豆、麦茶、バナナ熟成加工、粉末ジュース、もち、調味特殊かん詰（カレーかん詰、ミートソース類かん詰、スープ類かん詰等） ※給食は「教育」の「学校給食」
C57: 飲料 | D57: 酒類 | E57: 清酒 | F57: 清酒、味りん、清酒かす、味りんかす
E58: ビール類 | F58: ビール、麦芽根、ビール粕、乾燥酵母、生酵母、発泡酒
E59: ウイスキー類 | F59: ウイスキー、ブランデー
E60: その他の酒類 | F60: 果実酒類、合成清酒、しょうちゅう、スピリッツ、リキュール、その他の醸造酒、雑酒、添加用アルコール ※甘酒は「食料品」
D61: その他の飲料 | E61: 茶・コーヒー | F61: 緑茶、紅茶、ウーロン茶、コーヒー
E62: 清涼飲料 | F62: 炭酸飲料、果実飲料、緑茶飲料、紅茶飲料、ウーロン茶飲料、コーヒー飲料、麦茶飲料、豆乳飲料、ミネラルウォーター、スポーツドリンク、野菜ジュース ※濃縮果汁・天然果汁は「食料品」
E63: 製氷 | F63: 販売用氷
C64: 飼料・有機質肥料（別掲を除く。） | D64: 飼料・有機質肥料（別掲を除く。） | E64: 飼料 | F64: 家畜・家きん用飼料、養魚用飼料、ペットフード、魚かす
E65: 有機質肥料（別掲を除く。） | F65: 動物性有機質肥料（魚かす粉末、肉骨紛、加工家きんふん肥料等）、植物性有機質肥料（なたね油かす、米ぬか油かす、わたみ油かす等）、その他（たい肥）
C66: たばこ | D66: たばこ | E66: たばこ | F66: 紙巻たばこ、葉巻たばこ、きざみたばこ、パイプたばこ、加熱式たばこ
B67: 繊維製品 | C67: 繊維工業製品 | D67: 紡績糸 | E67: 紡績糸 | F67: 製糸（生糸、副蚕糸）、綿紡績糸（純綿糸、混紡綿糸）、化学繊維紡績糸：ビスコース・スフ糸、キュプラ・スフ糸、アセテート紡績糸、ビニロン紡績糸、ナイロン紡績糸、アクリル紡績糸、ポリエステル紡績糸、ポリプロピレン紡績糸）、毛紡績糸（そ毛糸、紡毛糸）、ねん糸、かさ高加工糸、その他の紡績糸（絹紡糸、さく紡糸、絹紡ちゅう糸、麻紡績糸、和紡糸）
D68: 織物 | E68: 綿・スフ織物（合繊短繊維織物を含む。） | F68: 綿織物、ビスコース・スフ織物、化学繊維紡績糸織物、綿・スフ・合成繊維毛布地
E69: 絹・人絹織物（合繊長繊維織物を含む。） | F69: 絹織物、絹紡織物、人絹織物、合成繊維長繊維織物、化学繊維タイヤコード
E70: その他の織物 | F70: 毛織物（そ毛洋服地、その他のそ毛織物、紡毛服地、その他の紡毛織物、その他の毛織物）、麻織物（亜麻織物、ちょ麻織物、黄麻織物、繊維製ホース、麻風合成繊維織物）、細幅織物、その他の織物（モケット等）
D71: ニット生地 | E71: ニット生地 | F71: 丸編ニット生地、たて編ニット生地、横編ニット生地
D72: 染色整理 | E72: 染色整理
D73: その他の繊維工業製品 | E73: その他の繊維工業製品 | F73: 綱・網（ロープ、コード、トワイン、漁網、漁網以外の網地）、他に分類されない繊維工業製品（レース生地・雑品、組ひも、製毛（洗上羊毛、トップ、反毛等）、フェルト、不織布（乾式）、上塗りした織物、防水した織物、その他の繊維粗製品（ふとん類、リリヤン、モール、ふさ類等））
C74: 衣服・その他の繊維既製品 | D74: 織物製・ニット製衣服 | E74: 織物製衣服 | F74: 成人男子・少年服、成人女子・少女服、乳幼児服、シャツ、事務用・作業用・衛生用衣服、スポーツ用衣服、学校服、下着、寝着類、和装製品（既製和服・帯、ショール、足袋類等）
E75: ニット製衣服 | F75: アウターシャツ類、セーター類、その他の外衣・シャツ（成人男子・少年服、成人女子・少女服、乳幼児服、スポーツ用衣服、海水着等）、下着、寝着類、補整着
D76: その他の衣服・身の回り品 | E76: その他の衣服・身の回り品 | F76: ネクタイ、スカーフ、マフラー、ハンカチーフ、靴下、手袋、帽子、毛皮製衣服・身の回り品、なめし革製衣服、繊維製履物
D77: その他の繊維既製品 | E77: 寝具 | F77: ふとん、羽毛ふとん、その他の寝具（寝具用カバー、シーツ、タオルケット、枕、クッション、寝袋等）、毛布
F78: じゅうたん、だん通、タフテッドカーペット、しゅろマット、床マット等の繊維製床敷物
E79: その他の繊維既製品 | F79: 繊維製衛生材料（ガーゼ、包帯、脱脂綿、ばんそうこう（布製）、衛生マスク、三角きん、眼帯、綿棒）、他に分類されない繊維既製品（帆布製品（シート、テント、日よけ等）、繊維製袋（麻袋、綿袋、合成繊維袋等）、刺しゅう製品、タオル、カーテン、テーブルクロス） ※縫いぐるみは「その他の製造工業製品」
B80: パルプ・紙・木製品 | C80: 木材・木製品 | D80: 木材 | E80: 製材 | F80: 板材、ひき割、ひき角、残材
E81: 合板・集合材 | F81: 単板、床板、普通合板、特殊合板、集成材
E82: 木材チップ
D83: その他の木製品 | E83: その他の木製品 | F83: 建設用木製品（造作材、建築用木製組立材料、パーティクルボード、繊維板、銘板、銘木、床柱、床板）、他に分類されない木製品（経木、木毛、たる・おけ材、竹・とう・きりゅう等容器、折箱、木箱、取枠、巻枠、たる、おけ類、薬品処理木材、コルク製品、はし、げた、せいろ、靴型、その他の木・竹・とう・きりゅう等の製品）
C84: 家具・装備品 | D84: 家具・装備品 | E84: 木製家具 | F84: 机、テーブル、いす、流し台、調理台、ガス台、たんす、棚、音響機器用キャビネット、ベッド等の木製家具
E85: 金属製家具 | F85: 机、テーブル、いす、ベッド、流し台、調理台、ガス台、棚、戸棚等の金属製家具
E86: 木製建具 | F86: 雨戸、格子、障子、ふすま
E87: その他の家具・装備品 | F87: ベッド用マットレス、組スプリング、宗教用具、事務所用・店舗用装備品（陳列ケース、アコーディオンカーテン等）、窓用・扉用日よけ（ブラインド等）、日本びょうぶ、衣こう、すだれ、つい立、鏡縁、額縁、黒板、プラスチック製家具、窯業・土石製家具
C88: パルプ・紙・板紙・加工紙 | D88: パルプ | E88: パルプ | F88: 溶解パルプ、製紙パルプ
D89: 紙・板紙 | E89: 洋紙・和紙 | F89: 新聞巻取紙、印刷用紙、情報用紙、包装用紙、衛生用紙、雑種紙、手すき和紙、紙幣用和紙
E90: 板紙 | F90: 段ボール原紙、白板紙、色板紙、建材原紙、その他の板紙
D91: 加工紙 | E91: 段ボール | F91: 段ボール（シート）
E92: 塗工紙・建設用加工紙 | F92: 絶縁紙、絶縁テープ、アスファルト塗工紙、ブックバインディングクロス、その他の塗工紙・加工紙、壁紙、ふすま紙
C93: 紙加工品 | D93: 紙製容器 | E93: 段ボール箱
E94: その他の紙製容器 | F94: 重包装紙袋（セメント袋、米麦袋等）、角底紙袋（ショッピングバッグ、手提紙袋等）、紙箱（折たたみ箱、機械箱、張り合わせ箱等）、その他の紙器（紙筒、紙コップ、紙皿等）
E95: 紙製衛生材料・用品 | F95: 紙製衛生材料（衛生用紙綿、衛生用綿状パルプ等）、紙製衛生用品（紙おむつ、紙タオル、紙ナプキン、生理用品、ティッシュペーパー、トイレットペーパー等）
D96: その他の紙加工品 | E96: その他の紙加工品 | F96: 事務用紙製品、学用紙製品、日用紙製品、セロファン、紙管、紙ひも、紙テープ、ソリッドファイバー製品、バルカナイズドファイバー製品
B97: その他の製造工業製品（1/3） | C97: 印刷・製版・製本 | D97: 印刷・製版・製本 | E97: 印刷・製版・製本 | F97: 印刷（オフセット印刷（平版印刷、デジタル印刷等）、とっ版印刷（活版印刷等）、おう版印刷（スクリーン印刷、グラビア印刷等）、官報印刷、紙幣印刷、紙以外のものに対する印刷（特殊印刷））、製版（写真製版、フォトマスク、活字、鉛版、銅おう版、木版彫刻製版）、製本、印刷物加工、その他の印刷関連、独立行政法人国立印刷局広告料収入
B98: 化学製品 | C98: 化学肥料 | D98: 化学肥料 | E98: 化学肥料 | F98: 窒素質・りん酸質肥料（アンモニア、アンモニア水、尿素、硝酸アンモニウム、石灰窒素、過りん酸石灰、熔成りん肥、重過りん酸石灰、重焼りん）、複合肥料（りん酸アンモニウム（肥料用）、高度化成肥料、普通化成肥料、配合肥料）
C99: 無機化学工業製品 | D99: ソーダ工業製品 | E99: ソーダ工業製品 | F99: ソーダ灰、か性ソーダ、液体塩素、その他のソーダ工業製品（塩素ガス、塩酸ガス、塩酸、高度さらし粉、さらし液、塩素酸ナトリウム）
D100: その他の無機化学工業製品 | E100: 無機顔料 | F100: 酸化チタン、カーボンブラック、その他の無機顔料（亜鉛華、酸化第二鉄、黄鉛、鉛丹、リサージ、カドミウム顔料、銀朱）
E101: 圧縮ガス・液化ガス | F101: 酸素ガス、窒素、アルゴン、水素、溶解アセチレン、炭酸ガス
E102: 塩 | F102: 塩、食卓塩、かん水、にがり
...

Sheet 計算結果（総括表）
B1: 総括表
B3: １ 分析タイトル
B4: =IF(入力!D11="","",入力!D11)
B6: ２ 分析内容
B7: =IF(入力!D13="","",入力!D13)
B10: ３ 入力値 | D10: 設定値 | E10: （単位：万円）
B11: 需要増加額 | E11: =IF(入力!E21+入力!G21=0,"－",(入力!E21+入力!G21)) -> －
B12: 消費転換率 | E12: =入力!J19 -> 0.518
B14: ４ 分析結果 | H14: （単位：万円、人）
E16: 総合波及効果 | F16: 直接効果 | G16: 第１次波及効果 | H16: 第２次波及効果
B17: 生産誘発額 | E17: =IF('計算2-2'!IT6=0,"",'計算2-2'!IT6) | F17: =IF('計算2-2'!C6=0,"",'計算2-2'!C6) | G17: =IF('計算2-2'!HW6=0,"",'計算2-2'!HW6) | H17: =IF('計算2-2'!IM6=0,"",'計算2-2'!IM6)
C18: うち粗付加価値誘発額 | E18: =IF('計算2-2'!IU6=0,"",'計算2-2'!IU6) | F18: =IF('計算2-2'!H6=0,"",'計算2-2'!H6) | G18: =IF('計算2-2'!HX6=0,"",'計算2-2'!HX6) | H18: =IF('計算2-2'!IO6=0,"",'計算2-2'!IO6)
D19: うち雇用者所得誘発額 | E19: =IF('計算2-2'!IV6=0,"",'計算2-2'!IV6) | F19: =IF('計算2-2'!I6=0,"",'計算2-2'!I6) | G19: =IF('計算2-2'!HY6=0,"",'計算2-2'!HY6) | H19: =IF('計算2-2'!IQ6=0,"",'計算2-2'!IQ6)
B20: 就業機会誘発 | E20: =IF('計算2-2'!IW6=0,"",'計算2-2'!IW6) | F20: =IF('計算2-2'!K6=0,"",'計算2-2'!K6) | G20: =IF('計算2-2'!IA6=0,"",'計算2-2'!IA6) | H20: =IF('計算2-2'!IS6=0,"",'計算2-2'!IS6)
B21: 直接効果比 | E21: =E17/F17 -> #VALUE! | F21: ※端数処理のため内訳が合計と一致しない場合があります。

Sheet 計算結果（詳細）
B1: 詳細 | I1: 詳細 | P1: 詳細 | W1: 詳細
D2: 生産誘発額 | K2: 粗付加価値誘発額 | R2: 雇用者所得誘発額 | Y2: 就業機会誘発数
D3: 直接効果 | E3: 第１次波及効果 | F3: 第２次波及効果 | G3: 総合波及効果 | K3: 直接効果 | L3: 第１次波及効果 | M3: 第２次波及効果 | N3: 総合波及効果 | R3: 直接効果 | S3: 第１次波及効果 | T3: 第２次波及効果 | U3: 総合波及効果 | Y3: 直接効果 | Z3: 第１次波及効果 | AA3: 第２次波及効果 | AB3: 総合波及効果
B4: 単位 | D4: 万円 | E4: 万円 | F4: 万円 | G4: 万円 | I4: 単位 | K4: 万円 | L4: 万円 | M4: 万円 | N4: 万円 | P4: 単位 | R4: 万円 | S4: 万円 | T4: 万円 | U4: 万円 | W4: 単位 | Y4: 人 | Z4: 人 | AA4: 人 | AB4: 人
B5: 合計 | D5: =SUM(D6:D113) -> 0 | E5: =SUM(E6:E113) -> 0 | F5: =SUM(F6:F113) -> 0 | G5: =SUM(G6:G113) -> 0 | I5: 合計 | K5: =SUM(K6:K113) -> 0 | L5: =SUM(L6:L113) -> 0 | M5: =SUM(M6:M113) -> 0 | N5: =SUM(N6:N113) -> 0 | P5: 合計 | R5: =SUM(R6:R113) -> 0 | S5: =SUM(S6:S113) -> 0 | T5: =SUM(T6:T113) -> 0 | U5: =SUM(U6:U113) -> 0 | W5: 合計 | Y5: =SUM(Y6:Y113) -> 0 | Z5: =SUM(Z6:Z113) -> 0 | AA5: =SUM(AA6:AA113) -> 0 | AB5: =SUM(AB6:AB113) -> 0
B6: 011 | C6: 耕種農業 | D6: ='計算2-2'!C7 -> 0 | E6: ='計算2-2'!HW7 -> 0 | F6: ='計算2-2'!IM7 -> 0 | G6: ='計算2-2'!IT7 -> 0 | I6: 011 | J6: 耕種農業 | K6: ='計算2-2'!H7 -> 0 | L6: ='計算2-2'!HX7 -> 0 | M6: ='計算2-2'!IO7 -> 0 | N6: ='計算2-2'!IU7 -> 0 | P6: 011 | Q6: 耕種農業 | R6: ='計算2-2'!I7 -> 0 | S6: ='計算2-2'!HY7 -> 0 | T6: ='計算2-2'!IQ7 -> 0 | U6: ='計算2-2'!IV7 -> 0 | W6: 011 | X6: 耕種農業 | Y6: ='計算2-2'!K7 -> 0 | Z6: ='計算2-2'!IA7 -> 0 | AA6: ='計算2-2'!IS7 -> 0 | AB6: ='計算2-2'!IW7 -> 0
B7: 012 | C7: 畜産 | D7: ='計算2-2'!C8 -> 0 | E7: ='計算2-2'!HW8 -> 0 | F7: ='計算2-2'!IM8 -> 0 | G7: ='計算2-2'!IT8 -> 0 | I7: 012 | J7: 畜産 | K7: ='計算2-2'!H8 -> 0 | L7: ='計算2-2'!HX8 -> 0 | M7: ='計算2-2'!IO8 -> 0 | N7: ='計算2-2'!IU8 -> 0 | P7: 012 | Q7: 畜産 | R7: ='計算2-2'!I8 -> 0 | S7: ='計算2-2'!HY8 -> 0 | T7: ='計算2-2'!IQ8 -> 0 | U7: ='計算2-2'!IV8 -> 0 | W7: 012 | X7: 畜産 | Y7: ='計算2-2'!K8 -> 0 | Z7: ='計算2-2'!IA8 -> 0 | AA7: ='計算2-2'!IS8 -> 0 | AB7: ='計算2-2'!IW8 -> 0
B8: 013 | C8: 農業サービス | D8: ='計算2-2'!C9 -> 0 | E8: ='計算2-2'!HW9 -> 0 | F8: ='計算2-2'!IM9 -> 0 | G8: ='計算2-2'!IT9 -> 0 | I8: 013 | J8: 農業サービス | K8: ='計算2-2'!H9 -> 0 | L8: ='計算2-2'!HX9 -> 0 | M8: ='計算2-2'!IO9 -> 0 | N8: ='計算2-2'!IU9 -> 0 | P8: 013 | Q8: 農業サービス | R8: ='計算2-2'!I9 -> 0 | S8: ='計算2-2'!HY9 -> 0 | T8: ='計算2-2'!IQ9 -> 0 | U8: ='計算2-2'!IV9 -> 0 | W8: 013 | X8: 農業サービス | Y8: ='計算2-2'!K9 -> 0 | Z8: ='計算2-2'!IA9 -> 0 | AA8: ='計算2-2'!IS9 -> 0 | AB8: ='計算2-2'!IW9 -> 0
B9: 015 | C9: 林業 | D9: ='計算2-2'!C10 -> 0 | E9: ='計算2-2'!HW10 -> 0 | F9: ='計算2-2'!IM10 -> 0 | G9: ='計算2-2'!IT10 -> 0 | I9: 015 | J9: 林業 | K9: ='計算2-2'!H10 -> 0 | L9: ='計算2-2'!HX10 -> 0 | M9: ='計算2-2'!IO10 -> 0 | N9: ='計算2-2'!IU10 -> 0 | P9: 015 | Q9: 林業 | R9: ='計算2-2'!I10 -> 0 | S9: ='計算2-2'!HY10 -> 0 | T9: ='計算2-2'!IQ10 -> 0 | U9: ='計算2-2'!IV10 -> 0 | W9: 015 | X9: 林業 | Y9: ='計算2-2'!K10 -> 0 | Z9: ='計算2-2'!IA10 -> 0 | AA9: ='計算2-2'!IS10 -> 0 | AB9: ='計算2-2'!IW10 -> 0
B10: 017 | C10: 漁業 | D10: ='計算2-2'!C11 -> 0 | E10: ='計算2-2'!HW11 -> 0 | F10: ='計算2-2'!IM11 -> 0 | G10: ='計算2-2'!IT11 -> 0 | I10: 017 | J10: 漁業 | K10: ='計算2-2'!H11 -> 0 | L10: ='計算2-2'!HX11 -> 0 | M10: ='計算2-2'!IO11 -> 0 | N10: ='計算2-2'!IU11 -> 0 | P10: 017 | Q10: 漁業 | R10: ='計算2-2'!I11 -> 0 | S10: ='計算2-2'!HY11 -> 0 | T10: ='計算2-2'!IQ11 -> 0 | U10: ='計算2-2'!IV11 -> 0 | W10: 017 | X10: 漁業 | Y10: ='計算2-2'!K11 -> 0 | Z10: ='計算2-2'!IA11 -> 0 | AA10: ='計算2-2'!IS11 -> 0 | AB10: ='計算2-2'!IW11 -> 0
B11: 061 | C11: 石炭・原油・天然ガス | D11: ='計算2-2'!C12 -> 0 | E11: ='計算2-2'!HW12 -> 0 | F11: ='計算2-2'!IM12 -> 0 | G11: ='計算2-2'!IT12 -> 0 | I11: 061 | J11: 石炭・原油・天然ガス | K11: ='計算2-2'!H12 -> 0 | L11: ='計算2-2'!HX12 -> 0 | M11: ='計算2-2'!IO12 -> 0 | N11: ='計算2-2'!IU12 -> 0 | P11: 061 | Q11: 石炭・原油・天然ガス | R11: ='計算2-2'!I12 -> 0 | S11: ='計算2-2'!HY12 -> 0 | T11: ='計算2-2'!IQ12 -> 0 | U11: ='計算2-2'!IV12 -> 0 | W11: 061 | X11: 石炭・原油・天然ガス | Y11: ='計算2-2'!K12 -> 0 | Z11: ='計算2-2'!IA12 -> 0 | AA11: ='計算2-2'!IS12 -> 0 | AB11: ='計算2-2'!IW12 -> 0
B12: 062 | C12: その他の鉱業 | D12: ='計算2-2'!C13 -> 0 | E12: ='計算2-2'!HW13 -> 0 | F12: ='計算2-2'!IM13 -> 0 | G12: ='計算2-2'!IT13 -> 0 | I12: 062 | J12: その他の鉱業 | K12: ='計算2-2'!H13 -> 0 | L12: ='計算2-2'!HX13 -> 0 | M12: ='計算2-2'!IO13 -> 0 | N12: ='計算2-2'!IU13 -> 0 | P12: 062 | Q12: その他の鉱業 | R12: ='計算2-2'!I13 -> 0 | S12: ='計算2-2'!HY13 -> 0 | T12: ='計算2-2'!IQ13 -> 0 | U12: ='計算2-2'!IV13 -> 0 | W12: 062 | X12: その他の鉱業 | Y12: ='計算2-2'!K13 -> 0 | Z12: ='計算2-2'!IA13 -> 0 | AA12: ='計算2-2'!IS13 -> 0 | AB12: ='計算2-2'!IW13 -> 0
B13: 111 | C13: 食料品 | D13: ='計算2-2'!C14 -> 0 | E13: ='計算2-2'!HW14 -> 0 | F13: ='計算2-2'!IM14 -> 0 | G13: ='計算2-2'!IT14 -> 0 | I13: 111 | J13: 食料品 | K13: ='計算2-2'!H14 -> 0 | L13: ='計算2-2'!HX14 -> 0 | M13: ='計算2-2'!IO14 -> 0 | N13: ='計算2-2'!IU14 -> 0 | P13: 111 | Q13: 食料品 | R13: ='計算2-2'!I14 -> 0 | S13: ='計算2-2'!HY14 -> 0 | T13: ='計算2-2'!IQ14 -> 0 | U13: ='計算2-2'!IV14 -> 0 | W13: 111 | X13: 食料品 | Y13: ='計算2-2'!K14 -> 0 | Z13: ='計算2-2'!IA14 -> 0 | AA13: ='計算2-2'!IS14 -> 0 | AB13: ='計算2-2'!IW14 -> 0
B14: 112 | C14: 飲料 | D14: ='計算2-2'!C15 -> 0 | E14: ='計算2-2'!HW15 -> 0 | F14: ='計算2-2'!IM15 -> 0 | G14: ='計算2-2'!IT15 -> 0 | I14: 112 | J14: 飲料 | K14: ='計算2-2'!H15 -> 0 | L14: ='計算2-2'!HX15 -> 0 | M14: ='計算2-2'!IO15 -> 0 | N14: ='計算2-2'!IU15 -> 0 | P14: 112 | Q14: 飲料 | R14: ='計算2-2'!I15 -> 0 | S14: ='計算2-2'!HY15 -> 0 | T14: ='計算2-2'!IQ15 -> 0 | U14: ='計算2-2'!IV15 -> 0 | W14: 112 | X14: 飲料 | Y14: ='計算2-2'!K15 -> 0 | Z14: ='計算2-2'!IA15 -> 0 | AA14: ='計算2-2'!IS15 -> 0 | AB14: ='計算2-2'!IW15 -> 0
B15: 113 | C15: 飼料・有機質肥料（別掲を除く。） | D15: ='計算2-2'!C16 -> 0 | E15: ='計算2-2'!HW16 -> 0 | F15: ='計算2-2'!IM16 -> 0 | G15: ='計算2-2'!IT16 -> 0 | I15: 113 | J15: 飼料・有機質肥料（別掲を除く。） | K15: ='計算2-2'!H16 -> 0 | L15: ='計算2-2'!HX16 -> 0 | M15: ='計算2-2'!IO16 -> 0 | N15: ='計算2-2'!IU16 -> 0 | P15: 113 | Q15: 飼料・有機質肥料（別掲を除く。） | R15: ='計算2-2'!I16 -> 0 | S15: ='計算2-2'!HY16 -> 0 | T15: ='計算2-2'!IQ16 -> 0 | U15: ='計算2-2'!IV16 -> 0 | W15: 113 | X15: 飼料・有機質肥料（別掲を除く。） | Y15: ='計算2-2'!K16 -> 0 | Z15: ='計算2-2'!IA16 -> 0 | AA15: ='計算2-2'!IS16 -> 0 | AB15: ='計算2-2'!IW16 -> 0
B16: 114 | C16: たばこ | D16: ='計算2-2'!C17 -> 0 | E16: ='計算2-2'!HW17 -> 0 | F16: ='計算2-2'!IM17 -> 0 | G16: ='計算2-2'!IT17 -> 0 | I16: 114 | J16: たばこ | K16: ='計算2-2'!H17 -> 0 | L16: ='計算2-2'!HX17 -> 0 | M16: ='計算2-2'!IO17 -> 0 | N16: ='計算2-2'!IU17 -> 0 | P16: 114 | Q16: たばこ | R16: ='計算2-2'!I17 -> 0 | S16: ='計算2-2'!HY17 -> 0 | T16: ='計算2-2'!IQ17 -> 0 | U16: ='計算2-2'!IV17 -> 0 | W16: 114 | X16: たばこ | Y16: ='計算2-2'!K17 -> 0 | Z16: ='計算2-2'!IA17 -> 0 | AA16: ='計算2-2'!IS17 -> 0 | AB16: ='計算2-2'!IW17 -> 0
B17: 151 | C17: 繊維工業製品 | D17: ='計算2-2'!C18 -> 0 | E17: ='計算2-2'!HW18 -> 0 | F17: ='計算2-2'!IM18 -> 0 | G17: ='計算2-2'!IT18 -> 0 | I17: 151 | J17: 繊維工業製品 | K17: ='計算2-2'!H18 -> 0 | L17: ='計算2-2'!HX18 -> 0 | M17: ='計算2-2'!IO18 -> 0 | N17: ='計算2-2'!IU18 -> 0 | P17: 151 | Q17: 繊維工業製品 | R17: ='計算2-2'!I18 -> 0 | S17: ='計算2-2'!HY18 -> 0 | T17: ='計算2-2'!IQ18 -> 0 | U17: ='計算2-2'!IV18 -> 0 | W17: 151 | X17: 繊維工業製品 | Y17: ='計算2-2'!K18 -> 0 | Z17: ='計算2-2'!IA18 -> 0 | AA17: ='計算2-2'!IS18 -> 0 | AB17: ='計算2-2'!IW18 -> 0
... B113: 691 | C113: 分類不明 | D113: ='計算2-2'!C114 -> 0 | E113: ='計算2-2'!HW114 -> 0 | F113: ='計算2-2'!IM114 -> 0 | G113: ='計算2-2'!IT114 -> 0 | I113: 691 | J113: 分類不明 | K113: ='計算2-2'!H114 -> 0 | L113: ='計算2-2'!HX114 -> 0 | M113: ='計算2-2'!IO114 -> 0 | N113: ='計算2-2'!IU114 -> 0 | P113: 691 | Q113: 分類不明 | R113: ='計算2-2'!I114 -> 0 | S113: ='計算2-2'!HY114 -> 0 | T113: ='計算2-2'!IQ114 -> 0 | U113: ='計算2-2'!IV114 -> 0 | W113: 691 | X113: 分類不明 | Y113: ='計算2-2'!K114 -> 0 | Z113: ='計算2-2'!IA114 -> 0 | AA113: ='計算2-2'!IS114 -> 0 | AB113: ='計算2-2'!IW114 -> 0

Sheet 計算のフローチャート
A1: 経済波及効果分析のフローチャート
D3: =SUM(入力!E21+入力!G21) -> 0
G4: ※商業マージンは商業部門へ、運賃は運輸部門へ
E5: 自給率
B6: 直 接 効 果
D7: ='計算2-2'!C6 -> 0
E11: 投入係数 | K11: 粗付加価値率
K12: 雇用者所得率
D13: 原材料等投入額 | H13: ='計算2-2'!H6 -> 0
D14: =D7-H13 -> 0 | I14: ='計算2-2'!I6 -> 0
D17: 自給率
D18: 逆行列係数
B19: 第一次波及効果
D20: ='計算2-2'!HW6 -> 0
D23: 投入係数 | K23: 粗付加価値率
K24: 雇用者所得率
D25: 原材料等投入額 | G25: ='計算2-2'!HX6 -> 0
D26: =D20-G25 -> 0 | H26: ='計算2-2'!HY6 -> 0
D30: ='計算2-2'!ID6 -> 0
M32: 消費転換率
M33: ='計算2-2'!IG6 -> 0.518
D35: ='計算2-2'!IH6 -> 0
H37: 民間消費支出パターン
H38: 自給率
H39: 逆行列係数
B40: 第二次波及効果
D41: ='計算2-2'!IM6 -> 0
D44: 投入係数 | K44: 粗付加価値率
K45: 雇用者所得率
D46: 原材料等投入額 | G46: ='計算2-2'!IO6 -> 0
D47: =D41-G46 -> 0 | H47: ='計算2-2'!IQ6 -> 0

Sheet 計算2-1
C2: 【生産増加用】
C4: 直接県内生産 | D4: 最終需要発生 | F4: うち | G4: 最終需要発生 | H4: マージン率 | I4: 貨物運賃率（需要合計） | Q4: マージン | R4: 貨物運賃 | Z4: 皮ハギ後 | AB4: うち | AC4: 県内生産の | AE4: うち | AH4: 万円あたり | AI4: 就業機会
C5: が増加する | D5: 生産者価格 | E5: （県内自給率） | F5: 県内自給分 | G5: 購入者価格 | H5: （需要合計） | I5: 合計 | J5: 鉄道 | K5: 道路 | L5: 沿海内水面 | M5: 港湾運送 | N5: 航空 | O5: 利用運送 | P5: 倉庫 | Q5: （需要合計） | R5: （需要合計） | S5: 鉄道 | T5: 道路 | U5: 沿海内水面 | V5: 港湾運送 | W5: 航空 | X5: 利用運送 | Y5: 倉庫 | Z5: 最終需要 | AA5: （県内自給率） | AB5: 県内自給分 | AC5: 増加計 | AD5: （粗付加価値率） | AE5: 粗付加価値 | AF5: （雇用者所得率） | AG5: うち雇用者所得 | AH5: の就業者数 | AI5: 誘発数
B6: 合計 | C6: 0 | D6: =SUM(D7:D114) -> 0 | F6: =SUM(F7:F114) -> 0 | G6: =SUM(G7:G114) -> 0 | Q6: =SUM(Q7:Q114)-Q76 -> 0 | R6: =SUM(R7:R114)-SUM(R81:R82,R84:R87) -> 0 | S6: =SUM(S7:S114)-S81 -> 0 | T6: =SUM(T7:T114)-T82 -> 0 | U6: =SUM(U7:U114)-U84 -> 0 | V6: =SUM(V7:V114)-V84 -> 0 | W6: =SUM(W7:W114)-W85 -> 0 | X6: =SUM(X7:X114)-X86 -> 0 | Y6: =SUM(Y7:Y114)-Y87 -> 0 | Z6: =SUM(Z7:Z114) -> 0 | AB6: =SUM(AB7:AB114) -> 0 | AC6: =SUM(AC7:AC114) -> 0 | AE6: =SUM(AE7:AE114) -> 0 | AG6: =SUM(AG7:AG114) -> 0 | AI6: =SUM(AI7:AI114) -> 0
A7: 011 | B7: 耕種農業 | C7: 0 | D7: =入力!E22 -> 0 | E7: =IF(入力!F22="",各種係数!C5,入力!F22/100) -> 0.69663046 | F7: =D7*E7 -> 0 | G7: =入力!G22 -> 0 | H7: =IF(各種係数!HV5<0,0,各種係数!HV5) -> 0.29370043 | I7: =IF(各種係数!HX5<0,0,各種係数!HX5) -> 0.06497181 | J7: =IF(各種係数!HY5<0,0,各種係数!HY5) -> 0.00089375475 | K7: =IF(各種係数!HZ5<0,0,各種係数!HZ5) -> 0.03555998 | L7: =IF(各種係数!IA5<0,0,各種係数!IA5) -> 0.0015003222 | M7: =IF(各種係数!IB5<0,0,各種係数!IB5) -> 0.002026965 | N7: =IF(各種係数!IC5<0,0,各種係数!IC5) -> 0.0001292502 | O7: =IF(各種係数!ID5<0,0,各種係数!ID5) -> 0.003082402 | P7: =IF(各種係数!IE5<0,0,各種係数!IE5) -> 0.021779136 | Q7: =$G7*H7 -> 0 | R7: =$G7*I7 -> 0 | S7: =$G7*J7 -> 0 | T7: =$G7*K7 -> 0 | U7: =$G7*L7 -> 0 | V7: =$G7*M7 -> 0 | W7: =$G7*N7 -> 0 | X7: =$G7*O7 -> 0 | Y7: =$G7*P7 -> 0 | Z7: =G7-Q7-R7 -> 0 | AA7: =IF(入力!H22="",各種係数!C5,入力!H22/100) -> 0.69663046 | AB7: =Z7*AA7 -> 0 | AC7: =C7+F7+AB7 -> 0 | AD7: =各種係数!E5 -> 0.56189099 | AE7: =AC7*AD7 -> 0 | AF7: =各種係数!F5 -> 0.13685646 | AG7: =AC7*AF7 -> 0 | AH7: =各種係数!HT5 -> 0.0021996944 | AI7: =AC7*AH7 -> 0
A8: 012 | B8: 畜産 | C8: 0 | D8: =入力!E23 -> 0 | E8: =IF(入力!F23="",各種係数!C6,入力!F23/100) -> 0.3180563 | F8: =D8*E8 -> 0 | G8: =入力!G23 -> 0 | H8: =IF(各種係数!HV6<0,0,各種係数!HV6) -> 0.06120923 | I8: =IF(各種係数!HX6<0,0,各種係数!HX6) -> 0.022064325 | J8: =IF(各種係数!HY6<0,0,各種係数!HY6) -> 8.2009167e-06 | K8: =IF(各種係数!HZ6<0,0,各種係数!HZ6) -> 0.019643366 | L8: =IF(各種係数!IA6<0,0,各種係数!IA6) -> 0 | M8: =IF(各種係数!IB6<0,0,各種係数!IB6) -> 0.00024506269 | N8: =IF(各種係数!IC6<0,0,各種係数!IC6) -> 0 | O8: =IF(各種係数!ID6<0,0,各種係数!ID6) -> 0.0010919279 | P8: =IF(各種係数!IE6<0,0,各種係数!IE6) -> 0.0010757673 | Q8: =$G8*H8 -> 0 | R8: =$G8*I8 -> 0 | S8: =$G8*J8 -> 0 | T8: =$G8*K8 -> 0 | U8: =$G8*L8 -> 0 | V8: =$G8*M8 -> 0 | W8: =$G8*N8 -> 0 | X8: =$G8*O8 -> 0 | Y8: =$G8*P8 -> 0 | Z8: =G8-Q8-R8 -> 0 | AA8: =IF(入力!H23="",各種係数!C6,入力!H23/100) -> 0.3180563 | AB8: =Z8*AA8 -> 0 | AC8: =C8+F8+AB8 -> 0 | AD8: =各種係数!E6 -> 0.2727167 | AE8: =AC8*AD8 -> 0 | AF8: =各種係数!F6 -> 0.096448589 | AG8: =AC8*AF8 -> 0 | AH8: =各種係数!HT6 -> 0.00045049655 | AI8: =AC8*AH8 -> 0
A9: 013 | B9: 農業サービス | C9: 0 | D9: =入力!E24 -> 0 | E9: =IF(入力!F24="",各種係数!C7,入力!F24/100) -> 1 | F9: =D9*E9 -> 0 | G9: =入力!G24 -> 0 | H9: =IF(各種係数!HV7<0,0,各種係数!HV7) -> 0 | I9: =IF(各種係数!HX7<0,0,各種係数!HX7) -> 0 | J9: =IF(各種係数!HY7<0,0,各種係数!HY7) -> 0 | K9: =IF(各種係数!HZ7<0,0,各種係数!HZ7) -> 0 | L9: =IF(各種係数!IA7<0,0,各種係数!IA7) -> 0 | M9: =IF(各種係数!IB7<0,0,各種係数!IB7) -> 0 | N9: =IF(各種係数!IC7<0,0,各種係数!IC7) -> 0 | O9: =IF(各種係数!ID7<0,0,各種係数!ID7) -> 0 | P9: =IF(各種係数!IE7<0,0,各種係数!IE7) -> 0 | Q9: =$G9*H9 -> 0 | R9: =$G9*I9 -> 0 | S9: =$G9*J9 -> 0 | T9: =$G9*K9 -> 0 | U9: =$G9*L9 -> 0 | V9: =$G9*M9 -> 0 | W9: =$G9*N9 -> 0 | X9: =$G9*O9 -> 0 | Y9: =$G9*P9 -> 0 | Z9: =G9-Q9-R9 -> 0 | AA9: =IF(入力!H24="",各種係数!C7,入力!H24/100) -> 1 | AB9: =Z9*AA9 -> 0 | AC9: =C9+F9+AB9 -> 0 | AD9: =各種係数!E7 -> 0.62862658 | AE9: =AC9*AD9 -> 0 | AF9: =各種係数!F7 -> 0.18191688 | AG9: =AC9*AF9 -> 0 | AH9: =各種係数!HT7 -> 0.00074190241 | AI9: =AC9*AH9 -> 0
A10: 015 | B10: 林業 | C10: 0 | D10: =入力!E25 -> 0 | E10: =IF(入力!F25="",各種係数!C8,入力!F25/100) -> 0.86501193 | F10: =D10*E10 -> 0 | G10: =入力!G25 -> 0 | H10: =IF(各種係数!HV8<0,0,各種係数!HV8) -> 0.24143175 | I10: =IF(各種係数!HX8<0,0,各種係数!HX8) -> 0.039969837 | J10: =IF(各種係数!HY8<0,0,各種係数!HY8) -> 2.7834736e-05 | K10: =IF(各種係数!HZ8<0,0,各種係数!HZ8) -> 0.024053429 | L10: =IF(各種係数!IA8<0,0,各種係数!IA8) -> 0.0017898579 | M10: =IF(各種係数!IB8<0,0,各種係数!IB8) -> 0.0060899028 | N10: =IF(各種係数!IC8<0,0,各種係数!IC8) -> 3.3739074e-05 | O10: =IF(各種係数!ID8<0,0,各種係数!ID8) -> 0.0011901458 | P10: =IF(各種係数!IE8<0,0,各種係数!IE8) -> 0.0067849277 | Q10: =$G10*H10 -> 0 | R10: =$G10*I10 -> 0 | S10: =$G10*J10 -> 0 | T10: =$G10*K10 -> 0 | U10: =$G10*L10 -> 0 | V10: =$G10*M10 -> 0 | W10: =$G10*N10 -> 0 | X10: =$G10*O10 -> 0 | Y10: =$G10*P10 -> 0 | Z10: =G10-Q10-R10 -> 0 | AA10: =IF(入力!H25="",各種係数!C8,入力!H25/100) -> 0.86501193 | AB10: =Z10*AA10 -> 0 | AC10: =C10+F10+AB10 -> 0 | AD10: =各種係数!E8 -> 0.58557783 | AE10: =AC10*AD10 -> 0 | AF10: =各種係数!F8 -> 0.41554083 | AG10: =AC10*AF10 -> 0 | AH10: =各種係数!HT8 -> 0.0019060322 | AI10: =AC10*AH10 -> 0
A11: 017 | B11: 漁業 | C11: 0 | D11: =入力!E26 -> 0 | E11: =IF(入力!F26="",各種係数!C9,入力!F26/100) -> 0.46249767 | F11: =D11*E11 -> 0 | G11: =入力!G26 -> 0 | H11: =IF(各種係数!HV9<0,0,各種係数!HV9) -> 0.29613491 | I11: =IF(各種係数!HX9<0,0,各種係数!HX9) -> 0.042867469 | J11: =IF(各種係数!HY9<0,0,各種係数!HY9) -> 8.9923668e-06 | K11: =IF(各種係数!HZ9<0,0,各種係数!HZ9) -> 0.02690302 | L11: =IF(各種係数!IA9<0,0,各種係数!IA9) -> 0 | M11: =IF(各種係数!IB9<0,0,各種係数!IB9) -> 0.00057508327 | N11: =IF(各種係数!IC9<0,0,各種係数!IC9) -> 0.00034856126 | O11: =IF(各種係数!ID9<0,0,各種係数!ID9) -> 0.0033044807 | P11: =IF(各種係数!IE9<0,0,各種係数!IE9) -> 0.011727331 | Q11: =$G11*H11 -> 0 | R11: =$G11*I11 -> 0 | S11: =$G11*J11 -> 0 | T11: =$G11*K11 -> 0 | U11: =$G11*L11 -> 0 | V11: =$G11*M11 -> 0 | W11: =$G11*N11 -> 0 | X11: =$G11*O11 -> 0 | Y11: =$G11*P11 -> 0 | Z11: =G11-Q11-R11 -> 0 | AA11: =IF(入力!H26="",各種係数!C9,入力!H26/100) -> 0.46249767 | AB11: =Z11*AA11 -> 0 | AC11: =C11+F11+AB11 -> 0 | AD11: =各種係数!E9 -> 0.62632777 | AE11: =AC11*AD11 -> 0 | AF11: =各種係数!F9 -> 0.17792109 | AG11: =AC11*AF11 -> 0 | AH11: =各種係数!HT9 -> 0.0015402124 | AI11: =AC11*AH11 -> 0
A12: 061 | B12: 石炭・原油・天然ガス | C12: 0 | D12: =入力!E27 -> 0 | E12: =IF(入力!F27="",各種係数!C10,入力!F27/100) -> 0.0082353378 | F12: =D12*E12 -> 0 | G12: =入力!G27 -> 0 | H12: =IF(各種係数!HV10<0,0,各種係数!HV10) -> 0.010606318 | I12: =IF(各種係数!HX10<0,0,各種係数!HX10) -> 0.061420755 | J12: =IF(各種係数!HY10<0,0,各種係数!HY10) -> 1.3156973e-05 | K12: =IF(各種係数!HZ10<0,0,各種係数!HZ10) -> 0.016114677 | L12: =IF(各種係数!IA10<0,0,各種係数!IA10) -> 0.0054889912 | M12: =IF(各種係数!IB10<0,0,各種係数!IB10) -> 0.0097359968 | N12: =IF(各種係数!IC10<0,0,各種係数!IC10) -> 0 | O12: =IF(各種係数!ID10<0,0,各種係数!ID10) -> 0.0015014476 | P12: =IF(各種係数!IE10<0,0,各種係数!IE10) -> 0.028566486 | Q12: =$G12*H12 -> 0 | R12: =$G12*I12 -> 0 | S12: =$G12*J12 -> 0 | T12: =$G12*K12 -> 0 | U12: =$G12*L12 -> 0 | V12: =$G12*M12 -> 0 | W12: =$G12*N12 -> 0 | X12: =$G12*O12 -> 0 | Y12: =$G12*P12 -> 0 | Z12: =G12-Q12-R12 -> 0 | AA12: =IF(入力!H27="",各種係数!C10,入力!H27/100) -> 0.0082353378 | AB12: =Z12*AA12 -> 0 | AC12: =C12+F12+AB12 -> 0 | AD12: =各種係数!E10 -> 0.58783784 | AE12: =AC12*AD12 -> 0 | AF12: =各種係数!F10 -> 0.1036036 | AG12: =AC12*AF12 -> 0 | AH12: =各種係数!HT10 -> 0.00013513514 | AI12: =AC12*AH12 -> 0
A13: 062 | B13: その他の鉱業 | C13: 0 | D13: =入力!E28 -> 0 | E13: =IF(入力!F28="",各種係数!C11,入力!F28/100) -> 0.16315745 | F13: =D13*E13 -> 0 | G13: =入力!G28 -> 0 | H13: =IF(各種係数!HV11<0,0,各種係数!HV11) -> 0.020165343 | I13: =IF(各種係数!HX11<0,0,各種係数!HX11) -> 0.12254657 | J13: =IF(各種係数!HY11<0,0,各種係数!HY11) -> 0.000523942 | K13: =IF(各種係数!HZ11<0,0,各種係数!HZ11) -> 0.05989696 | L13: =IF(各種係数!IA11<0,0,各種係数!IA11) -> 0.0071955446 | M13: =IF(各種係数!IB11<0,0,各種係数!IB11) -> 0.02516737 | N13: =IF(各種係数!IC11<0,0,各種係数!IC11) -> 0 | O13: =IF(各種係数!ID11<0,0,各種係数!ID11) -> 0.0043982082 | P13: =IF(各種係数!IE11<0,0,各種係数!IE11) -> 0.025364546 | Q13: =$G13*H13 -> 0 | R13: =$G13*I13 -> 0 | S13: =$G13*J13 -> 0 | T13: =$G13*K13 -> 0 | U13: =$G13*L13 -> 0 | V13: =$G13*M13 -> 0 | W13: =$G13*N13 -> 0 | X13: =$G13*O13 -> 0 | Y13: =$G13*P13 -> 0 | Z13: =G13-Q13-R13 -> 0 | AA13: =IF(入力!H28="",各種係数!C11,入力!H28/100) -> 0.16315745 | AB13: =Z13*AA13 -> 0 | AC13: =C13+F13+AB13 -> 0 | AD13: =各種係数!E11 -> 0.52042254 | AE13: =AC13*AD13 -> 0 | AF13: =各種係数!F11 -> 0.3 | AG13: =AC13*AF13 -> 0 | AH13: =各種係数!HT11 -> 0.00075 | AI13: =AC13*AH13 -> 0
A14: 111 | B14: 食料品 | C14: 0 | D14: =入力!E29 -> 0 | E14: =IF(入力!F29="",各種係数!C12,入力!F29/100) -> 0.25667884 | F14: =D14*E14 -> 0 | G14: =入力!G29 -> 0 | H14: =IF(各種係数!HV12<0,0,各種係数!HV12) -> 0.33024554 | I14: =IF(各種係数!HX12<0,0,各種係数!HX12) -> 0.031955547 | J14: =IF(各種係数!HY12<0,0,各種係数!HY12) -> 0.00025414926 | K14: =IF(各種係数!HZ12<0,0,各種係数!HZ12) -> 0.02368773 | L14: =IF(各種係数!IA12<0,0,各種係数!IA12) -> 0.00019194581 | M14: =IF(各種係数!IB12<0,0,各種係数!IB12) -> 0.00026675355 | N14: =IF(各種係数!IC12<0,0,各種係数!IC12) -> 3.3964648e-05 | O14: =IF(各種係数!ID12<0,0,各種係数!ID12) -> 0.0015457354 | P14: =IF(各種係数!IE12<0,0,各種係数!IE12) -> 0.0059752683 | Q14: =$G14*H14 -> 0 | R14: =$G14*I14 -> 0 | S14: =$G14*J14 -> 0 | T14: =$G14*K14 -> 0 | U14: =$G14*L14 -> 0 | V14: =$G14*M14 -> 0 | W14: =$G14*N14 -> 0 | X14: =$G14*O14 -> 0 | Y14: =$G14*P14 -> 0 | Z14: =G14-Q14-R14 -> 0 | AA14: =IF(入力!H29="",各種係数!C12,入力!H29/100) -> 0.25667884 | AB14: =Z14*AA14 -> 0 | AC14: =C14+F14+AB14 -> 0 | AD14: =各種係数!E12 -> 0.3176902 | AE14: =AC14*AD14 -> 0 | AF14: =各種係数!F12 -> 0.146543 | AG14: =AC14*AF14 -> 0 | AH14: =各種係数!HT12 -> 0.00051099205 | AI14: =AC14*AH14 -> 0
A15: 112 | B15: 飲料 | C15: 0 | D15: =入力!E30 -> 0 | E15: =IF(入力!F30="",各種係数!C13,入力!F30/100) -> 0.075791099 | F15: =D15*E15 -> 0 | G15: =入力!G30 -> 0 | H15: =IF(各種係数!HV13<0,0,各種係数!HV13) -> 0.32523801 | I15: =IF(各種係数!HX13<0,0,各種係数!HX13) -> 0.044324817 | J15: =IF(各種係数!HY13<0,0,各種係数!HY13) -> 0.00046190082 | K15: =IF(各種係数!HZ13<0,0,各種係数!HZ13) -> 0.036531443 | L15: =IF(各種係数!IA13<0,0,各種係数!IA13) -> 0.00013534538 | M15: =IF(各種係数!IB13<0,0,各種係数!IB13) -> 0.00023556446 | N15: =IF(各種係数!IC13<0,0,各種係数!IC13) -> 1.6471651e-05 | O15: =IF(各種係数!ID13<0,0,各種係数!ID13) -> 0.0023887863 | P15: =IF(各種係数!IE13<0,0,各種係数!IE13) -> 0.0045553046 | Q15: =$G15*H15 -> 0 | R15: =$G15*I15 -> 0 | S15: =$G15*J15 -> 0 | T15: =$G15*K15 -> 0 | U15: =$G15*L15 -> 0 | V15: =$G15*M15 -> 0 | W15: =$G15*N15 -> 0 | X15: =$G15*O15 -> 0 | Y15: =$G15*P15 -> 0 | Z15: =G15-Q15-R15 -> 0 | AA15: =IF(入力!H30="",各種係数!C13,入力!H30/100) -> 0.075791099 | AB15: =Z15*AA15 -> 0 | AC15: =C15+F15+AB15 -> 0 | AD15: =各種係数!E13 -> 0.26264296 | AE15: =AC15*AD15 -> 0 | AF15: =各種係数!F13 -> 0.17965743 | AG15: =AC15*AF15 -> 0 | AH15: =各種係数!HT13 -> 0.00047915876 | AI15: =AC15*AH15 -> 0
A16: 113 | B16: 飼料・有機質肥料（別掲を除く。） | C16: 0 | D16: =入力!E31 -> 0 | E16: =IF(入力!F31="",各種係数!C14,入力!F31/100) -> 0.018157245 | F16: =D16*E16 -> 0 | G16: =入力!G31 -> 0 | H16: =IF(各種係数!HV14<0,0,各種係数!HV14) -> 0.28295379 | I16: =IF(各種係数!HX14<0,0,各種係数!HX14) -> 0.092788724 | J16: =IF(各種係数!HY14<0,0,各種係数!HY14) -> 0.00019034387 | K16: =IF(各種係数!HZ14<0,0,各種係数!HZ14) -> 0.068519322 | L16: =IF(各種係数!IA14<0,0,各種係数!IA14) -> 0.0044322929 | M16: =IF(各種係数!IB14<0,0,各種係数!IB14) -> 0.0034470492 | N16: =IF(各種係数!IC14<0,0,各種係数!IC14) -> 0 | O16: =IF(各種係数!ID14<0,0,各種係数!ID14) -> 0.0040679949 | P16: =IF(各種係数!IE14<0,0,各種係数!IE14) -> 0.012131721 | Q16: =$G16*H16 -> 0 | R16: =$G16*I16 -> 0 | S16: =$G16*J16 -> 0 | T16: =$G16*K16 -> 0 | U16: =$G16*L16 -> 0 | V16: =$G16*M16 -> 0 | W16: =$G16*N16 -> 0 | X16: =$G16*O16 -> 0 | Y16: =$G16*P16 -> 0 | Z16: =G16-Q16-R16 -> 0 | AA16: =IF(入力!H31="",各種係数!C14,入力!H31/100) -> 0.018157245 | AB16: =Z16*AA16 -> 0 | AC16: =C16+F16+AB16 -> 0 | AD16: =各種係数!E14 -> 0.67744419 | AE16: =AC16*AD16 -> 0 | AF16: =各種係数!F14 -> 0.086220169 | AG16: =AC16*AF16 -> 0 | AH16: =各種係数!HT14 -> 0.0001308699 | AI16: =AC16*AH16 -> 0
A17: 114 | B17: たばこ | C17: 0 | D17: =入力!E32 -> 0 | E17: =IF(入力!F32="",各種係数!C15,入力!F32/100) -> 0 | F17: =D17*E17 -> 0 | G17: =入力!G32 -> 0 | H17: =IF(各種係数!HV15<0,0,各種係数!HV15) -> 0.18205095 | I17: =IF(各種係数!HX15<0,0,各種係数!HX15) -> 0.014156966 | J17: =IF(各種係数!HY15<0,0,各種係数!HY15) -> 0.00028685892 | K17: =IF(各種係数!HZ15<0,0,各種係数!HZ15) -> 0.0096384597 | L17: =IF(各種係数!IA15<0,0,各種係数!IA15) -> 0.00012669602 | M17: =IF(各種係数!IB15<0,0,各種係数!IB15) -> 0.00014151707 | N17: =IF(各種係数!IC15<0,0,各種係数!IC15) -> 1.5538192e-05 | O17: =IF(各種係数!ID15<0,0,各種係数!ID15) -> 0.00080583452 | P17: =IF(各種係数!IE15<0,0,各種係数!IE15) -> 0.0031420614 | Q17: =$G17*H17 -> 0 | R17: =$G17*I17 -> 0 | S17: =$G17*J17 -> 0 | T17: =$G17*K17 -> 0 | U17: =$G17*L17 -> 0 | V17: =$G17*M17 -> 0 | W17: =$G17*N17 -> 0 | X17: =$G17*O17 -> 0 | Y17: =$G17*P17 -> 0 | Z17: =G17-Q17-R17 -> 0 | AA17: =IF(入力!H32="",各種係数!C15,入力!H32/100) -> 0 | AB17: =Z17*AA17 -> 0 | AC17: =C17+F17+AB17 -> 0 | AD17: =各種係数!E15 -> 0 | AE17: =AC17*AD17 -> 0 | AF17: =各種係数!F15 -> 0 | AG17: =AC17*AF17 -> 0 | AH17: =各種係数!HT15 -> 0 | AI17: =AC17*AH17 -> 0
A18: 151 | B18: 繊維工業製品 | C18: 0 | D18: =入力!E33 -> 0 | E18: =IF(入力!F33="",各種係数!C16,入力!F33/100) -> 0.12746912 | F18: =D18*E18 -> 0 | G18: =入力!G33 -> 0 | H18: =IF(各種係数!HV16<0,0,各種係数!HV16) -> 0.19104747 | I18: =IF(各種係数!HX16<0,0,各種係数!HX16) -> 0.021675912 | J18: =IF(各種係数!HY16<0,0,各種係数!HY16) -> 0.00017282036 | K18: =IF(各種係数!HZ16<0,0,各種係数!HZ16) -> 0.012029493 | L18: =IF(各種係数!IA16<0,0,各種係数!IA16) -> 2.7173012e-06 | M18: =IF(各種係数!IB16<0,0,各種係数!IB16) -> 0.00020488451 | N18: =IF(各種係数!IC16<0,0,各種係数!IC16) -> 8.1519037e-06 | O18: =IF(各種係数!ID16<0,0,各種係数!ID16) -> 0.00075269244 | P18: =IF(各種係数!IE16<0,0,各種係数!IE16) -> 0.0085051528 | Q18: =$G18*H18 -> 0 | R18: =$G18*I18 -> 0 | S18: =$G18*J18 -> 0 | T18: =$G18*K18 -> 0 | U18: =$G18*L18 -> 0 | V18: =$G18*M18 -> 0 | W18: =$G18*N18 -> 0 | X18: =$G18*O18 -> 0 | Y18: =$G18*P18 -> 0 | Z18: =G18-Q18-R18 -> 0 | AA18: =IF(入力!H33="",各種係数!C16,入力!H33/100) -> 0.12746912 | AB18: =Z18*AA18 -> 0 | AC18: =C18+F18+AB18 -> 0 | AD18: =各種係数!E16 -> 0.37202483 | AE18: =AC18*AD18 -> 0 | AF18: =各種係数!F16 -> 0.16929769 | AG18: =AC18*AF18 -> 0 | AH18: =各種係数!HT16 -> 0.0007076878 | AI18: =AC18*AH18 -> 0
... A75: 481 | B75: 廃棄物処理 | C75: 0 | D75: =入力!E90 -> 0 | E75: =IF(入力!F90="",各種係数!C73,入力!F90/100) -> 0.88986426 | F75: =D75*E75 -> 0 | G75: =入力!G90 -> 0 | H75: =IF(各種係数!HV73<0,0,各種係数!HV73) -> 0 | I75: =IF(各種係数!HX73<0,0,各種係数!HX73) -> 0 | J75: =IF(各種係数!HY73<0,0,各種係数!HY73) -> 0 | K75: =IF(各種係数!HZ73<0,0,各種係数!HZ73) -> 0 | L75: =IF(各種係数!IA73<0,0,各種係数!IA73) -> 0 | M75: =IF(各種係数!IB73<0,0,各種係数!IB73) -> 0 | N75: =IF(各種係数!IC73<0,0,各種係数!IC73) -> 0 | O75: =IF(各種係数!ID73<0,0,各種係数!ID73) -> 0 | P75: =IF(各種係数!IE73<0,0,各種係数!IE73) -> 0 | Q75: =$G75*H75 -> 0 | R75: =$G75*I75 -> 0 | S75: =$G75*J75 -> 0 | T75: =$G75*K75 -> 0 | U75: =$G75*L75 -> 0 | V75: =$G75*M75 -> 0 | W75: =$G75*N75 -> 0 | X75: =$G75*O75 -> 0 | Y75: =$G75*P75 -> 0 | Z75: =G75-Q75-R75 -> 0 | AA75: =IF(入力!H90="",各種係数!C73,入力!H90/100) -> 0.88986426 | AB75: =Z75*AA75 -> 0 | AC75: =C75+F75+AB75 -> 0 | AD75: =各種係数!E73 -> 0.67891634 | AE75: =AC75*AD75 -> 0 | AF75: =各種係数!F73 -> 0.51704612 | AG75: =AC75*AF75 -> 0 | AH75: =各種係数!HT73 -> 0.0010506923 | AI75: =AC75*AH75 -> 0
A76: 511 | B76: 商業 | C76: 0 | D76: =入力!E91 -> 0 | E76: =IF(入力!F91="",各種係数!C74,入力!F91/100) -> 0.64710973 | F76: =D76*E76 -> 0 | G76: =入力!G91 -> 0 | H76: =IF(各種係数!HV74<0,0,各種係数!HV74) -> 0 | I76: =IF(各種係数!HX74<0,0,各種係数!HX74) -> 0 | J76: =IF(各種係数!HY74<0,0,各種係数!HY74) -> 0 | K76: =IF(各種係数!HZ74<0,0,各種係数!HZ74) -> 0 | L76: =IF(各種係数!IA74<0,0,各種係数!IA74) -> 0 | M76: =IF(各種係数!IB74<0,0,各種係数!IB74) -> 0 | N76: =IF(各種係数!IC74<0,0,各種係数!IC74) -> 0 | O76: =IF(各種係数!ID74<0,0,各種係数!ID74) -> 0 | P76: =IF(各種係数!IE74<0,0,各種係数!IE74) -> 0 | Q76: =$G76*H76 -> 0 | R76: =$G76*I76 -> 0 | S76: =$G76*J76 -> 0 | T76: =$G76*K76 -> 0 | U76: =$G76*L76 -> 0 | V76: =$G76*M76 -> 0 | W76: =$G76*N76 -> 0 | X76: =$G76*O76 -> 0 | Y76: =$G76*P76 -> 0 | Z76: =G76+$Q$6-R76 -> 0 | AA76: =IF(入力!H91="",各種係数!C74,入力!H91/100) -> 0.64710973 | AB76: =Z76*AA76 -> 0 | AC76: =C76+F76+AB76 -> 0 | AD76: =各種係数!E74 -> 0.72188596 | AE76: =AC76*AD76 -> 0 | AF76: =各種係数!F74 -> 0.43644774 | AG76: =AC76*AF76 -> 0 | AH76: =各種係数!HT74 -> 0.0015061027 | AI76: =AC76*AH76 -> 0
A77: 531 | B77: 金融・保険 | C77: 0 | D77: =入力!E92 -> 0 | E77: =IF(入力!F92="",各種係数!C75,入力!F92/100) -> 0.6209899 | F77: =D77*E77 -> 0 | G77: =入力!G92 -> 0 | H77: =IF(各種係数!HV75<0,0,各種係数!HV75) -> 0 | I77: =IF(各種係数!HX75<0,0,各種係数!HX75) -> 0 | J77: =IF(各種係数!HY75<0,0,各種係数!HY75) -> 0 | K77: =IF(各種係数!HZ75<0,0,各種係数!HZ75) -> 0 | L77: =IF(各種係数!IA75<0,0,各種係数!IA75) -> 0 | M77: =IF(各種係数!IB75<0,0,各種係数!IB75) -> 0 | N77: =IF(各種係数!IC75<0,0,各種係数!IC75) -> 0 | O77: =IF(各種係数!ID75<0,0,各種係数!ID75) -> 0 | P77: =IF(各種係数!IE75<0,0,各種係数!IE75) -> 0 | Q77: =$G77*H77 -> 0 | R77: =$G77*I77 -> 0 | S77: =$G77*J77 -> 0 | T77: =$G77*K77 -> 0 | U77: =$G77*L77 -> 0 | V77: =$G77*M77 -> 0 | W77: =$G77*N77 -> 0 | X77: =$G77*O77 -> 0 | Y77: =$G77*P77 -> 0 | Z77: =G77-Q77-R77 -> 0 | AA77: =IF(入力!H92="",各種係数!C75,入力!H92/100) -> 0.6209899 | AB77: =Z77*AA77 -> 0 | AC77: =C77+F77+AB77 -> 0 | AD77: =各種係数!E75 -> 0.63254057 | AE77: =AC77*AD77 -> 0 | AF77: =各種係数!F75 -> 0.30811597 | AG77: =AC77*AF77 -> 0 | AH77: =各種係数!HT75 -> 0.00053104528 | AI77: =AC77*AH77 -> 0
A78: 551 | B78: 不動産仲介及び賃貸 | C78: 0 | D78: =入力!E93 -> 0 | E78: =IF(入力!F93="",各種係数!C76,入力!F93/100) -> 1 | F78: =D78*E78 -> 0 | G78: =入力!G93 -> 0 | H78: =IF(各種係数!HV76<0,0,各種係数!HV76) -> 0 | I78: =IF(各種係数!HX76<0,0,各種係数!HX76) -> 0 | J78: =IF(各種係数!HY76<0,0,各種係数!HY76) -> 0 | K78: =IF(各種係数!HZ76<0,0,各種係数!HZ76) -> 0 | L78: =IF(各種係数!IA76<0,0,各種係数!IA76) -> 0 | M78: =IF(各種係数!IB76<0,0,各種係数!IB76) -> 0 | N78: =IF(各種係数!IC76<0,0,各種係数!IC76) -> 0 | O78: =IF(各種係数!ID76<0,0,各種係数!ID76) -> 0 | P78: =IF(各種係数!IE76<0,0,各種係数!IE76) -> 0 | Q78: =$G78*H78 -> 0 | R78: =$G78*I78 -> 0 | S78: =$G78*J78 -> 0 | T78: =$G78*K78 -> 0 | U78: =$G78*L78 -> 0 | V78: =$G78*M78 -> 0 | W78: =$G78*N78 -> 0 | X78: =$G78*O78 -> 0 | Y78: =$G78*P78 -> 0 | Z78: =G78-Q78-R78 -> 0 | AA78: =IF(入力!H93="",各種係数!C76,入力!H93/100) -> 1 | AB78: =Z78*AA78 -> 0 | AC78: =C78+F78+AB78 -> 0 | AD78: =各種係数!E76 -> 0.76950859 | AE78: =AC78*AD78 -> 0 | AF78: =各種係数!F76 -> 0.21414031 | AG78: =AC78*AF78 -> 0 | AH78: =各種係数!HT76 -> 0.00052664989 | AI78: =AC78*AH78 -> 0
A79: 552 | B79: 住宅賃貸料 | C79: 0 | D79: =入力!E94 -> 0 | E79: =IF(入力!F94="",各種係数!C77,入力!F94/100) -> 1 | F79: =D79*E79 -> 0 | G79: =入力!G94 -> 0 | H79: =IF(各種係数!HV77<0,0,各種係数!HV77) -> 0 | I79: =IF(各種係数!HX77<0,0,各種係数!HX77) -> 0 | J79: =IF(各種係数!HY77<0,0,各種係数!HY77) -> 0 | K79: =IF(各種係数!HZ77<0,0,各種係数!HZ77) -> 0 | L79: =IF(各種係数!IA77<0,0,各種係数!IA77) -> 0 | M79: =IF(各種係数!IB77<0,0,各種係数!IB77) -> 0 | N79: =IF(各種係数!IC77<0,0,各種係数!IC77) -> 0 | O79: =IF(各種係数!ID77<0,0,各種係数!ID77) -> 0 | P79: =IF(各種係数!IE77<0,0,各種係数!IE77) -> 0 | Q79: =$G79*H79 -> 0 | R79: =$G79*I79 -> 0 | S79: =$G79*J79 -> 0 | T79: =$G79*K79 -> 0 | U79: =$G79*L79 -> 0 | V79: =$G79*M79 -> 0 | W79: =$G79*N79 -> 0 | X79: =$G79*O79 -> 0 | Y79: =$G79*P79 -> 0 | Z79: =G79-Q79-R79 -> 0 | AA79: =IF(入力!H94="",各種係数!C77,入力!H94/100) -> 1 | AB79: =Z79*AA79 -> 0 | AC79: =C79+F79+AB79 -> 0 | AD79: =各種係数!E77 -> 0.72533269 | AE79: =AC79*AD79 -> 0 | AF79: =各種係数!F77 -> 0.15717374 | AG79: =AC79*AF79 -> 0 | AH79: =各種係数!HT77 -> 0.00050080143 | AI79: =AC79*AH79 -> 0
A80: 553 | B80: 住宅賃貸料（帰属家賃） | C80: 0 | D80: =入力!E95 -> 0 | E80: =IF(入力!F95="",各種係数!C78,入力!F95/100) -> 1 | F80: =D80*E80 -> 0 | G80: =入力!G95 -> 0 | H80: =IF(各種係数!HV78<0,0,各種係数!HV78) -> 0 | I80: =IF(各種係数!HX78<0,0,各種係数!HX78) -> 0 | J80: =IF(各種係数!HY78<0,0,各種係数!HY78) -> 0 | K80: =IF(各種係数!HZ78<0,0,各種係数!HZ78) -> 0 | L80: =IF(各種係数!IA78<0,0,各種係数!IA78) -> 0 | M80: =IF(各種係数!IB78<0,0,各種係数!IB78) -> 0 | N80: =IF(各種係数!IC78<0,0,各種係数!IC78) -> 0 | O80: =IF(各種係数!ID78<0,0,各種係数!ID78) -> 0 | P80: =IF(各種係数!IE78<0,0,各種係数!IE78) -> 0 | Q80: =$G80*H80 -> 0 | R80: =$G80*I80 -> 0 | S80: =$G80*J80 -> 0 | T80: =$G80*K80 -> 0 | U80: =$G80*L80 -> 0 | V80: =$G80*M80 -> 0 | W80: =$G80*N80 -> 0 | X80: =$G80*O80 -> 0 | Y80: =$G80*P80 -> 0 | Z80: =G80-Q80-R80 -> 0 | AA80: =IF(入力!H95="",各種係数!C78,入力!H95/100) -> 1 | AB80: =Z80*AA80 -> 0 | AC80: =C80+F80+AB80 -> 0 | AD80: =各種係数!E78 -> 0.8984283 | AE80: =AC80*AD80 -> 0 | AF80: =各種係数!F78 -> 0 | AG80: =AC80*AF80 -> 0 | AH80: =各種係数!HT78 -> 0 | AI80: =AC80*AH80 -> 0
A81: 571 | B81: 鉄道輸送 | C81: 0 | D81: =入力!E96 -> 0 | E81: =IF(入力!F96="",各種係数!C79,入力!F96/100) -> 0.1424334 | F81: =D81*E81 -> 0 | G81: =入力!G96 -> 0 | H81: =IF(各種係数!HV79<0,0,各種係数!HV79) -> 0 | I81: =IF(各種係数!HX79<0,0,各種係数!HX79) -> 0 | J81: =IF(各種係数!HY79<0,0,各種係数!HY79) -> 0 | K81: =IF(各種係数!HZ79<0,0,各種係数!HZ79) -> 0 | L81: =IF(各種係数!IA79<0,0,各種係数!IA79) -> 0 | M81: =IF(各種係数!IB79<0,0,各種係数!IB79) -> 0 | N81: =IF(各種係数!IC79<0,0,各種係数!IC79) -> 0 | O81: =IF(各種係数!ID79<0,0,各種係数!ID79) -> 0 | P81: =IF(各種係数!IE79<0,0,各種係数!IE79) -> 0 | Q81: =$G81*H81 -> 0 | R81: =$G81*I81 -> 0 | S81: =$G81*J81 -> 0 | T81: =$G81*K81 -> 0 | U81: =$G81*L81 -> 0 | V81: =$G81*M81 -> 0 | W81: =$G81*N81 -> 0 | X81: =$G81*O81 -> 0 | Y81: =$G81*P81 -> 0 | Z81: =G81-Q81+$S$6 -> 0 | AA81: =IF(入力!H96="",各種係数!C79,入力!H96/100) -> 0.1424334 | AB81: =Z81*AA81 -> 0 | AC81: =C81+F81+AB81 -> 0 | AD81: =各種係数!E79 -> 0.63334943 | AE81: =AC81*AD81 -> 0 | AF81: =各種係数!F79 -> 0.65234186 | AG81: =AC81*AF81 -> 0 | AH81: =各種係数!HT79 -> 0.0010832126 | AI81: =AC81*AH81 -> 0
A82: 572 | B82: 道路輸送（自家輸送を除く。） | C82: 0 | D82: =入力!E97 -> 0 | E82: =IF(入力!F97="",各種係数!C80,入力!F97/100) -> 0.67145356 | F82: =D82*E82 -> 0 | G82: =入力!G97 -> 0 | H82: =IF(各種係数!HV80<0,0,各種係数!HV80) -> 0 | I82: =IF(各種係数!HX80<0,0,各種係数!HX80) -> 0 | J82: =IF(各種係数!HY80<0,0,各種係数!HY80) -> 0 | K82: =IF(各種係数!HZ80<0,0,各種係数!HZ80) -> 0 | L82: =IF(各種係数!IA80<0,0,各種係数!IA80) -> 0 | M82: =IF(各種係数!IB80<0,0,各種係数!IB80) -> 0 | N82: =IF(各種係数!IC80<0,0,各種係数!IC80) -> 0 | O82: =IF(各種係数!ID80<0,0,各種係数!ID80) -> 0 | P82: =IF(各種係数!IE80<0,0,各種係数!IE80) -> 0 | Q82: =$G82*H82 -> 0 | R82: =$G82*I82 -> 0 | S82: =$G82*J82 -> 0 | T82: =$G82*K82 -> 0 | U82: =$G82*L82 -> 0 | V82: =$G82*M82 -> 0 | W82: =$G82*N82 -> 0 | X82: =$G82*O82 -> 0 | Y82: =$G82*P82 -> 0 | Z82: =G82-Q82+$T$6 -> 0 | AA82: =IF(入力!H97="",各種係数!C80,入力!H97/100) -> 0.67145356 | AB82: =Z82*AA82 -> 0 | AC82: =C82+F82+AB82 -> 0 | AD82: =各種係数!E80 -> 0.82730043 | AE82: =AC82*AD82 -> 0 | AF82: =各種係数!F80 -> 0.42446713 | AG82: =AC82*AF82 -> 0 | AH82: =各種係数!HT80 -> 0.0012424968 | AI82: =AC82*AH82 -> 0
A83: 573 | B83: 自家輸送 | C83: 0 | D83: =入力!E98 -> 0 | E83: =IF(入力!F98="",各種係数!C81,入力!F98/100) -> 1 | F83: =D83*E83 -> 0 | G83: =入力!G98 -> 0 | H83: =IF(各種係数!HV81<0,0,各種係数!HV81) -> 0 | I83: =IF(各種係数!HX81<0,0,各種係数!HX81) -> 0 | J83: =IF(各種係数!HY81<0,0,各種係数!HY81) -> 0 | K83: =IF(各種係数!HZ81<0,0,各種係数!HZ81) -> 0 | L83: =IF(各種係数!IA81<0,0,各種係数!IA81) -> 0 | M83: =IF(各種係数!IB81<0,0,各種係数!IB81) -> 0 | N83: =IF(各種係数!IC81<0,0,各種係数!IC81) -> 0 | O83: =IF(各種係数!ID81<0,0,各種係数!ID81) -> 0 | P83: =IF(各種係数!IE81<0,0,各種係数!IE81) -> 0 | Q83: =$G83*H83 -> 0 | R83: =$G83*I83 -> 0 | S83: =$G83*J83 -> 0 | T83: =$G83*K83 -> 0 | U83: =$G83*L83 -> 0 | V83: =$G83*M83 -> 0 | W83: =$G83*N83 -> 0 | X83: =$G83*O83 -> 0 | Y83: =$G83*P83 -> 0 | Z83: =G83-Q83-R83 -> 0 | AA83: =IF(入力!H98="",各種係数!C81,入力!H98/100) -> 1 | AB83: =Z83*AA83 -> 0 | AC83: =C83+F83+AB83 -> 0 | AD83: =各種係数!E81 -> 0 | AE83: =AC83*AD83 -> 0 | AF83: =各種係数!F81 -> 0 | AG83: =AC83*AF83 -> 0 | AH83: =各種係数!HT81 -> 0 | AI83: =AC83*AH83 -> 0
A84: 574 | B84: 水運 | C84: 0 | D84: =入力!E99 -> 0 | E84: =IF(入力!F99="",各種係数!C82,入力!F99/100) -> 0.021705275 | F84: =D84*E84 -> 0 | G84: =入力!G99 -> 0 | H84: =IF(各種係数!HV82<0,0,各種係数!HV82) -> 0 | I84: =IF(各種係数!HX82<0,0,各種係数!HX82) -> 0 | J84: =IF(各種係数!HY82<0,0,各種係数!HY82) -> 0 | K84: =IF(各種係数!HZ82<0,0,各種係数!HZ82) -> 0 | L84: =IF(各種係数!IA82<0,0,各種係数!IA82) -> 0 | M84: =IF(各種係数!IB82<0,0,各種係数!IB82) -> 0 | N84: =IF(各種係数!IC82<0,0,各種係数!IC82) -> 0 | O84: =IF(各種係数!ID82<0,0,各種係数!ID82) -> 0 | P84: =IF(各種係数!IE82<0,0,各種係数!IE82) -> 0 | Q84: =$G84*H84 -> 0 | R84: =$G84*I84 -> 0 | S84: =$G84*J84 -> 0 | T84: =$G84*K84 -> 0 | U84: =$G84*L84 -> 0 | V84: =$G84*M84 -> 0 | W84: =$G84*N84 -> 0 | X84: =$G84*O84 -> 0 | Y84: =$G84*P84 -> 0 | Z84: =G84-Q84+$U$6+$V$6 -> 0 | AA84: =IF(入力!H99="",各種係数!C82,入力!H99/100) -> 0.021705275 | AB84: =Z84*AA84 -> 0 | AC84: =C84+F84+AB84 -> 0 | AD84: =各種係数!E82 -> 0.41041987 | AE84: =AC84*AD84 -> 0 | AF84: =各種係数!F82 -> 0.31347549 | AG84: =AC84*AF84 -> 0 | AH84: =各種係数!HT82 -> 0.00056056276 | AI84: =AC84*AH84 -> 0
A85: 575 | B85: 航空輸送 | C85: 0 | D85: =入力!E100 -> 0 | E85: =IF(入力!F100="",各種係数!C83,入力!F100/100) -> 0 | F85: =D85*E85 -> 0 | G85: =入力!G100 -> 0 | H85: =IF(各種係数!HV83<0,0,各種係数!HV83) -> 0 | I85: =IF(各種係数!HX83<0,0,各種係数!HX83) -> 0 | J85: =IF(各種係数!HY83<0,0,各種係数!HY83) -> 0 | K85: =IF(各種係数!HZ83<0,0,各種係数!HZ83) -> 0 | L85: =IF(各種係数!IA83<0,0,各種係数!IA83) -> 0 | M85: =IF(各種係数!IB83<0,0,各種係数!IB83) -> 0 | N85: =IF(各種係数!IC83<0,0,各種係数!IC83) -> 0 | O85: =IF(各種係数!ID83<0,0,各種係数!ID83) -> 0 | P85: =IF(各種係数!IE83<0,0,各種係数!IE83) -> 0 | Q85: =$G85*H85 -> 0 | R85: =$G85*I85 -> 0 | S85: =$G85*J85 -> 0 | T85: =$G85*K85 -> 0 | U85: =$G85*L85 -> 0 | V85: =$G85*M85 -> 0 | W85: =$G85*N85 -> 0 | X85: =$G85*O85 -> 0 | Y85: =$G85*P85 -> 0 | Z85: =G85-Q85+$W$6 -> 0 | AA85: =IF(入力!H100="",各種係数!C83,入力!H100/100) -> 0 | AB85: =Z85*AA85 -> 0 | AC85: =C85+F85+AB85 -> 0 | AD85: =各種係数!E83 -> 0.24376731 | AE85: =AC85*AD85 -> 0 | AF85: =各種係数!F83 -> 0.15166205 | AG85: =AC85*AF85 -> 0 | AH85: =各種係数!HT83 -> 0.00021468144 | AI85: =AC85*AH85 -> 0
A86: 576 | B86: 貨物利用運送 | C86: 0 | D86: =入力!E101 -> 0 | E86: =IF(入力!F101="",各種係数!C84,入力!F101/100) -> 0.11466811 | F86: =D86*E86 -> 0 | G86: =入力!G101 -> 0 | H86: =IF(各種係数!HV84<0,0,各種係数!HV84) -> 0 | I86: =IF(各種係数!HX84<0,0,各種係数!HX84) -> 0 | J86: =IF(各種係数!HY84<0,0,各種係数!HY84) -> 0 | K86: =IF(各種係数!HZ84<0,0,各種係数!HZ84) -> 0 | L86: =IF(各種係数!IA84<0,0,各種係数!IA84) -> 0 | M86: =IF(各種係数!IB84<0,0,各種係数!IB84) -> 0 | N86: =IF(各種係数!IC84<0,0,各種係数!IC84) -> 0 | O86: =IF(各種係数!ID84<0,0,各種係数!ID84) -> 0 | P86: =IF(各種係数!IE84<0,0,各種係数!IE84) -> 0 | Q86: =$G86*H86 -> 0 | R86: =$G86*I86 -> 0 | S86: =$G86*J86 -> 0 | T86: =$G86*K86 -> 0 | U86: =$G86*L86 -> 0 | V86: =$G86*M86 -> 0 | W86: =$G86*N86 -> 0 | X86: =$G86*O86 -> 0 | Y86: =$G86*P86 -> 0 | Z86: =G86-Q86+$X$6 -> 0 | AA86: =IF(入力!H101="",各種係数!C84,入力!H101/100) -> 0.11466811 | AB86: =Z86*AA86 -> 0 | AC86: =C86+F86+AB86 -> 0 | AD86: =各種係数!E84 -> 0.76493506 | AE86: =AC86*AD86 -> 0 | AF86: =各種係数!F84 -> 0.28441558 | AG86: =AC86*AF86 -> 0 | AH86: =各種係数!HT84 -> 0.00068831169 | AI86: =AC86*AH86 -> 0
A87: 577 | B87: 倉庫 | C87: 0 | D87: =入力!E102 -> 0 | E87: =IF(入力!F102="",各種係数!C85,入力!F102/100) -> 0.44247253 | F87: =D87*E87 -> 0 | G87: =入力!G102 -> 0 | H87: =IF(各種係数!HV85<0,0,各種係数!HV85) -> 0 | I87: =IF(各種係数!HX85<0,0,各種係数!HX85) -> 0 | J87: =IF(各種係数!HY85<0,0,各種係数!HY85) -> 0 | K87: =IF(各種係数!HZ85<0,0,各種係数!HZ85) -> 0 | L87: =IF(各種係数!IA85<0,0,各種係数!IA85) -> 0 | M87: =IF(各種係数!IB85<0,0,各種係数!IB85) -> 0 | N87: =IF(各種係数!IC85<0,0,各種係数!IC85) -> 0 | O87: =IF(各種係数!ID85<0,0,各種係数!ID85) -> 0 | P87: =IF(各種係数!IE85<0,0,各種係数!IE85) -> 0 | Q87: =$G87*H87 -> 0 | R87: =$G87*I87 -> 0 | S87: =$G87*J87 -> 0 | T87: =$G87*K87 -> 0 | U87: =$G87*L87 -> 0 | V87: =$G87*M87 -> 0 | W87: =$G87*N87 -> 0 | X87: =$G87*O87 -> 0 | Y87: =$G87*P87 -> 0 | Z87: =G87-Q87+$Y$6 -> 0 | AA87: =IF(入力!H102="",各種係数!C85,入力!H102/100) -> 0.44247253 | AB87: =Z87*AA87 -> 0 | AC87: =C87+F87+AB87 -> 0 | AD87: =各種係数!E85 -> 0.67201882 | AE87: =AC87*AD87 -> 0 | AF87: =各種係数!F85 -> 0.21272244 | AG87: =AC87*AF87 -> 0 | AH87: =各種係数!HT85 -> 0.00052464717 | AI87: =AC87*AH87 -> 0
A88: 578 | B88: 運輸附帯サービス | C88: 0 | D88: =入力!E103 -> 0 | E88: =IF(入力!F103="",各種係数!C86,入力!F103/100) -> 0.37368589 | F88: =D88*E88 -> 0 | G88: =入力!G103 -> 0 | H88: =IF(各種係数!HV86<0,0,各種係数!HV86) -> 0 | I88: =IF(各種係数!HX86<0,0,各種係数!HX86) -> 0 | J88: =IF(各種係数!HY86<0,0,各種係数!HY86) -> 0 | K88: =IF(各種係数!HZ86<0,0,各種係数!HZ86) -> 0 | L88: =IF(各種係数!IA86<0,0,各種係数!IA86) -> 0 | M88: =IF(各種係数!IB86<0,0,各種係数!IB86) -> 0 | N88: =IF(各種係数!IC86<0,0,各種係数!IC86) -> 0 | O88: =IF(各種係数!ID86<0,0,各種係数!ID86) -> 0 | P88: =IF(各種係数!IE86<0,0,各種係数!IE86) -> 0 | Q88: =$G88*H88 -> 0 | R88: =$G88*I88 -> 0 | S88: =$G88*J88 -> 0 | T88: =$G88*K88 -> 0 | U88: =$G88*L88 -> 0 | V88: =$G88*M88 -> 0 | W88: =$G88*N88 -> 0 | X88: =$G88*O88 -> 0 | Y88: =$G88*P88 -> 0 | Z88: =G88-Q88-R88 -> 0 | AA88: =IF(入力!H103="",各種係数!C86,入力!H103/100) -> 0.37368589 | AB88: =Z88*AA88 -> 0 | AC88: =C88+F88+AB88 -> 0 | AD88: =各種係数!E86 -> 0.58273503 | AE88: =AC88*AD88 -> 0 | AF88: =各種係数!F86 -> 0.29747301 | AG88: =AC88*AF88 -> 0 | AH88: =各種係数!HT86 -> 0.00059641585 | AI88: =AC88*AH88 -> 0
A89: 579 | B89: 郵便・信書便 | C89: 0 | D89: =入力!E104 -> 0 | E89: =IF(入力!F104="",各種係数!C87,入力!F104/100) -> 0.82752902 | F89: =D89*E89 -> 0 | G89: =入力!G104 -> 0 | H89: =IF(各種係数!HV87<0,0,各種係数!HV87) -> 0 | I89: =IF(各種係数!HX87<0,0,各種係数!HX87) -> 0 | J89: =IF(各種係数!HY87<0,0,各種係数!HY87) -> 0 | K89: =IF(各種係数!HZ87<0,0,各種係数!HZ87) -> 0 | L89: =IF(各種係数!IA87<0,0,各種係数!IA87) -> 0 | M89: =IF(各種係数!IB87<0,0,各種係数!IB87) -> 0 | N89: =IF(各種係数!IC87<0,0,各種係数!IC87) -> 0 | O89: =IF(各種係数!ID87<0,0,各種係数!ID87) -> 0 | P89: =IF(各種係数!IE87<0,0,各種係数!IE87) -> 0 | Q89: =$G89*H89 -> 0 | R89: =$G89*I89 -> 0 | S89: =$G89*J89 -> 0 | T89: =$G89*K89 -> 0 | U89: =$G89*L89 -> 0 | V89: =$G89*M89 -> 0 | W89: =$G89*N89 -> 0 | X89: =$G89*O89 -> 0 | Y89: =$G89*P89 -> 0 | Z89: =G89-Q89-R89 -> 0 | AA89: =IF(入力!H104="",各種係数!C87,入力!H104/100) -> 0.82752902 | AB89: =Z89*AA89 -> 0 | AC89: =C89+F89+AB89 -> 0 | AD89: =各種係数!E87 -> 0.7954149 | AE89: =AC89*AD89 -> 0 | AF89: =各種係数!F87 -> 0.52442063 | AG89: =AC89*AF89 -> 0 | AH89: =各種係数!HT87 -> 0.0012758535 | AI89: =AC89*AH89 -> 0
A90: 591 | B90: 通信 | C90: 0 | D90: =入力!E105 -> 0 | E90: =IF(入力!F105="",各種係数!C88,入力!F105/100) -> 0.62165808 | F90: =D90*E90 -> 0 | G90: =入力!G105 -> 0 | H90: =IF(各種係数!HV88<0,0,各種係数!HV88) -> 0 | I90: =IF(各種係数!HX88<0,0,各種係数!HX88) -> 0 | J90: =IF(各種係数!HY88<0,0,各種係数!HY88) -> 0 | K90: =IF(各種係数!HZ88<0,0,各種係数!HZ88) -> 0 | L90: =IF(各種係数!IA88<0,0,各種係数!IA88) -> 0 | M90: =IF(各種係数!IB88<0,0,各種係数!IB88) -> 0 | N90: =IF(各種係数!IC88<0,0,各種係数!IC88) -> 0 | O90: =IF(各種係数!ID88<0,0,各種係数!ID88) -> 0 | P90: =IF(各種係数!IE88<0,0,各種係数!IE88) -> 0 | Q90: =$G90*H90 -> 0 | R90: =$G90*I90 -> 0 | S90: =$G90*J90 -> 0 | T90: =$G90*K90 -> 0 | U90: =$G90*L90 -> 0 | V90: =$G90*M90 -> 0 | W90: =$G90*N90 -> 0 | X90: =$G90*O90 -> 0 | Y90: =$G90*P90 -> 0 | Z90: =G90-Q90-R90 -> 0 | AA90: =IF(入力!H105="",各種係数!C88,入力!H105/100) -> 0.62165808 | AB90: =Z90*AA90 -> 0 | AC90: =C90+F90+AB90 -> 0 | AD90: =各種係数!E88 -> 0.46301471 | AE90: =AC90*AD90 -> 0 | AF90: =各種係数!F88 -> 0.067544278 | AG90: =AC90*AF90 -> 0 | AH90: =各種係数!HT88 -> 8.8215534e-05 | AI90: =AC90*AH90 -> 0
A91: 592 | B91: 放送 | C91: 0 | D91: =入力!E106 -> 0 | E91: =IF(入力!F106="",各種係数!C89,入力!F106/100) -> 1 | F91: =D91*E91 -> 0 | G91: =入力!G106 -> 0 | H91: =IF(各種係数!HV89<0,0,各種係数!HV89) -> 0 | I91: =IF(各種係数!HX89<0,0,各種係数!HX89) -> 0 | J91: =IF(各種係数!HY89<0,0,各種係数!HY89) -> 0 | K91: =IF(各種係数!HZ89<0,0,各種係数!HZ89) -> 0 | L91: =IF(各種係数!IA89<0,0,各種係数!IA89) -> 0 | M91: =IF(各種係数!IB89<0,0,各種係数!IB89) -> 0 | N91: =IF(各種係数!IC89<0,0,各種係数!IC89) -> 0 | O91: =IF(各種係数!ID89<0,0,各種係数!ID89) -> 0 | P91: =IF(各種係数!IE89<0,0,各種係数!IE89) -> 0 | Q91: =$G91*H91 -> 0 | R91: =$G91*I91 -> 0 | S91: =$G91*J91 -> 0 | T91: =$G91*K91 -> 0 | U91: =$G91*L91 -> 0 | V91: =$G91*M91 -> 0 | W91: =$G91*N91 -> 0 | X91: =$G91*O91 -> 0 | Y91: =$G91*P91 -> 0 | Z91: =G91-Q91-R91 -> 0 | AA91: =IF(入力!H106="",各種係数!C89,入力!H106/100) -> 1 | AB91: =Z91*AA91 -> 0 | AC91: =C91+F91+AB91 -> 0 | AD91: =各種係数!E89 -> 0.46398344 | AE91: =AC91*AD91 -> 0 | AF91: =各種係数!F89 -> 0.19379025 | AG91: =AC91*AF91 -> 0 | AH91: =各種係数!HT89 -> 0.00027230911 | AI91: =AC91*AH91 -> 0
A92: 593 | B92: 情報サービス | C92: 0 | D92: =入力!E107 -> 0 | E92: =IF(入力!F107="",各種係数!C90,入力!F107/100) -> 0.3060154 | F92: =D92*E92 -> 0 | G92: =入力!G107 -> 0 | H92: =IF(各種係数!HV90<0,0,各種係数!HV90) -> 0.032816121 | I92: =IF(各種係数!HX90<0,0,各種係数!HX90) -> 0.004251559 | J92: =IF(各種係数!HY90<0,0,各種係数!HY90) -> 1.0968755e-05 | K92: =IF(各種係数!HZ90<0,0,各種係数!HZ90) -> 0.0030193075 | L92: =IF(各種係数!IA90<0,0,各種係数!IA90) -> 0 | M92: =IF(各種係数!IB90<0,0,各種係数!IB90) -> 0 | N92: =IF(各種係数!IC90<0,0,各種係数!IC90) -> 7.9428919e-06 | O92: =IF(各種係数!ID90<0,0,各種係数!ID90) -> 0.00017307309 | P92: =IF(各種係数!IE90<0,0,各種係数!IE90) -> 0.0010402667 | Q92: =$G92*H92 -> 0 | R92: =$G92*I92 -> 0 | S92: =$G92*J92 -> 0 | T92: =$G92*K92 -> 0 | U92: =$G92*L92 -> 0 | V92: =$G92*M92 -> 0 | W92: =$G92*N92 -> 0 | X92: =$G92*O92 -> 0 | Y92: =$G92*P92 -> 0 | Z92: =G92-Q92-R92 -> 0 | AA92: =IF(入力!H107="",各種係数!C90,入力!H107/100) -> 0.3060154 | AB92: =Z92*AA92 -> 0 | AC92: =C92+F92+AB92 -> 0 | AD92: =各種係数!E90 -> 0.65831231 | AE92: =AC92*AD92 -> 0 | AF92: =各種係数!F90 -> 0.45911689 | AG92: =AC92*AF92 -> 0 | AH92: =各種係数!HT90 -> 0.00085852942 | AI92: =AC92*AH92 -> 0
A93: 594 | B93: インターネット附随サービス | C93: 0 | D93: =入力!E108 -> 0 | E93: =IF(入力!F108="",各種係数!C91,入力!F108/100) -> 0.094663296 | F93: =D93*E93 -> 0 | G93: =入力!G108 -> 0 | H93: =IF(各種係数!HV91<0,0,各種係数!HV91) -> 0 | I93: =IF(各種係数!HX91<0,0,各種係数!HX91) -> 0 | J93: =IF(各種係数!HY91<0,0,各種係数!HY91) -> 0 | K93: =IF(各種係数!HZ91<0,0,各種係数!HZ91) -> 0 | L93: =IF(各種係数!IA91<0,0,各種係数!IA91) -> 0 | M93: =IF(各種係数!IB91<0,0,各種係数!IB91) -> 0 | N93: =IF(各種係数!IC91<0,0,各種係数!IC91) -> 0 | O93: =IF(各種係数!ID91<0,0,各種係数!ID91) -> 0 | P93: =IF(各種係数!IE91<0,0,各種係数!IE91) -> 0 | Q93: =$G93*H93 -> 0 | R93: =$G93*I93 -> 0 | S93: =$G93*J93 -> 0 | T93: =$G93*K93 -> 0 | U93: =$G93*L93 -> 0 | V93: =$G93*M93 -> 0 | W93: =$G93*N93 -> 0 | X93: =$G93*O93 -> 0 | Y93: =$G93*P93 -> 0 | Z93: =G93-Q93-R93 -> 0 | AA93: =IF(入力!H108="",各種係数!C91,入力!H108/100) -> 0.094663296 | AB93: =Z93*AA93 -> 0 | AC93: =C93+F93+AB93 -> 0 | AD93: =各種係数!E91 -> 0.45505481 | AE93: =AC93*AD93 -> 0 | AF93: =各種係数!F91 -> 0.44141291 | AG93: =AC93*AF93 -> 0 | AH93: =各種係数!HT91 -> 0.00086479903 | AI93: =AC93*AH93 -> 0
A94: 595 | B94: 映像・音声・文字情報制作 | C94: 0 | D94: =入力!E109 -> 0 | E94: =IF(入力!F109="",各種係数!C92,入力!F109/100) -> 0.31384943 | F94: =D94*E94 -> 0 | G94: =入力!G109 -> 0 | H94: =IF(各種係数!HV92<0,0,各種係数!HV92) -> 0.16411688 | I94: =IF(各種係数!HX92<0,0,各種係数!HX92) -> 0.0236801 | J94: =IF(各種係数!HY92<0,0,各種係数!HY92) -> 0.00013975326 | K94: =IF(各種係数!HZ92<0,0,各種係数!HZ92) -> 0.018269943 | L94: =IF(各種係数!IA92<0,0,各種係数!IA92) -> 4.1801703e-06 | M94: =IF(各種係数!IB92<0,0,各種係数!IB92) -> 4.5529963e-05 | N94: =IF(各種係数!IC92<0,0,各種係数!IC92) -> 2.4516134e-05 | O94: =IF(各種係数!ID92<0,0,各種係数!ID92) -> 0.0011702217 | P94: =IF(各種係数!IE92<0,0,各種係数!IE92) -> 0.0040259559 | Q94: =$G94*H94 -> 0 | R94: =$G94*I94 -> 0 | S94: =$G94*J94 -> 0 | T94: =$G94*K94 -> 0 | U94: =$G94*L94 -> 0 | V94: =$G94*M94 -> 0 | W94: =$G94*N94 -> 0 | X94: =$G94*O94 -> 0 | Y94: =$G94*P94 -> 0 | Z94: =G94-Q94-R94 -> 0 | AA94: =IF(入力!H109="",各種係数!C92,入力!H109/100) -> 0.31384943 | AB94: =Z94*AA94 -> 0 | AC94: =C94+F94+AB94 -> 0 | AD94: =各種係数!E92 -> 0.453125 | AE94: =AC94*AD94 -> 0 | AF94: =各種係数!F92 -> 0.34496438 | AG94: =AC94*AF94 -> 0 | AH94: =各種係数!HT92 -> 0.00070676813 | AI94: =AC94*AH94 -> 0
A95: 611 | B95: 公務 | C95: 0 | D95: =入力!E110 -> 0 | E95: =IF(入力!F110="",各種係数!C93,入力!F110/100) -> 1 | F95: =D95*E95 -> 0 | G95: =入力!G110 -> 0 | H95: =IF(各種係数!HV93<0,0,各種係数!HV93) -> 0 | I95: =IF(各種係数!HX93<0,0,各種係数!HX93) -> 0 | J95: =IF(各種係数!HY93<0,0,各種係数!HY93) -> 0 | K95: =IF(各種係数!HZ93<0,0,各種係数!HZ93) -> 0 | L95: =IF(各種係数!IA93<0,0,各種係数!IA93) -> 0 | M95: =IF(各種係数!IB93<0,0,各種係数!IB93) -> 0 | N95: =IF(各種係数!IC93<0,0,各種係数!IC93) -> 0 | O95: =IF(各種係数!ID93<0,0,各種係数!ID93) -> 0 | P95: =IF(各種係数!IE93<0,0,各種係数!IE93) -> 0 | Q95: =$G95*H95 -> 0 | R95: =$G95*I95 -> 0 | S95: =$G95*J95 -> 0 | T95: =$G95*K95 -> 0 | U95: =$G95*L95 -> 0 | V95: =$G95*M95 -> 0 | W95: =$G95*N95 -> 0 | X95: =$G95*O95 -> 0 | Y95: =$G95*P95 -> 0 | Z95: =G95-Q95-R95 -> 0 | AA95: =IF(入力!H110="",各種係数!C93,入力!H110/100) -> 1 | AB95: =Z95*AA95 -> 0 | AC95: =C95+F95+AB95 -> 0 | AD95: =各種係数!E93 -> 0.72347392 | AE95: =AC95*AD95 -> 0 | AF95: =各種係数!F93 -> 0.34296156 | AG95: =AC95*AF95 -> 0 | AH95: =各種係数!HT93 -> 0.00051057536 | AI95: =AC95*AH95 -> 0
A96: 631 | B96: 教育 | C96: 0 | D96: =入力!E111 -> 0 | E96: =IF(入力!F111="",各種係数!C94,入力!F111/100) -> 0.96324846 | F96: =D96*E96 -> 0 | G96: =入力!G111 -> 0 | H96: =IF(各種係数!HV94<0,0,各種係数!HV94) -> 0 | I96: =IF(各種係数!HX94<0,0,各種係数!HX94) -> 2.6817031e-05 | J96: =IF(各種係数!HY94<0,0,各種係数!HY94) -> 0 | K96: =IF(各種係数!HZ94<0,0,各種係数!HZ94) -> 2.6817031e-05 | L96: =IF(各種係数!IA94<0,0,各種係数!IA94) -> 0 | M96: =IF(各種係数!IB94<0,0,各種係数!IB94) -> 0 | N96: =IF(各種係数!IC94<0,0,各種係数!IC94) -> 0 | O96: =IF(各種係数!ID94<0,0,各種係数!ID94) -> 0 | P96: =IF(各種係数!IE94<0,0,各種係数!IE94) -> 0 | Q96: =$G96*H96 -> 0 | R96: =$G96*I96 -> 0 | S96: =$G96*J96 -> 0 | T96: =$G96*K96 -> 0 | U96: =$G96*L96 -> 0 | V96: =$G96*M96 -> 0 | W96: =$G96*N96 -> 0 | X96: =$G96*O96 -> 0 | Y96: =$G96*P96 -> 0 | Z96: =G96-Q96-R96 -> 0 | AA96: =IF(入力!H111="",各種係数!C94,入力!H111/100) -> 0.96324846 | AB96: =Z96*AA96 -> 0 | AC96: =C96+F96+AB96 -> 0 | AD96: =各種係数!E94 -> 0.79720491 | AE96: =AC96*AD96 -> 0 | AF96: =各種係数!F94 -> 0.6292377 | AG96: =AC96*AF96 -> 0 | AH96: =各種係数!HT94 -> 0.0011055635 | AI96: =AC96*AH96 -> 0
A97: 632 | B97: 研究 | C97: 0 | D97: =入力!E112 -> 0 | E97: =IF(入力!F112="",各種係数!C95,入力!F112/100) -> 0.96648274 | F97: =D97*E97 -> 0 | G97: =入力!G112 -> 0 | H97: =IF(各種係数!HV95<0,0,各種係数!HV95) -> 0 | I97: =IF(各種係数!HX95<0,0,各種係数!HX95) -> 0 | J97: =IF(各種係数!HY95<0,0,各種係数!HY95) -> 0 | K97: =IF(各種係数!HZ95<0,0,各種係数!HZ95) -> 0 | L97: =IF(各種係数!IA95<0,0,各種係数!IA95) -> 0 | M97: =IF(各種係数!IB95<0,0,各種係数!IB95) -> 0 | N97: =IF(各種係数!IC95<0,0,各種係数!IC95) -> 0 | O97: =IF(各種係数!ID95<0,0,各種係数!ID95) -> 0 | P97: =IF(各種係数!IE95<0,0,各種係数!IE95) -> 0 | Q97: =$G97*H97 -> 0 | R97: =$G97*I97 -> 0 | S97: =$G97*J97 -> 0 | T97: =$G97*K97 -> 0 | U97: =$G97*L97 -> 0 | V97: =$G97*M97 -> 0 | W97: =$G97*N97 -> 0 | X97: =$G97*O97 -> 0 | Y97: =$G97*P97 -> 0 | Z97: =G97-Q97-R97 -> 0 | AA97: =IF(入力!H112="",各種係数!C95,入力!H112/100) -> 0.96648274 | AB97: =Z97*AA97 -> 0 | AC97: =C97+F97+AB97 -> 0 | AD97: =各種係数!E95 -> 0.62537274 | AE97: =AC97*AD97 -> 0 | AF97: =各種係数!F95 -> 0.14834299 | AG97: =AC97*AF97 -> 0 | AH97: =各種係数!HT95 -> 0.00021685374 | AI97: =AC97*AH97 -> 0
A98: 641 | B98: 医療 | C98: 0 | D98: =入力!E113 -> 0 | E98: =IF(入力!F113="",各種係数!C96,入力!F113/100) -> 0.96403179 | F98: =D98*E98 -> 0 | G98: =入力!G113 -> 0 | H98: =IF(各種係数!HV96<0,0,各種係数!HV96) -> 0 | I98: =IF(各種係数!HX96<0,0,各種係数!HX96) -> 0 | J98: =IF(各種係数!HY96<0,0,各種係数!HY96) -> 0 | K98: =IF(各種係数!HZ96<0,0,各種係数!HZ96) -> 0 | L98: =IF(各種係数!IA96<0,0,各種係数!IA96) -> 0 | M98: =IF(各種係数!IB96<0,0,各種係数!IB96) -> 0 | N98: =IF(各種係数!IC96<0,0,各種係数!IC96) -> 0 | O98: =IF(各種係数!ID96<0,0,各種係数!ID96) -> 0 | P98: =IF(各種係数!IE96<0,0,各種係数!IE96) -> 0 | Q98: =$G98*H98 -> 0 | R98: =$G98*I98 -> 0 | S98: =$G98*J98 -> 0 | T98: =$G98*K98 -> 0 | U98: =$G98*L98 -> 0 | V98: =$G98*M98 -> 0 | W98: =$G98*N98 -> 0 | X98: =$G98*O98 -> 0 | Y98: =$G98*P98 -> 0 | Z98: =G98-Q98-R98 -> 0 | AA98: =IF(入力!H113="",各種係数!C96,入力!H113/100) -> 0.96403179 | AB98: =Z98*AA98 -> 0 | AC98: =C98+F98+AB98 -> 0 | AD98: =各種係数!E96 -> 0.55585668 | AE98: =AC98*AD98 -> 0 | AF98: =各種係数!F96 -> 0.42677327 | AG98: =AC98*AF98 -> 0 | AH98: =各種係数!HT96 -> 0.00084456289 | AI98: =AC98*AH98 -> 0
A99: 642 | B99: 保健衛生 | C99: 0 | D99: =入力!E114 -> 0 | E99: =IF(入力!F114="",各種係数!C97,入力!F114/100) -> 1 | F99: =D99*E99 -> 0 | G99: =入力!G114 -> 0 | H99: =IF(各種係数!HV97<0,0,各種係数!HV97) -> 0 | I99: =IF(各種係数!HX97<0,0,各種係数!HX97) -> 0 | J99: =IF(各種係数!HY97<0,0,各種係数!HY97) -> 0 | K99: =IF(各種係数!HZ97<0,0,各種係数!HZ97) -> 0 | L99: =IF(各種係数!IA97<0,0,各種係数!IA97) -> 0 | M99: =IF(各種係数!IB97<0,0,各種係数!IB97) -> 0 | N99: =IF(各種係数!IC97<0,0,各種係数!IC97) -> 0 | O99: =IF(各種係数!ID97<0,0,各種係数!ID97) -> 0 | P99: =IF(各種係数!IE97<0,0,各種係数!IE97) -> 0 | Q99: =$G99*H99 -> 0 | R99: =$G99*I99 -> 0 | S99: =$G99*J99 -> 0 | T99: =$G99*K99 -> 0 | U99: =$G99*L99 -> 0 | V99: =$G99*M99 -> 0 | W99: =$G99*N99 -> 0 | X99: =$G99*O99 -> 0 | Y99: =$G99*P99 -> 0 | Z99: =G99-Q99-R99 -> 0 | AA99: =IF(入力!H114="",各種係数!C97,入力!H114/100) -> 1 | AB99: =Z99*AA99 -> 0 | AC99: =C99+F99+AB99 -> 0 | AD99: =各種係数!E97 -> 0.57765342 | AE99: =AC99*AD99 -> 0 | AF99: =各種係数!F97 -> 0.51279476 | AG99: =AC99*AF99 -> 0 | AH99: =各種係数!HT97 -> 0.0008853494 | AI99: =AC99*AH99 -> 0
... A114: 691 | B114: 分類不明 | C114: 0 | D114: =入力!E129 -> 0 | E114: =IF(入力!F129="",各種係数!C112,入力!F129/100) -> 1 | F114: =D114*E114 -> 0 | G114: =入力!G129 -> 0 | H114: =IF(各種係数!HV112<0,0,各種係数!HV112) -> 0.015753233 | I114: =IF(各種係数!HX112<0,0,各種係数!HX112) -> 0.036043001 | J114: =IF(各種係数!HY112<0,0,各種係数!HY112) -> 0.0017530962 | K114: =IF(各種係数!HZ112<0,0,各種係数!HZ112) -> 0.002570906 | L114: =IF(各種係数!IA112<0,0,各種係数!IA112) -> 0.0022783724 | M114: =IF(各種係数!IB112<0,0,各種係数!IB112) -> 0.0027392259 | N114: =IF(各種係数!IC112<0,0,各種係数!IC112) -> 2.2632141e-05 | O114: =IF(各種係数!ID112<0,0,各種係数!ID112) -> 0.003018075 | P114: =IF(各種係数!IE112<0,0,各種係数!IE112) -> 0.023660693 | Q114: =$G114*H114 -> 0 | R114: =$G114*I114 -> 0 | S114: =$G114*J114 -> 0 | T114: =$G114*K114 -> 0 | U114: =$G114*L114 -> 0 | V114: =$G114*M114 -> 0 | W114: =$G114*N114 -> 0 | X114: =$G114*O114 -> 0 | Y114: =$G114*P114 -> 0 | Z114: =G114-Q114-R114 -> 0 | AA114: =IF(入力!H129="",各種係数!C112,入力!H129/100) -> 1 | AB114: =Z114*AA114 -> 0 | AC114: =C114+F114+AB114 -> 0 | AD114: =各種係数!E112 -> 0.65932331 | AE114: =AC114*AD114 -> 0 | AF114: =各種係数!F112 -> 0.016715486 | AG114: =AC114*AF114 -> 0 | AH114: =各種係数!HT112 -> 1.5259678e-05 | AI114: =AC114*AH114 -> 0

Sheet 計算2-2
HW1: =HW2+HW6 -> 0 | HX1: =HX2+HX6 -> 0 | HY1: =HY2+HY6 -> 0
C2: 直接効果 | G2: 直接効果 | HW2: =C6 -> 0 | HX2: =H6 -> 0 | HY2: =I6 -> 0
C4: 域内生産の | D4: 中間投入率 | E4: 粗付加価値率 | F4: 雇用者所得率 | G4: 中間投入額 | H4: 粗付加価値額 | I4: 雇用者所得額 | J4: 万円あたり | K4: 就業機会 | L4: 生産増× | M4: 自給率 | N4: うち | O4: 投入係数 | DS4: 開放経済型逆行列係数 | HW4: １次 | HX4: うち | HY4: うち | HZ4: 万円あたり | IA4: 就業機会 | IB4: 直接＋１次 | IC4: うち | IE4: 万円あたり | IF4: 就業機会 | IH4: 消費誘発 | IJ4: 消費誘発 | IL4: うち | IM4: ２次 | IO4: うち | IR4: 万円あたり | IS4: 就業機会 | IT4: 総合 | IU4: 粗付加価値 | IW4: 就業機会
C5: 増加計 | J5: の就業者数 | K5: 誘発数 | L5: 投入係数 | N5: 県内自給分 | O5: 011 | P5: 012 | Q5: 013 | R5: 015 | S5: 017 | T5: 061 | U5: 062 | V5: 111 | W5: 112 | X5: 113 | Y5: 114 | Z5: 151 | AA5: 152 | AB5: 161 | AC5: 162 | AD5: 163 | AE5: 164 | AF5: 191 | AG5: 201 | AH5: 202 | AI5: 203 | AJ5: 204 | AK5: 205 | AL5: 206 | AM5: 207 | AN5: 208 | AO5: 211 | AP5: 212 | AQ5: 221 | AR5: 222 | AS5: 231 | AT5: 251 | AU5: 252 | AV5: 253 | AW5: 259 | AX5: 261 | AY5: 262 | AZ5: 263 | BA5: 269 | BB5: 271 | BC5: 272 | BD5: 281 | BE5: 289 | BF5: 291 | BG5: 301 | BH5: 311 | BI5: 321 | BJ5: 329 | BK5: 331 | BL5: 332 | BM5: 333 | BN5: 339 | BO5: 341 | BP5: 342 | BQ5: 351 | BR5: 352 | BS5: 353 | BT5: 354 | BU5: 359 | BV5: 391 | BW5: 392 | BX5: 411 | BY5: 412 | BZ5: 413 | CA5: 419 | CB5: 461 | CC5: 462 | CD5: 471 | CE5: 481 | CF5: 511 | CG5: 531 | CH5: 551 | CI5: 552 | CJ5: 553 | CK5: 571 | CL5: 572 | CM5: 573 | CN5: 574 | CO5: 575 | CP5: 576 | CQ5: 577 | CR5: 578 | CS5: 579 | CT5: 591 | CU5: 592 | CV5: 593 | CW5: 594 | CX5: 595 | CY5: 611 | CZ5: 631 | DA5: 632 | DB5: 641 | DC5: 642 | DD5: 643 | DE5: 644 | DF5: 659 | DG5: 661 | DH5: 662 | DI5: 663 | DJ5: 669 | DK5: 671 | DL5: 672 | DM5: 673 | DN5: 674 | DO5: 675 | DP5: 679 | DQ5: 681 | DR5: 691 | DS5: 011 | DT5: 012 | DU5: 013 | DV5: 015 | DW5: 017 | DX5: 061 | DY5: 062 | DZ5: 111 | EA5: 112 | EB5: 113 | EC5: 114 | ED5: 151 | EE5: 152 | EF5: 161 | EG5: 162 | EH5: 163 | EI5: 164 | EJ5: 191 | EK5: 201 | EL5: 202 | EM5: 203 | EN5: 204 | EO5: 205 | EP5: 206 | EQ5: 207 | ER5: 208 | ES5: 211 | ET5: 212 | EU5: 221 | EV5: 222 | EW5: 231 | EX5: 251 | EY5: 252 | EZ5: 253 | FA5: 259 | FB5: 261 | FC5: 262 | FD5: 263 | FE5: 269 | FF5: 271 | FG5: 272 | FH5: 281 | FI5: 289 | FJ5: 291 | FK5: 301 | FL5: 311 | FM5: 321 | FN5: 329 | FO5: 331 | FP5: 332 | FQ5: 333 | FR5: 339 | FS5: 341 | FT5: 342 | FU5: 351 | FV5: 352 | FW5: 353 | FX5: 354 | FY5: 359 | FZ5: 391 | GA5: 392 | GB5: 411 | GC5: 412 | GD5: 413 | GE5: 419 | GF5: 461 | GG5: 462 | GH5: 471 | GI5: 481 | GJ5: 511 | GK5: 531 | GL5: 551 | GM5: 552 | GN5: 553 | GO5: 571 | GP5: 572 | GQ5: 573 | GR5: 574 | GS5: 575 | GT5: 576 | GU5: 577 | GV5: 578 | GW5: 579 | GX5: 591 | GY5: 592 | GZ5: 593 | HA5: 594 | HB5: 595 | HC5: 611 | HD5: 631 | HE5: 632 | HF5: 641 | HG5: 642 | HH5: 643 | HI5: 644 | HJ5: 659 | HK5: 661 | HL5: 662 | HM5: 663 | HN5: 669 | HO5: 671 | HP5: 672 | HQ5: 673 | HR5: 674 | HS5: 675 | HT5: 679 | HU5: 681 | HV5: 691 | HW5: 生産誘発 | HX5: 粗付加価値 | HY5: 雇用者所得 | HZ5: の就業者数 | IA5: 誘発数 | IB5: 生産誘発 | IC5: 粗付加価値 | ID5: うち雇用者所得 | IE5: の就業者数 | IF5: 誘発数 | IG5: 消費転換率 | IH5: （総額） | II5: （消費パターン） | IJ5: （内訳） | IK5: （域内自給率） | IL5: 県内で生産 | IM5: 生産誘発 | IN5: （粗付加価値率） | IO5: 粗付加価値 | IP5: （雇用者所得率） | IQ5: うち雇用者所得 | IR5: の就業者数 | IS5: 誘発数 | IT5: 生産誘発 | IU5: 誘発額 | IV5: 雇用者所得誘発額 | IW5: 誘発数
B6: 合計 | C6: =SUM(C7:C114) -> 0 | G6: =SUM(G7:G114) -> 0 | H6: =SUM(H7:H114) -> 0 | I6: =SUM(I7:I114) -> 0 | K6: =SUM(K7:K114) -> 0 | L6: =SUM(L7:L114) -> 0 | N6: =SUM(N7:N114) -> 0 | O6: 耕種農業 | P6: 畜産 | Q6: 農業サービス | R6: 林業 | S6: 漁業 | T6: 石炭・原油・天然ガス | U6: その他の鉱業 | V6: 食料品 | W6: 飲料 | X6: 飼料・有機質肥料（別掲を除く。） | Y6: たばこ | Z6: 繊維工業製品 | AA6: 衣服・その他の繊維既製品 | AB6: 木材・木製品 | AC6: 家具・装備品 | AD6: パルプ・紙・板紙・加工紙 | AE6: 紙加工品 | AF6: 印刷・製版・製本 | AG6: 化学肥料 | AH6: 無機化学工業製品 | AI6: 石油化学系基礎製品 | AJ6: 有機化学工業製品（石油化学系基礎製品・合成樹脂を除く。） | AK6: 合成樹脂 | AL6: 化学繊維 | AM6: 医薬品 | AN6: 化学最終製品（医薬品を除く。） | AO6: 石油製品 | AP6: 石炭製品 | AQ6: プラスチック製品 | AR6: ゴム製品 | AS6: なめし革・革製品・毛皮 | AT6: ガラス・ガラス製品 | AU6: セメント・セメント製品 | AV6: 陶磁器 | AW6: その他の窯業・土石製品 | AX6: 銑鉄・粗鋼 | AY6: 鋼材 | AZ6: 鋳鍛造品（鉄） | BA6: その他の鉄鋼製品 | BB6: 非鉄金属製錬・精製 | BC6: 非鉄金属加工製品 | BD6: 建設用・建築用金属製品 | BE6: その他の金属製品 | BF6: はん用機械 | BG6: 生産用機械 | BH6: 業務用機械 | BI6: 電子デバイス | BJ6: その他の電子部品 | BK6: 産業用電気機器 | BL6: 民生用電気機器 | BM6: 電子応用装置・電気計測器 | BN6: その他の電気機械 | BO6: 通信・映像・音響機器 | BP6: 電子計算機・同附属装置 | BQ6: 乗用車 | BR6: その他の自動車 | BS6: 自動車部品・同附属品 | BT6: 船舶・同修理 | BU6: その他の輸送機械・同修理 | BV6: その他の製造工業製品 | BW6: 再生資源回収・加工処理 | BX6: 建築 | BY6: 建設補修 | BZ6: 公共事業 | CA6: その他の土木建設 | CB6: 電力 | CC6: ガス・熱供給 | CD6: 水道 | CE6: 廃棄物処理 | CF6: 商業 | CG6: 金融・保険 | CH6: 不動産仲介及び賃貸 | CI6: 住宅賃貸料 | CJ6: 住宅賃貸料（帰属家賃） | CK6: 鉄道輸送 | CL6: 道路輸送（自家輸送を除く。） | CM6: 自家輸送 | CN6: 水運 | CO6: 航空輸送 | CP6: 貨物利用運送 | CQ6: 倉庫 | CR6: 運輸附帯サービス | CS6: 郵便・信書便 | CT6: 通信 | CU6: 放送 | CV6: 情報サービス | CW6: インターネット附随サービス | CX6: 映像・音声・文字情報制作 | CY6: 公務 | CZ6: 教育 | DA6: 研究 | DB6: 医療 | DC6: 保健衛生 | DD6: 社会保険・社会福祉 | DE6: 介護 | DF6: 他に分類されない会員制団体 | DG6: 物品賃貸サービス | DH6: 広告 | DI6: 自動車整備・機械修理 | DJ6: その他の対事業所サービス | DK6: 宿泊業 | DL6: 飲食サービス | DM6: 洗濯・理容・美容・浴場業 | DN6: 娯楽サービス | DO6: 獣医業 | DP6: その他の対個人サービス | DQ6: 事務用品 | DR6: 分類不明 | DS6: 耕種農業 | DT6: 畜産 | DU6: 農業サービス | DV6: 林業 | DW6: 漁業 | DX6: 石炭・原油・天然ガス | DY6: その他の鉱業 | DZ6: 食料品 | EA6: 飲料 | EB6: 飼料・有機質肥料（別掲を除く。） | EC6: たばこ | ED6: 繊維工業製品 | EE6: 衣服・その他の繊維既製品 | EF6: 木材・木製品 | EG6: 家具・装備品 | EH6: パルプ・紙・板紙・加工紙 | EI6: 紙加工品 | EJ6: 印刷・製版・製本 | EK6: 化学肥料 | EL6: 無機化学工業製品 | EM6: 石油化学系基礎製品 | EN6: 有機化学工業製品（石油化学系基礎製品・合成樹脂を除く。） | EO6: 合成樹脂 | EP6: 化学繊維 | EQ6: 医薬品 | ER6: 化学最終製品（医薬品を除く。） | ES6: 石油製品 | ET6: 石炭製品 | EU6: プラスチック製品 | EV6: ゴム製品 | EW6: なめし革・革製品・毛皮 | EX6: ガラス・ガラス製品 | EY6: セメント・セメント製品 | EZ6: 陶磁器 | FA6: その他の窯業・土石製品 | FB6: 銑鉄・粗鋼 | FC6: 鋼材 | FD6: 鋳鍛造品（鉄） | FE6: その他の鉄鋼製品 | FF6: 非鉄金属製錬・精製 | FG6: 非鉄金属加工製品 | FH6: 建設用・建築用金属製品 | FI6: その他の金属製品 | FJ6: はん用機械 | FK6: 生産用機械 | FL6: 業務用機械 | FM6: 電子デバイス | FN6: その他の電子部品 | FO6: 産業用電気機器 | FP6: 民生用電気機器 | FQ6: 電子応用装置・電気計測器 | FR6: その他の電気機械 | FS6: 通信・映像・音響機器 | FT6: 電子計算機・同附属装置 | FU6: 乗用車 | FV6: その他の自動車 | FW6: 自動車部品・同附属品 | FX6: 船舶・同修理 | FY6: その他の輸送機械・同修理 | FZ6: その他の製造工業製品 | GA6: 再生資源回収・加工処理 | GB6: 建築 | GC6: 建設補修 | GD6: 公共事業 | GE6: その他の土木建設 | GF6: 電力 | GG6: ガス・熱供給 | GH6: 水道 | GI6: 廃棄物処理 | GJ6: 商業 | GK6: 金融・保険 | GL6: 不動産仲介及び賃貸 | GM6: 住宅賃貸料 | GN6: 住宅賃貸料（帰属家賃） | GO6: 鉄道輸送 | GP6: 道路輸送（自家輸送を除く。） | GQ6: 自家輸送 | GR6: 水運 | GS6: 航空輸送 | GT6: 貨物利用運送 | GU6: 倉庫 | GV6: 運輸附帯サービス | GW6: 郵便・信書便 | GX6: 通信 | GY6: 放送 | GZ6: 情報サービス | HA6: インターネット附随サービス | HB6: 映像・音声・文字情報制作 | HC6: 公務 | HD6: 教育 | HE6: 研究 | HF6: 医療 | HG6: 保健衛生 | HH6: 社会保険・社会福祉 | HI6: 介護 | HJ6: 他に分類されない会員制団体 | HK6: 物品賃貸サービス | HL6: 広告 | HM6: 自動車整備・機械修理 | HN6: その他の対事業所サービス | HO6: 宿泊業 | HP6: 飲食サービス | HQ6: 洗濯・理容・美容・浴場業 | HR6: 娯楽サービス | HS6: 獣医業 | HT6: その他の対個人サービス | HU6: 事務用品 | HV6: 分類不明 | HW6: =SUM(HW7:HW114) -> 0 | HX6: =SUM(HX7:HX114) -> 0 | HY6: =SUM(HY7:HY114) -> 0 | IA6: =SUM(IA7:IA114) -> 0 | IB6: =SUM(IB7:IB114) -> 0 | IC6: =SUM(IC7:IC114) -> 0 | ID6: =SUM(ID7:ID114) -> 0 | IF6: =SUM(IF7:IF114) -> 0 | IG6: =入力!J19 -> 0.518 | IH6: =ID6*IG6 -> 0 | IJ6: =SUM(IJ7:IJ114) -> 0 | IL6: =SUM(IL7:IL114) -> 0 | IM6: =SUM(IM7:IM114) -> 0 | IO6: =SUM(IO7:IO114) -> 0 | IQ6: =SUM(IQ7:IQ114) -> 0 | IS6: =SUM(IS7:IS114) -> 0 | IT6: =SUM(IT7:IT114) -> 0 | IU6: =SUM(IU7:IU114) -> 0 | IV6: =SUM(IV7:IV114) -> 0 | IW6: =SUM(IW7:IW114) -> 0
A7: 011 | B7: 耕種農業 | C7: ='計算2-1'!AC7 -> 0 | D7: =各種係数!D5 -> 0.43810901 | E7: =各種係数!E5 -> 0.56189099 | F7: =各種係数!F5 -> 0.13685646 | G7: =$C7*D7 -> 0 | H7: =$C7*E7 -> 0 | I7: =$C7*F7 -> 0 | J7: =各種係数!HT5 -> 0.0021996944 | K7: =C7*J7 -> 0 | L7: {=MMULT(O7:DR114,C7:C114)} -> 0 | M7: =各種係数!C5 -> 0.69663046 | N7: =L7*M7 -> 0 | O7: =各種係数!J5 -> 0.016514634 | P7: =各種係数!K5 -> 0.075493639 | Q7: =各種係数!L5 -> 0.0099523494 | R7: =各種係数!M5 -> 0.0012907667 | S7: =各種係数!N5 -> 0 | T7: =各種係数!O5 -> 0 | U7: =各種係数!P5 -> 0 | V7: =各種係数!Q5 -> 0.14914251 | ... HV7: =各種係数!HQ5 -> 2.1175003e-05 | HW7: {=MMULT(DS7:HV114,N7:N114)} -> 0 | HX7: =$HW7*E7 -> 0 | HY7: =$HW7*F7 -> 0 | HZ7: =各種係数!HT5 -> 0.0021996944 | IA7: =HW7*HZ7 -> 0 | IB7: =HW7+C7 -> 0 | IC7: =H7+HX7 -> 0 | ID7: =I7+HY7 -> 0 | IE7: =各種係数!HT5 -> 0.0021996944 | IF7: =IB7*IE7 -> 0 | II7: =各種係数!I5 -> 0.013147017 | IJ7: =$IH$6*II7 -> 0 | IK7: =各種係数!C5 -> 0.69663046 | IL7: =IJ7*IK7 -> 0 | IM7: {=MMULT(DS7:HV114,IL7:IL114)} -> 0 | IN7: =各種係数!E5 -> 0.56189099 | IO7: =IM7*IN7 -> 0 | IP7: =各種係数!F5 -> 0.13685646 | IQ7: =IM7*IP7 -> 0 | IR7: =各種係数!HT5 -> 0.0021996944 | IS7: =IM7*IR7 -> 0 | IT7: =C7+HW7+IM7 -> 0 | IU7: =H7+HX7+IO7 -> 0 | IV7: =I7+HY7+IQ7 -> 0 | IW7: =K7+IA7+IS7 -> 0
A8: 012 | B8: 畜産 | C8: ='計算2-1'!AC8 -> 0 | D8: =各種係数!D6 -> 0.7272833 | E8: =各種係数!E6 -> 0.2727167 | F8: =各種係数!F6 -> 0.096448589 | G8: =$C8*D8 -> 0 | H8: =$C8*E8 -> 0 | I8: =$C8*F8 -> 0 | J8: =各種係数!HT6 -> 0.00045049655 | K8: =C8*J8 -> 0 | L8: 0 | M8: =各種係数!C6 -> 0.3180563 | N8: =L8*M8 -> 0 | O8: =各種係数!J6 -> 0.0029095035 | P8: =各種係数!K6 -> 0.13789334 | Q8: =各種係数!L6 -> 0.036069727 | R8: =各種係数!M6 -> 0.00017210223 | S8: =各種係数!N6 -> 0 | T8: =各種係数!O6 -> 0 | U8: =各種係数!P6 -> 0 | V8: =各種係数!Q6 -> 0.11307283 | ... HV8: =各種係数!HQ6 -> 2.1644488e-06 | HW8: 0 | HX8: =$HW8*E8 -> 0 | HY8: =$HW8*F8 -> 0 | HZ8: =各種係数!HT6 -> 0.00045049655 | IA8: =HW8*HZ8 -> 0 | IB8: =HW8+C8 -> 0 | IC8: =H8+HX8 -> 0 | ID8: =I8+HY8 -> 0 | IE8: =各種係数!HT6 -> 0.00045049655 | IF8: =IB8*IE8 -> 0 | II8: =各種係数!I6 -> 0.0009764394 | IJ8: =$IH$6*II8 -> 0 | IK8: =各種係数!C6 -> 0.3180563 | IL8: =IJ8*IK8 -> 0 | IM8: 0 | IN8: =各種係数!E6 -> 0.2727167 | IO8: =IM8*IN8 -> 0 | IP8: =各種係数!F6 -> 0.096448589 | IQ8: =IM8*IP8 -> 0 | IR8: =各種係数!HT6 -> 0.00045049655 | IS8: =IM8*IR8 -> 0 | IT8: =C8+HW8+IM8 -> 0 | IU8: =H8+HX8+IO8 -> 0 | IV8: =I8+HY8+IQ8 -> 0 | IW8: =K8+IA8+IS8 -> 0
A9: 013 | B9: 農業サービス | C9: ='計算2-1'!AC9 -> 0 | D9: =各種係数!D7 -> 0.37137342 | E9: =各種係数!E7 -> 0.62862658 | F9: =各種係数!F7 -> 0.18191688 | G9: =$C9*D9 -> 0 | H9: =$C9*E9 -> 0 | I9: =$C9*F9 -> 0 | J9: =各種係数!HT7 -> 0.00074190241 | K9: =C9*J9 -> 0 | L9: 0 | M9: =各種係数!C7 -> 1 | N9: =L9*M9 -> 0 | O9: =各種係数!J7 -> 0.071548167 | P9: =各種係数!K7 -> 0.021838733 | Q9: =各種係数!L7 -> 0 | R9: =各種係数!M7 -> 0 | S9: =各種係数!N7 -> 0 | T9: =各種係数!O7 -> 0 | U9: =各種係数!P7 -> 0 | V9: =各種係数!Q7 -> 0 | ... HV9: =各種係数!HQ7 -> 1.5623014e-06 | HW9: 0 | HX9: =$HW9*E9 -> 0 | HY9: =$HW9*F9 -> 0 | HZ9: =各種係数!HT7 -> 0.00074190241 | IA9: =HW9*HZ9 -> 0 | IB9: =HW9+C9 -> 0 | IC9: =H9+HX9 -> 0 | ID9: =I9+HY9 -> 0 | IE9: =各種係数!HT7 -> 0.00074190241 | IF9: =IB9*IE9 -> 0 | II9: =各種係数!I7 -> 0 | IJ9: =$IH$6*II9 -> 0 | IK9: =各種係数!C7 -> 1 | IL9: =IJ9*IK9 -> 0 | IM9: 0 | IN9: =各種係数!E7 -> 0.62862658 | IO9: =IM9*IN9 -> 0 | IP9: =各種係数!F7 -> 0.18191688 | IQ9: =IM9*IP9 -> 0 | IR9: =各種係数!HT7 -> 0.00074190241 | IS9: =IM9*IR9 -> 0 | IT9: =C9+HW9+IM9 -> 0 | IU9: =H9+HX9+IO9 -> 0 | IV9: =I9+HY9+IQ9 -> 0 | IW9: =K9+IA9+IS9 -> 0
A10: 015 | B10: 林業 | C10: ='計算2-1'!AC10 -> 0 | D10: =各種係数!D8 -> 0.41442217 | E10: =各種係数!E8 -> 0.58557783 | F10: =各種係数!F8 -> 0.41554083 | G10: =$C10*D10 -> 0 | H10: =$C10*E10 -> 0 | I10: =$C10*F10 -> 0 | J10: =各種係数!HT8 -> 0.0019060322 | K10: =C10*J10 -> 0 | L10: 0 | M10: =各種係数!C8 -> 0.86501193 | N10: =L10*M10 -> 0 | O10: =各種係数!J8 -> 0.00049406663 | P10: =各種係数!K8 -> 0 | Q10: =各種係数!L8 -> 0 | R10: =各種係数!M8 -> 0.19120558 | S10: =各種係数!N8 -> 0 | T10: =各種係数!O8 -> 0 | U10: =各種係数!P8 -> 0 | V10: =各種係数!Q8 -> 0.0013232803 | ... HV10: =各種係数!HQ8 -> 1.1660274e-05 | HW10: 0 | HX10: =$HW10*E10 -> 0 | HY10: =$HW10*F10 -> 0 | HZ10: =各種係数!HT8 -> 0.0019060322 | IA10: =HW10*HZ10 -> 0 | IB10: =HW10+C10 -> 0 | IC10: =H10+HX10 -> 0 | ID10: =I10+HY10 -> 0 | IE10: =各種係数!HT8 -> 0.0019060322 | IF10: =IB10*IE10 -> 0 | II10: =各種係数!I8 -> 0.00094803389 | IJ10: =$IH$6*II10 -> 0 | IK10: =各種係数!C8 -> 0.86501193 | IL10: =IJ10*IK10 -> 0 | IM10: 0 | IN10: =各種係数!E8 -> 0.58557783 | IO10: =IM10*IN10 -> 0 | IP10: =各種係数!F8 -> 0.41554083 | IQ10: =IM10*IP10 -> 0 | IR10: =各種係数!HT8 -> 0.0019060322 | IS10: =IM10*IR10 -> 0 | IT10: =C10+HW10+IM10 -> 0 | IU10: =H10+HX10+IO10 -> 0 | IV10: =I10+HY10+IQ10 -> 0 | IW10: =K10+IA10+IS10 -> 0
A11: 017 | B11: 漁業 | C11: ='計算2-1'!AC11 -> 0 | D11: =各種係数!D9 -> 0.37367223 | E11: =各種係数!E9 -> 0.62632777 | F11: =各種係数!F9 -> 0.17792109 | G11: =$C11*D11 -> 0 | H11: =$C11*E11 -> 0 | I11: =$C11*F11 -> 0 | J11: =各種係数!HT9 -> 0.0015402124 | K11: =C11*J11 -> 0 | L11: 0 | M11: =各種係数!C9 -> 0.46249767 | N11: =L11*M11 -> 0 | O11: =各種係数!J9 -> 0 | P11: =各種係数!K9 -> 0 | Q11: =各種係数!L9 -> 0 | R11: =各種係数!M9 -> 0 | S11: =各種係数!N9 -> 0.017450683 | T11: =各種係数!O9 -> 0 | U11: =各種係数!P9 -> 0 | V11: =各種係数!Q9 -> 0.0045462031 | ... HV11: =各種係数!HQ9 -> 7.8801014e-07 | HW11: 0 | HX11: =$HW11*E11 -> 0 | HY11: =$HW11*F11 -> 0 | HZ11: =各種係数!HT9 -> 0.0015402124 | IA11: =HW11*HZ11 -> 0 | IB11: =HW11+C11 -> 0 | IC11: =H11+HX11 -> 0 | ID11: =I11+HY11 -> 0 | IE11: =各種係数!HT9 -> 0.0015402124 | IF11: =IB11*IE11 -> 0 | II11: =各種係数!I9 -> 0.0014279687 | IJ11: =$IH$6*II11 -> 0 | IK11: =各種係数!C9 -> 0.46249767 | IL11: =IJ11*IK11 -> 0 | IM11: 0 | IN11: =各種係数!E9 -> 0.62632777 | IO11: =IM11*IN11 -> 0 | IP11: =各種係数!F9 -> 0.17792109 | IQ11: =IM11*IP11 -> 0 | IR11: =各種係数!HT9 -> 0.0015402124 | IS11: =IM11*IR11 -> 0 | IT11: =C11+HW11+IM11 -> 0 | IU11: =H11+HX11+IO11 -> 0 | IV11: =I11+HY11+IQ11 -> 0 | IW11: =K11+IA11+IS11 -> 0
A12: 061 | B12: 石炭・原油・天然ガス | C12: ='計算2-1'!AC12 -> 0 | D12: =各種係数!D10 -> 0.41216216 | E12: =各種係数!E10 -> 0.58783784 | F12: =各種係数!F10 -> 0.1036036 | G12: =$C12*D12 -> 0 | H12: =$C12*E12 -> 0 | I12: =$C12*F12 -> 0 | J12: =各種係数!HT10 -> 0.00013513514 | K12: =C12*J12 -> 0 | L12: 0 | M12: =各種係数!C10 -> 0.0082353378 | N12: =L12*M12 -> 0 | O12: =各種係数!J10 -> 0 | P12: =各種係数!K10 -> 0 | Q12: =各種係数!L10 -> 0 | R12: =各種係数!M10 -> 8.6051114e-05 | S12: =各種係数!N10 -> 0 | T12: =各種係数!O10 -> 0 | U12: =各種係数!P10 -> 0 | V12: =各種係数!Q10 -> 0.00014703115 | ... HV12: =各種係数!HQ10 -> 7.5134756e-06 | HW12: 0 | HX12: =$HW12*E12 -> 0 | HY12: =$HW12*F12 -> 0 | HZ12: =各種係数!HT10 -> 0.00013513514 | IA12: =HW12*HZ12 -> 0 | IB12: =HW12+C12 -> 0 | IC12: =H12+HX12 -> 0 | ID12: =I12+HY12 -> 0 | IE12: =各種係数!HT10 -> 0.00013513514 | IF12: =IB12*IE12 -> 0 | II12: =各種係数!I10 -> 0 | IJ12: =$IH$6*II12 -> 0 | IK12: =各種係数!C10 -> 0.0082353378 | IL12: =IJ12*IK12 -> 0 | IM12: 0 | IN12: =各種係数!E10 -> 0.58783784 | IO12: =IM12*IN12 -> 0 | IP12: =各種係数!F10 -> 0.1036036 | IQ12: =IM12*IP12 -> 0 | IR12: =各種係数!HT10 -> 0.00013513514 | IS12: =IM12*IR12 -> 0 | IT12: =C12+HW12+IM12 -> 0 | IU12: =H12+HX12+IO12 -> 0 | IV12: =I12+HY12+IQ12 -> 0 | IW12: =K12+IA12+IS12 -> 0
A13: 062 | B13: その他の鉱業 | C13: ='計算2-1'!AC13 -> 0 | D13: =各種係数!D11 -> 0.47957746 | E13: =各種係数!E11 -> 0.52042254 | F13: =各種係数!F11 -> 0.3 | G13: =$C13*D13 -> 0 | H13: =$C13*E13 -> 0 | I13: =$C13*F13 -> 0 | J13: =各種係数!HT11 -> 0.00075 | K13: =C13*J13 -> 0 | L13: 0 | M13: =各種係数!C11 -> 0.16315745 | N13: =L13*M13 -> 0 | O13: =各種係数!J11 -> 0 | P13: =各種係数!K11 -> 0 | Q13: =各種係数!L11 -> 0 | R13: =各種係数!M11 -> 0.00025815334 | S13: =各種係数!N11 -> 0 | T13: =各種係数!O11 -> 0 | U13: =各種係数!P11 -> 0.0028169014 | V13: =各種係数!Q11 -> 0 | ... HV13: =各種係数!HQ11 -> 2.5312625e-05 | HW13: 0 | HX13: =$HW13*E13 -> 0 | HY13: =$HW13*F13 -> 0 | HZ13: =各種係数!HT11 -> 0.00075 | IA13: =HW13*HZ13 -> 0 | IB13: =HW13+C13 -> 0 | IC13: =H13+HX13 -> 0 | ID13: =I13+HY13 -> 0 | IE13: =各種係数!HT11 -> 0.00075 | IF13: =IB13*IE13 -> 0 | II13: =各種係数!I11 -> 0 | IJ13: =$IH$6*II13 -> 0 | IK13: =各種係数!C11 -> 0.16315745 | IL13: =IJ13*IK13 -> 0 | IM13: 0 | IN13: =各種係数!E11 -> 0.52042254 | IO13: =IM13*IN13 -> 0 | IP13: =各種係数!F11 -> 0.3 | IQ13: =IM13*IP13 -> 0 | IR13: =各種係数!HT11 -> 0.00075 | IS13: =IM13*IR13 -> 0 | IT13: =C13+HW13+IM13 -> 0 | IU13: =H13+HX13+IO13 -> 0 | IV13: =I13+HY13+IQ13 -> 0 | IW13: =K13+IA13+IS13 -> 0
A14: 111 | B14: 食料品 | C14: ='計算2-1'!AC14 -> 0 | D14: =各種係数!D12 -> 0.6823098 | E14: =各種係数!E12 -> 0.3176902 | F14: =各種係数!F12 -> 0.146543 | G14: =$C14*D14 -> 0 | H14: =$C14*E14 -> 0 | I14: =$C14*F14 -> 0 | J14: =各種係数!HT12 -> 0.00051099205 | K14: =C14*J14 -> 0 | L14: 0 | M14: =各種係数!C12 -> 0.25667884 | N14: =L14*M14 -> 0 | O14: =各種係数!J12 -> 0 | P14: =各種係数!K12 -> 0.013210224 | Q14: =各種係数!L12 -> 0 | R14: =各種係数!M12 -> 0.020652267 | S14: =各種係数!N12 -> 0.012518968 | T14: =各種係数!O12 -> 0 | U14: =各種係数!P12 -> 0 | V14: =各種係数!Q12 -> 0.19451045 | ... HV14: =各種係数!HQ12 -> 3.9282942e-05 | HW14: 0 | HX14: =$HW14*E14 -> 0 | HY14: =$HW14*F14 -> 0 | HZ14: =各種係数!HT12 -> 0.00051099205 | IA14: =HW14*HZ14 -> 0 | IB14: =HW14+C14 -> 0 | IC14: =H14+HX14 -> 0 | ID14: =I14+HY14 -> 0 | IE14: =各種係数!HT12 -> 0.00051099205 | IF14: =IB14*IE14 -> 0 | II14: =各種係数!I12 -> 0.091784712 | IJ14: =$IH$6*II14 -> 0 | IK14: =各種係数!C12 -> 0.25667884 | IL14: =IJ14*IK14 -> 0 | IM14: 0 | IN14: =各種係数!E12 -> 0.3176902 | IO14: =IM14*IN14 -> 0 | IP14: =各種係数!F12 -> 0.146543 | IQ14: =IM14*IP14 -> 0 | IR14: =各種係数!HT12 -> 0.00051099205 | IS14: =IM14*IR14 -> 0 | IT14: =C14+HW14+IM14 -> 0 | IU14: =H14+HX14+IO14 -> 0 | IV14: =I14+HY14+IQ14 -> 0 | IW14: =K14+IA14+IS14 -> 0
A15: 112 | B15: 飲料 | C15: ='計算2-1'!AC15 -> 0 | D15: =各種係数!D13 -> 0.73735704 | E15: =各種係数!E13 -> 0.26264296 | F15: =各種係数!F13 -> 0.17965743 | G15: =$C15*D15 -> 0 | H15: =$C15*E15 -> 0 | I15: =$C15*F15 -> 0 | J15: =各種係数!HT13 -> 0.00047915876 | K15: =C15*J15 -> 0 | L15: 0 | M15: =各種係数!C13 -> 0.075791099 | N15: =L15*M15 -> 0 | O15: =各種係数!J13 -> 0 | P15: =各種係数!K13 -> 0.00016280206 | Q15: =各種係数!L13 -> 0 | R15: =各種係数!M13 -> 0 | S15: =各種係数!N13 -> 0.018968134 | T15: =各種係数!O13 -> 0 | U15: =各種係数!P13 -> 0 | V15: =各種係数!Q13 -> 0.00079984944 | ... HV15: =各種係数!HQ13 -> 0.00029527544 | HW15: 0 | HX15: =$HW15*E15 -> 0 | HY15: =$HW15*F15 -> 0 | HZ15: =各種係数!HT13 -> 0.00047915876 | IA15: =HW15*HZ15 -> 0 | IB15: =HW15+C15 -> 0 | IC15: =H15+HX15 -> 0 | ID15: =I15+HY15 -> 0 | IE15: =各種係数!HT13 -> 0.00047915876 | IF15: =IB15*IE15 -> 0 | II15: =各種係数!I13 -> 0.026900018 | IJ15: =$IH$6*II15 -> 0 | IK15: =各種係数!C13 -> 0.075791099 | IL15: =IJ15*IK15 -> 0 | IM15: 0 | IN15: =各種係数!E13 -> 0.26264296 | IO15: =IM15*IN15 -> 0 | IP15: =各種係数!F13 -> 0.17965743 | IQ15: =IM15*IP15 -> 0 | IR15: =各種係数!HT13 -> 0.00047915876 | IS15: =IM15*IR15 -> 0 | IT15: =C15+HW15+IM15 -> 0 | IU15: =H15+HX15+IO15 -> 0 | IV15: =I15+HY15+IQ15 -> 0 | IW15: =K15+IA15+IS15 -> 0
A16: 113 | B16: 飼料・有機質肥料（別掲を除く。） | C16: ='計算2-1'!AC16 -> 0 | D16: =各種係数!D14 -> 0.32255581 | E16: =各種係数!E14 -> 0.67744419 | F16: =各種係数!F14 -> 0.086220169 | G16: =$C16*D16 -> 0 | H16: =$C16*E16 -> 0 | I16: =$C16*F16 -> 0 | J16: =各種係数!HT14 -> 0.0001308699 | K16: =C16*J16 -> 0 | L16: 0 | M16: =各種係数!C14 -> 0.018157245 | N16: =L16*M16 -> 0 | O16: =各種係数!J14 -> 0.0076854808 | P16: =各種係数!K14 -> 0.29727655 | Q16: =各種係数!L14 -> 0.029736414 | R16: =各種係数!M14 -> 0.0043025557 | S16: =各種係数!N14 -> 0.02276176 | T16: =各種係数!O14 -> 0 | U16: =各種係数!P14 -> 0 | V16: =各種係数!Q14 -> -1.1762492e-05 | ... HV16: =各種係数!HQ14 -> 4.6633178e-08 | HW16: 0 | HX16: =$HW16*E16 -> 0 | HY16: =$HW16*F16 -> 0 | HZ16: =各種係数!HT14 -> 0.0001308699 | IA16: =HW16*HZ16 -> 0 | IB16: =HW16+C16 -> 0 | IC16: =H16+HX16 -> 0 | ID16: =I16+HY16 -> 0 | IE16: =各種係数!HT14 -> 0.0001308699 | IF16: =IB16*IE16 -> 0 | II16: =各種係数!I14 -> 0.00093797361 | IJ16: =$IH$6*II16 -> 0 | IK16: =各種係数!C14 -> 0.018157245 | IL16: =IJ16*IK16 -> 0 | IM16: 0 | IN16: =各種係数!E14 -> 0.67744419 | IO16: =IM16*IN16 -> 0 | IP16: =各種係数!F14 -> 0.086220169 | IQ16: =IM16*IP16 -> 0 | IR16: =各種係数!HT14 -> 0.0001308699 | IS16: =IM16*IR16 -> 0 | IT16: =C16+HW16+IM16 -> 0 | IU16: =H16+HX16+IO16 -> 0 | IV16: =I16+HY16+IQ16 -> 0 | IW16: =K16+IA16+IS16 -> 0
A17: 114 | B17: たばこ | C17: ='計算2-1'!AC17 -> 0 | D17: =各種係数!D15 -> 0 | E17: =各種係数!E15 -> 0 | F17: =各種係数!F15 -> 0 | G17: =$C17*D17 -> 0 | H17: =$C17*E17 -> 0 | I17: =$C17*F17 -> 0 | J17: =各種係数!HT15 -> 0 | K17: =C17*J17 -> 0 | L17: 0 | M17: =各種係数!C15 -> 0 | N17: =L17*M17 -> 0 | O17: =各種係数!J15 -> 0 | P17: =各種係数!K15 -> 0 | Q17: =各種係数!L15 -> 0 | R17: =各種係数!M15 -> 0 | S17: =各種係数!N15 -> 0 | T17: =各種係数!O15 -> 0 | U17: =各種係数!P15 -> 0 | V17: =各種係数!Q15 -> 0 | ... HV17: =各種係数!HQ15 -> 0 | HW17: 0 | HX17: =$HW17*E17 -> 0 | HY17: =$HW17*F17 -> 0 | HZ17: =各種係数!HT15 -> 0 | IA17: =HW17*HZ17 -> 0 | IB17: =HW17+C17 -> 0 | IC17: =H17+HX17 -> 0 | ID17: =I17+HY17 -> 0 | IE17: =各種係数!HT15 -> 0 | IF17: =IB17*IE17 -> 0 | II17: =各種係数!I15 -> 0.013265373 | IJ17: =$IH$6*II17 -> 0 | IK17: =各種係数!C15 -> 0 | IL17: =IJ17*IK17 -> 0 | IM17: 0 | IN17: =各種係数!E15 -> 0 | IO17: =IM17*IN17 -> 0 | IP17: =各種係数!F15 -> 0 | IQ17: =IM17*IP17 -> 0 | IR17: =各種係数!HT15 -> 0 | IS17: =IM17*IR17 -> 0 | IT17: =C17+HW17+IM17 -> 0 | IU17: =H17+HX17+IO17 -> 0 | IV17: =I17+HY17+IQ17 -> 0 | IW17: =K17+IA17+IS17 -> 0
A18: 151 | B18: 繊維工業製品 | C18: ='計算2-1'!AC18 -> 0 | D18: =各種係数!D16 -> 0.62797517 | E18: =各種係数!E16 -> 0.37202483 | F18: =各種係数!F16 -> 0.16929769 | G18: =$C18*D18 -> 0 | H18: =$C18*E18 -> 0 | I18: =$C18*F18 -> 0 | J18: =各種係数!HT16 -> 0.0007076878 | K18: =C18*J18 -> 0 | L18: 0 | M18: =各種係数!C16 -> 0.12746912 | N18: =L18*M18 -> 0 | O18: =各種係数!J16 -> 0.00011436727 | P18: =各種係数!K16 -> 0 | Q18: =各種係数!L16 -> 6.0317269e-05 | R18: =各種係数!M16 -> 0.0011186645 | S18: =各種係数!N16 -> 0.016312595 | T18: =各種係数!O16 -> 0 | U18: =各種係数!P16 -> 0 | V18: =各種係数!Q16 -> 2.9406229e-06 | ... HV18: =各種係数!HQ16 -> 1.7838875e-05 | HW18: 0 | HX18: =$HW18*E18 -> 0 | HY18: =$HW18*F18 -> 0 | HZ18: =各種係数!HT16 -> 0.0007076878 | IA18: =HW18*HZ18 -> 0 | IB18: =HW18+C18 -> 0 | IC18: =H18+HX18 -> 0 | ID18: =I18+HY18 -> 0 | IE18: =各種係数!HT16 -> 0.0007076878 | IF18: =IB18*IE18 -> 0 | II18: =各種係数!I16 -> 0.00035861956 | IJ18: =$IH$6*II18 -> 0 | IK18: =各種係数!C16 -> 0.12746912 | IL18: =IJ18*IK18 -> 0 | IM18: 0 | IN18: =各種係数!E16 -> 0.37202483 | IO18: =IM18*IN18 -> 0 | IP18: =各種係数!F16 -> 0.16929769 | IQ18: =IM18*IP18 -> 0 | IR18: =各種係数!HT16 -> 0.0007076878 | IS18: =IM18*IR18 -> 0 | IT18: =C18+HW18+IM18 -> 0 | IU18: =H18+HX18+IO18 -> 0 | IV18: =I18+HY18+IQ18 -> 0 | IW18: =K18+IA18+IS18 -> 0
A19: 152 | B19: 衣服・その他の繊維既製品 | C19: ='計算2-1'!AC19 -> 0 | D19: =各種係数!D17 -> 0.3446817 | E19: =各種係数!E17 -> 0.6553183 | F19: =各種係数!F17 -> 0.26888403 | G19: =$C19*D19 -> 0 | H19: =$C19*E19 -> 0 | I19: =$C19*F19 -> 0 | J19: =各種係数!HT17 -> 0.0011784253 | K19: =C19*J19 -> 0 | L19: 0 | M19: =各種係数!C17 -> 0.038671272 | N19: =L19*M19 -> 0 | O19: =各種係数!J17 -> 0.0032388812 | P19: =各種係数!K17 -> 0.00034886155 | Q19: =各種係数!L17 -> 0.0053682369 | R19: =各種係数!M17 -> 0.00017210223 | S19: =各種係数!N17 -> 0.0068285281 | T19: =各種係数!O17 -> 0.0022522523 | U19: =各種係数!P17 -> 0.0024647887 | V19: =各種係数!Q17 -> 0.00066752141 | ... HV19: =各種係数!HQ17 -> 3.2664886e-05 | HW19: 0 | HX19: =$HW19*E19 -> 0 | HY19: =$HW19*F19 -> 0 | HZ19: =各種係数!HT17 -> 0.0011784253 | IA19: =HW19*HZ19 -> 0 | IB19: =HW19+C19 -> 0 | IC19: =H19+HX19 -> 0 | ID19: =I19+HY19 -> 0 | IE19: =各種係数!HT17 -> 0.0011784253 | IF19: =IB19*IE19 -> 0 | II19: =各種係数!I17 -> 0.0155964 | IJ19: =$IH$6*II19 -> 0 | IK19: =各種係数!C17 -> 0.038671272 | IL19: =IJ19*IK19 -> 0 | IM19: 0 | IN19: =各種係数!E17 -> 0.6553183 | IO19: =IM19*IN19 -> 0 | IP19: =各種係数!F17 -> 0.26888403 | IQ19: =IM19*IP19 -> 0 | IR19: =各種係数!HT17 -> 0.0011784253 | IS19: =IM19*IR19 -> 0 | IT19: =C19+HW19+IM19 -> 0 | IU19: =H19+HX19+IO19 -> 0 | IV19: =I19+HY19+IQ19 -> 0 | IW19: =K19+IA19+IS19 -> 0
... A114: 691 | B114: 分類不明 | C114: ='計算2-1'!AC114 -> 0 | D114: =各種係数!D112 -> 0.34067669 | E114: =各種係数!E112 -> 0.65932331 | F114: =各種係数!F112 -> 0.016715486 | G114: =$C114*D114 -> 0 | H114: =$C114*E114 -> 0 | I114: =$C114*F114 -> 0 | J114: =各種係数!HT112 -> 1.5259678e-05 | K114: =C114*J114 -> 0 | L114: 0 | M114: =各種係数!C112 -> 1 | N114: =L114*M114 -> 0 | O114: =各種係数!J112 -> 0.010704777 | P114: =各種係数!K112 -> 0.00016280206 | Q114: =各種係数!L112 -> 0.0010857108 | R114: =各種係数!M112 -> 0.00068840891 | S114: =各種係数!N112 -> 0.0098634294 | T114: =各種係数!O112 -> 0.011261261 | U114: =各種係数!P112 -> 0.0080985915 | V114: =各種係数!Q112 -> 0.0046579467 | ... HV114: =各種係数!HQ112 -> 1.0012083 | HW114: 0 | HX114: =$HW114*E114 -> 0 | HY114: =$HW114*F114 -> 0 | HZ114: =各種係数!HT112 -> 1.5259678e-05 | IA114: =HW114*HZ114 -> 0 | IB114: =HW114+C114 -> 0 | IC114: =H114+HX114 -> 0 | ID114: =I114+HY114 -> 0 | IE114: =各種係数!HT112 -> 1.5259678e-05 | IF114: =IB114*IE114 -> 0 | II114: =各種係数!I112 -> 0 | IJ114: =$IH$6*II114 -> 0 | IK114: =各種係数!C112 -> 1 | IL114: =IJ114*IK114 -> 0 | IM114: 0 | IN114: =各種係数!E112 -> 0.65932331 | IO114: =IM114*IN114 -> 0 | IP114: =各種係数!F112 -> 0.016715486 | IQ114: =IM114*IP114 -> 0 | IR114: =各種係数!HT112 -> 1.5259678e-05 | IS114: =IM114*IR114 -> 0 | IT114: =C114+HW114+IM114 -> 0 | IU114: =H114+HX114+IO114 -> 0 | IV114: =I114+HY114+IQ114 -> 0 | IW114: =K114+IA114+IS114 -> 0

Sheet 生産者価格評価表（108部門）（山形県）
A1: 第108-1表 生産者価格評価表 （108部門表） | AB1: （単位:万円）
C2: 011 | D2: 012 | E2: 013 | F2: 015 | G2: 017 | H2: 061 | I2: 062 | J2: 111 | K2: 112 | L2: 113 | M2: 114 | N2: 151 | O2: 152 | P2: 161 | Q2: 162 | R2: 163 | S2: 164 | T2: 191 | U2: 201 | V2: 202 | W2: 203 | X2: 204 | Y2: 205 | Z2: 206 | AA2: 207 | AB2: 208 | AC2: 211 | AD2: 212 | AE2: 221 | AF2: 222 | AG2: 231 | AH2: 251 | AI2: 252 | AJ2: 253 | AK2: 259 | AL2: 261 | AM2: 262 | AN2: 263 | AO2: 269 | AP2: 271 | AQ2: 272 | AR2: 281 | AS2: 289 | AT2: 291 | AU2: 301 | AV2: 311 | AW2: 321 | AX2: 329 | AY2: 331 | AZ2: 332 | BA2: 333 | BB2: 339 | BC2: 341 | BD2: 342 | BE2: 351 | BF2: 352 | BG2: 353 | BH2: 354 | BI2: 359 | BJ2: 391 | BK2: 392 | BL2: 411 | BM2: 412 | BN2: 413 | BO2: 419 | BP2: 461 | BQ2: 462 | BR2: 471 | BS2: 481 | BT2: 511 | BU2: 531 | BV2: 551 | BW2: 552 | BX2: 553 | BY2: 571 | BZ2: 572 | CA2: 573 | CB2: 574 | CC2: 575 | CD2: 576 | CE2: 577 | CF2: 578 | CG2: 579 | CH2: 591 | CI2: 592 | CJ2: 593 | CK2: 594 | CL2: 595 | CM2: 611 | CN2: 631 | CO2: 632 | CP2: 641 | CQ2: 642 | CR2: 643 | CS2: 644 | CT2: 659 | CU2: 661 | CV2: 662 | CW2: 663 | CX2: 669 | CY2: 671 | CZ2: 672 | DA2: 673 | DB2: 674 | DC2: 675 | DD2: 679 | DE2: 681 | DF2: 691 | DG2: 700 | DH2: 711 | DI2: 721 | DJ2: 731 | DK2: 732 | DL2: 741 | DM2: 751 | DN2: 761 | DO2: 780 | DP2: 790 | DQ2: 810 | DR2: 820 | DS2: 830 | DT2: 870 | DU2: 880 | DV2: 970
C3: 耕種農業 | D3: 畜産 | E3: 農業サービス | F3: 林業 | G3: 漁業 | H3: 石炭・原油・ 天然ガス | I3: その他の鉱業 | J3: 食料品 | K3: 飲料 | L3: 飼料・ 有機質肥料 （別掲を除く。） | M3: たばこ | N3: 繊維工業製品 | O3: 衣服・その他の 繊維既製品 | P3: 木材・木製品 | Q3: 家具・装備品 | R3: パルプ・紙・ 板紙・加工紙 | S3: 紙加工品 | T3: 印刷・ 製版・製本 | U3: 化学肥料 | V3: 無機化学 工業製品 | W3: 石油化学系 基礎製品 | X3: 有機化学工業製品（石油化学系基礎製品・合成樹脂を除く。） | Y3: 合成樹脂 | Z3: 化学繊維 | AA3: 医薬品 | AB3: 化学最終製品 （医薬品を除く。） | AC3: 石油製品 | AD3: 石炭製品 | AE3: プラスチック 製品 | AF3: ゴム製品 | AG3: なめし革・ 革製品・毛皮 | AH3: ガラス・ ガラス製品 | AI3: セメント・ セメント製品 | AJ3: 陶磁器 | AK3: その他の窯業・ 土石製品 | AL3: 銑鉄・粗鋼 | AM3: 鋼材 | AN3: 鋳鍛造品（鉄） | AO3: その他の 鉄鋼製品 | AP3: 非鉄金属 製錬・精製 | AQ3: 非鉄金属 加工製品 | AR3: 建設用・建築用 金属製品 | AS3: その他の 金属製品 | AT3: はん用機械 | AU3: 生産用機械 | AV3: 業務用機械 | AW3: 電子デバイス | AX3: その他の 電子部品 | AY3: 産業用 電気機器 | AZ3: 民生用 電気機器 | BA3: 電子応用装置・ 電気計測器 | BB3: その他の 電気機械 | BC3: 通信・映像・ 音響機器 | BD3: 電子計算機・ 同附属装置 | BE3: 乗用車 | BF3: その他の 自動車 | BG3: 自動車部品・ 同附属品 | BH3: 船舶・同修理 | BI3: その他の輸送 機械・同修理 | BJ3: その他の 製造工業製品 | BK3: 再生資源回収・ 加工処理 | BL3: 建築 | BM3: 建設補修 | BN3: 公共事業 | BO3: その他の 土木建設 | BP3: 電気 | BQ3: ガス・熱供給 | BR3: 水道 | BS3: 廃棄物処理 | BT3: 商業 | BU3: 金融・保険 | BV3: 不動産仲介 及び賃貸 | BW3: 住宅賃貸料 | BX3: 住宅賃貸料 （帰属家賃） | BY3: 鉄道輸送 | BZ3: 道路輸送 （自家輸送を 除く。） | CA3: 自家輸送 | CB3: 水運 | CC3: 航空輸送 | CD3: 貨物利用運送 | CE3: 倉庫 | CF3: 運輸附帯 サービス | CG3: 郵便・信書便 | CH3: 通信 | CI3: 放送 | CJ3: 情報サービス | CK3: インターネット 附随サービス | CL3: 映像・音声・ 文字情報制作 | CM3: 公務 | CN3: 教育 | CO3: 研究 | CP3: 医療 | CQ3: 保健衛生 | CR3: 社会保険・ 社会福祉 | CS3: 介護 | CT3: 他に分類 されない 会員制団体 | CU3: 物品賃貸 サービス | CV3: 広告 | CW3: 自動車整備・ 機械修理 | CX3: その他の 対事業所 サービス | CY3: 宿泊業 | CZ3: 飲食サービス | DA3: 洗濯・理容・ 美容・浴場業 | DB3: 娯楽サービス | DC3: 獣医業 | DD3: その他の 対個人サービス | DE3: 事務用品 | DF3: 分類不明 | DG3: 内生部門計 | DH3: 家計外消費 支出（列） | DI3: 民間消費支出 | DJ3: 一般政府 消費支出 | DK3: 一般政府消費支出（社会資本等減耗分） | DL3: 県内総固定資本 形成（公的） | DM3: 県内総固定資本 形成（民間） | DN3: 在庫純増 | DO3: 県内最終 需要計 | DP3: 県内需要 合計 | DQ3: 移輸出 | DR3: 最終需要計 | DS3: 需要合計 | DT3: （控除） 移輸入 | DU3: 最終需要 部門計 | DV3: 県内生産額
A4: 011 | B4: 耕種農業 | C4: 3610 | D4: 3246 | E4: 165 | F4: 15 | G4: 0 | H4: 0 | I4: 0 | J4: 50718 | K4: 726 | L4: 105 | M4: 0 | N4: 339 | O4: 23 | P4: 1 | Q4: 0 | R4: 1 | S4: 0 | T4: 0 | U4: 0 | V4: 0 | W4: 0 | X4: 0 | Y4: 0 | Z4: 0 | AA4: 885 | AB4: 42 | AC4: 0 | AD4: 0 | AE4: 0 | AF4: 35 | AG4: 0 | AH4: 0 | AI4: 0 | AJ4: 0 | AK4: 0 | AL4: 0 | AM4: 0 | AN4: 0 | AO4: 0 | AP4: 0 | AQ4: 0 | AR4: 0 | AS4: 0 | AT4: 0 | AU4: 0 | AV4: 0 | AW4: 0 | AX4: 0 | AY4: 0 | AZ4: 0 | BA4: 0 | BB4: 0 | BC4: 0 | BD4: 0 | BE4: 0 | BF4: 0 | BG4: 0 | BH4: 0 | BI4: 0 | BJ4: 114 | BK4: 0 | BL4: 123 | BM4: 2 | BN4: 339 | BO4: 95 | BP4: 0 | BQ4: 0 | BR4: 0 | BS4: 0 | BT4: 85 | BU4: 0 | BV4: 0 | BW4: 0 | BX4: 3 | BY4: 0 | BZ4: 0 | CA4: 0 | CB4: 0 | CC4: 0 | CD4: 0 | CE4: 0 | CF4: 2 | CG4: 0 | CH4: 0 | CI4: 0 | CJ4: 0 | CK4: 0 | CL4: 0 | CM4: 5 | CN4: 235 | CO4: 3 | CP4: 239 | CQ4: 0 | CR4: 221 | CS4: 451 | CT4: 123 | CU4: 3 | CV4: 0 | CW4: 0 | CX4: 0 | CY4: 597 | CZ4: 1643 | DA4: 5 | DB4: 48 | DC4: 10 | DD4: 288 | DE4: 0 | DF4: 0 | DG4: 64545 | DH4: 420 | DI4: 22216 | DJ4: 0 | DK4: 0 | DL4: 0 | DM4: 1941 | DN4: 920 | DO4: 25497 | DP4: 90042 | DQ4: 155868 | DR4: 181365 | DS4: 245910 | DT4: -27316 | DU4: 154049 | DV4: 218594
A5: 012 | B5: 畜産 | C5: 636 | D5: 5929 | E5: 598 | F5: 2 | G5: 0 | H5: 0 | I5: 0 | J5: 38452 | K5: 0 | L5: 18 | M5: 0 | N5: 18 | O5: 1 | P5: 0 | Q5: 0 | R5: 0 | S5: 0 | T5: 0 | U5: 0 | V5: 0 | W5: 0 | X5: 0 | Y5: 0 | Z5: 0 | AA5: 6 | AB5: 0 | AC5: 0 | AD5: 0 | AE5: 0 | AF5: 0 | AG5: 208 | AH5: 0 | AI5: 0 | AJ5: 0 | AK5: 0 | AL5: 0 | AM5: 0 | AN5: 0 | AO5: 0 | AP5: 0 | AQ5: 0 | AR5: 0 | AS5: 0 | AT5: 0 | AU5: 0 | AV5: 0 | AW5: 0 | AX5: 0 | AY5: 0 | AZ5: 0 | BA5: 0 | BB5: 0 | BC5: 0 | BD5: 0 | BE5: 0 | BF5: 0 | BG5: 0 | BH5: 0 | BI5: 0 | BJ5: 1 | BK5: 0 | BL5: 0 | BM5: 0 | BN5: 0 | BO5: 0 | BP5: 0 | BQ5: 0 | BR5: 0 | BS5: 0 | BT5: 0 | BU5: 0 | BV5: 0 | BW5: 0 | BX5: 0 | BY5: 0 | BZ5: 0 | CA5: 0 | CB5: 0 | CC5: 0 | CD5: 0 | CE5: 0 | CF5: 0 | CG5: 0 | CH5: 0 | CI5: 0 | CJ5: 0 | CK5: 0 | CL5: 0 | CM5: 1 | CN5: 28 | CO5: 82 | CP5: 31 | CQ5: 0 | CR5: 37 | CS5: 83 | CT5: 0 | CU5: 0 | CV5: 0 | CW5: 0 | CX5: 0 | CY5: 71 | CZ5: 396 | DA5: 0 | DB5: 0 | DC5: 0 | DD5: 12 | DE5: 0 | DF5: 0 | DG5: 46610 | DH5: 0 | DI5: 1650 | DJ5: 0 | DK5: 0 | DL5: 0 | DM5: 1809 | DN5: 268 | DO5: 3727 | DP5: 50337 | DQ5: 26987 | DR5: 30714 | DS5: 77324 | DT5: -34327 | DU5: -3613 | DV5: 42997
A6: 013 | B6: 農業サービス | C6: 15640 | D6: 939 | E6: 0 | F6: 0 | G6: 0 | H6: 0 | I6: 0 | J6: 0 | K6: 0 | L6: 0 | M6: 0 | N6: 0 | O6: 0 | P6: 0 | Q6: 0 | R6: 0 | S6: 0 | T6: 0 | U6: 0 | V6: 0 | W6: 0 | X6: 0 | Y6: 0 | Z6: 0 | AA6: 0 | AB6: 0 | AC6: 0 | AD6: 0 | AE6: 0 | AF6: 0 | AG6: 0 | AH6: 0 | AI6: 0 | AJ6: 0 | AK6: 0 | AL6: 0 | AM6: 0 | AN6: 0 | AO6: 0 | AP6: 0 | AQ6: 0 | AR6: 0 | AS6: 0 | AT6: 0 | AU6: 0 | AV6: 0 | AW6: 0 | AX6: 0 | AY6: 0 | AZ6: 0 | BA6: 0 | BB6: 0 | BC6: 0 | BD6: 0 | BE6: 0 | BF6: 0 | BG6: 0 | BH6: 0 | BI6: 0 | BJ6: 0 | BK6: 0 | BL6: 0 | BM6: 0 | BN6: 0 | BO6: 0 | BP6: 0 | BQ6: 0 | BR6: 0 | BS6: 0 | BT6: 0 | BU6: 0 | BV6: 0 | BW6: 0 | BX6: 0 | BY6: 0 | BZ6: 0 | CA6: 0 | CB6: 0 | CC6: 0 | CD6: 0 | CE6: 0 | CF6: 0 | CG6: 0 | CH6: 0 | CI6: 0 | CJ6: 0 | CK6: 0 | CL6: 0 | CM6: 0 | CN6: 0 | CO6: 0 | CP6: 0 | CQ6: 0 | CR6: 0 | CS6: 0 | CT6: 0 | CU6: 0 | CV6: 0 | CW6: 0 | CX6: 0 | CY6: 0 | CZ6: 0 | DA6: 0 | DB6: 0 | DC6: 0 | DD6: 0 | DE6: 0 | DF6: 0 | DG6: 16579 | DH6: 0 | DI6: 0 | DJ6: 0 | DK6: 0 | DL6: 0 | DM6: 0 | DN6: 0 | DO6: 0 | DP6: 16579 | DQ6: 0 | DR6: 0 | DS6: 16579 | DT6: 0 | DU6: 0 | DV6: 16579
A7: 015 | B7: 林業 | C7: 108 | D7: 0 | E7: 0 | F7: 2222 | G7: 0 | H7: 0 | I7: 0 | J7: 450 | K7: 0 | L7: 1 | M7: 0 | N7: 0 | O7: 0 | P7: 2653 | Q7: 0 | R7: 0 | S7: 0 | T7: 0 | U7: 0 | V7: 2 | W7: 0 | X7: 0 | Y7: 0 | Z7: 0 | AA7: 0 | AB7: 11 | AC7: 0 | AD7: 0 | AE7: 0 | AF7: 0 | AG7: 10 | AH7: 0 | AI7: 0 | AJ7: 0 | AK7: 0 | AL7: 0 | AM7: 0 | AN7: 0 | AO7: 0 | AP7: 0 | AQ7: 0 | AR7: 0 | AS7: 0 | AT7: 0 | AU7: 0 | AV7: 0 | AW7: 0 | AX7: 0 | AY7: 0 | AZ7: 0 | BA7: 0 | BB7: 0 | BC7: 0 | BD7: 0 | BE7: 0 | BF7: 0 | BG7: 0 | BH7: 0 | BI7: 0 | BJ7: 35 | BK7: 0 | BL7: 3 | BM7: 4 | BN7: 29 | BO7: 1 | BP7: 0 | BQ7: 0 | BR7: 0 | BS7: 0 | BT7: 0 | BU7: 0 | BV7: 0 | BW7: 0 | BX7: 0 | BY7: 0 | BZ7: 0 | CA7: 0 | CB7: 0 | CC7: 0 | CD7: 0 | CE7: 0 | CF7: 0 | CG7: 0 | CH7: 0 | CI7: 0 | CJ7: 0 | CK7: 0 | CL7: 0 | CM7: 1 | CN7: 10 | CO7: 0 | CP7: 2 | CQ7: 0 | CR7: 9 | CS7: 21 | CT7: 0 | CU7: 0 | CV7: 0 | CW7: 0 | CX7: 0 | CY7: 58 | CZ7: 220 | DA7: 0 | DB7: 0 | DC7: 0 | DD7: 11 | DE7: 0 | DF7: 0 | DG7: 5861 | DH7: 26 | DI7: 1602 | DJ7: 0 | DK7: 0 | DL7: 0 | DM7: 0 | DN7: 2986 | DO7: 4614 | DP7: 10475 | DQ7: 2560 | DR7: 7174 | DS7: 13035 | DT7: -1414 | DU7: 5760 | DV7: 11621
A8: 017 | B8: 漁業 | C8: 0 | D8: 0 | E8: 0 | F8: 0 | G8: 46 | H8: 0 | I8: 0 | J8: 1546 | K8: 0 | L8: 1 | M8: 0 | N8: 0 | O8: 0 | P8: 0 | Q8: 0 | R8: 0 | S8: 0 | T8: 0 | U8: 0 | V8: 0 | W8: 0 | X8: 0 | Y8: 0 | Z8: 0 | AA8: 50 | AB8: 0 | AC8: 0 | AD8: 0 | AE8: 0 | AF8: 0 | AG8: 0 | AH8: 0 | AI8: 0 | AJ8: 0 | AK8: 0 | AL8: 0 | AM8: 0 | AN8: 0 | AO8: 0 | AP8: 0 | AQ8: 0 | AR8: 0 | AS8: 0 | AT8: 0 | AU8: 0 | AV8: 0 | AW8: 0 | AX8: 0 | AY8: 0 | AZ8: 0 | BA8: 0 | BB8: 0 | BC8: 0 | BD8: 0 | BE8: 0 | BF8: 0 | BG8: 0 | BH8: 0 | BI8: 0 | BJ8: 64 | BK8: 0 | BL8: 0 | BM8: 0 | BN8: 0 | BO8: 0 | BP8: 0 | BQ8: 0 | BR8: 0 | BS8: 0 | BT8: 0 | BU8: 0 | BV8: 0 | BW8: 0 | BX8: 0 | BY8: 0 | BZ8: 0 | CA8: 0 | CB8: 0 | CC8: 0 | CD8: 0 | CE8: 0 | CF8: 0 | CG8: 0 | CH8: 0 | CI8: 0 | CJ8: 0 | CK8: 0 | CL8: 0 | CM8: 2 | CN8: 9 | CO8: 1 | CP8: 41 | CQ8: 0 | CR8: 48 | CS8: 114 | CT8: 0 | CU8: 0 | CV8: 0 | CW8: 0 | CX8: 0 | CY8: 205 | CZ8: 700 | DA8: 0 | DB8: 1 | DC8: 0 | DD8: 27 | DE8: 0 | DF8: 0 | DG8: 2855 | DH8: 108 | DI8: 2413 | DJ8: 0 | DK8: 0 | DL8: 0 | DM8: 0 | DN8: -3 | DO8: 2518 | DP8: 5373 | DQ8: 151 | DR8: 2669 | DS8: 5524 | DT8: -2888 | DU8: -219 | DV8: 2636
A9: 061 | B9: 石炭・原油・天然ガス | C9: 0 | D9: 0 | E9: 0 | F9: 1 | G9: 0 | H9: 0 | I9: 0 | J9: 50 | K9: 11 | L9: 0 | M9: 0 | N9: 8 | O9: 0 | P9: 0 | Q9: 0 | R9: 6 | S9: 0 | T9: 0 | U9: 0 | V9: 2 | W9: 0 | X9: 28 | Y9: 0 | Z9: 0 | AA9: 50 | AB9: 6 | AC9: 3 | AD9: 0 | AE9: 1 | AF9: 0 | AG9: 0 | AH9: 348 | AI9: 10 | AJ9: 4 | AK9: 109 | AL9: 0 | AM9: 0 | AN9: 5 | AO9: 0 | AP9: 8 | AQ9: 7 | AR9: 1 | AS9: 3 | AT9: 1 | AU9: 5 | AV9: 0 | AW9: 4 | AX9: 53 | AY9: 3 | AZ9: 0 | BA9: 0 | BB9: 0 | BC9: 0 | BD9: 0 | BE9: 0 | BF9: 0 | BG9: 11 | BH9: 0 | BI9: 0 | BJ9: 1 | BK9: 1 | BL9: 0 | BM9: 0 | BN9: 1 | BO9: 0 | BP9: 22050 | BQ9: 3540 | BR9: 0 | BS9: 0 | BT9: 1 | BU9: 0 | BV9: 0 | BW9: 0 | BX9: 0 | BY9: 0 | BZ9: 0 | CA9: 0 | CB9: 0 | CC9: 0 | CD9: 0 | CE9: 0 | CF9: 0 | CG9: 0 | CH9: 0 | CI9: 0 | CJ9: 0 | CK9: 0 | CL9: 0 | CM9: 0 | CN9: 0 | CO9: 1 | CP9: 2 | CQ9: 0 | CR9: 0 | CS9: 1 | CT9: 2 | CU9: 1 | CV9: 0 | CW9: 0 | CX9: 0 | CY9: 2 | CZ9: 0 | DA9: 1 | DB9: 0 | DC9: 0 | DD9: 0 | DE9: 0 | DF9: 0 | DG9: 26342 | DH9: 0 | DI9: 0 | DJ9: 0 | DK9: 0 | DL9: 0 | DM9: 0 | DN9: 615 | DO9: 615 | DP9: 26957 | DQ9: 222 | DR9: 837 | DS9: 27179 | DT9: -26735 | DU9: -25898 | DV9: 444
A10: 062 | B10: その他の鉱業 | C10: 0 | D10: 0 | E10: 0 | F10: 3 | G10: 0 | H10: 0 | I10: 8 | J10: 0 | K10: 0 | L10: 1 | M10: 0 | N10: 0 | O10: 0 | P10: 0 | Q10: 0 | R10: 1 | S10: 1 | T10: 0 | U10: 0 | V10: 180 | W10: 0 | X10: 0 | Y10: 0 | Z10: 0 | AA10: 37 | AB10: 13 | AC10: 0 | AD10: 188 | AE10: 0 | AF10: 0 | AG10: 1 | AH10: 2020 | AI10: 578 | AJ10: 22 | AK10: 280 | AL10: 0 | AM10: 0 | AN10: 2 | AO10: 0 | AP10: 7179 | AQ10: 2 | AR10: 3 | AS10: 0 | AT10: 0 | AU10: 2 | AV10: 8 | AW10: 0 | AX10: 0 | AY10: 0 | AZ10: 0 | BA10: 0 | BB10: 0 | BC10: 0 | BD10: 0 | BE10: 0 | BF10: 0 | BG10: 0 | BH10: 0 | BI10: 0 | BJ10: 107 | BK10: 0 | BL10: 243 | BM10: 15 | BN10: 757 | BO10: 238 | BP10: -2 | BQ10: 0 | BR10: 0 | BS10: 0 | BT10: 0 | BU10: 0 | BV10: 0 | BW10: 0 | BX10: 0 | BY10: 0 | BZ10: 0 | CA10: 0 | CB10: 0 | CC10: 0 | CD10: 0 | CE10: 0 | CF10: 0 | CG10: 0 | CH10: 0 | CI10: 0 | CJ10: 0 | CK10: 0 | CL10: 0 | CM10: 3 | CN10: 0 | CO10: 0 | CP10: 0 | CQ10: 0 | CR10: 0 | CS10: 0 | CT10: 0 | CU10: 0 | CV10: 0 | CW10: 0 | CX10: 0 | CY10: -2 | CZ10: -4 | DA10: 0 | DB10: 1 | DC10: 0 | DD10: 1 | DE10: 0 | DF10: 7 | DG10: 11893 | DH10: -39 | DI10: -37 | DJ10: 0 | DK10: 0 | DL10: 0 | DM10: -36 | DN10: 140 | DO10: 28 | DP10: 11921 | DQ10: 895 | DR10: 923 | DS10: 12816 | DT10: -9976 | DU10: -9053 | DV10: 2840
A11: 111 | B11: 食料品 | C11: 0 | D11: 568 | E11: 0 | F11: 240 | G11: 33 | H11: 0 | I11: 0 | J11: 66146 | K11: 5729 | L11: 159 | M11: 0 | N11: 1 | O11: 36 | P11: 12 | Q11: 0 | R11: 38 | S11: 3 | T11: 0 | U11: 0 | V11: 1 | W11: 0 | X11: 3 | Y11: 0 | Z11: 0 | AA11: 3628 | AB11: 526 | AC11: 0 | AD11: 0 | AE11: 1 | AF11: 0 | AG11: 202 | AH11: 0 | AI11: 0 | AJ11: 0 | AK11: 20 | AL11: 0 | AM11: 0 | AN11: 0 | AO11: 0 | AP11: 0 | AQ11: 0 | AR11: 0 | AS11: 0 | AT11: 0 | AU11: 0 | AV11: 0 | AW11: 0 | AX11: 0 | AY11: 0 | AZ11: 0 | BA11: 0 | BB11: 0 | BC11: 0 | BD11: 0 | BE11: 0 | BF11: 0 | BG11: 0 | BH11: 0 | BI11: 0 | BJ11: 425 | BK11: 0 | BL11: 0 | BM11: 0 | BN11: 0 | BO11: 0 | BP11: 0 | BQ11: 0 | BR11: 0 | BS11: 0 | BT11: 0 | BU11: 0 | BV11: 0 | BW11: 0 | BX11: 0 | BY11: 0 | BZ11: 0 | CA11: 0 | CB11: 0 | CC11: 0 | CD11: 0 | CE11: 0 | CF11: 1 | CG11: 0 | CH11: 0 | CI11: 0 | CJ11: 0 | CK11: 0 | CL11: 0 | CM11: 279 | CN11: 1105 | CO11: 13 | CP11: 945 | CQ11: 0 | CR11: 1005 | CS11: 2216 | CT11: 92 | CU11: 0 | CV11: 0 | CW11: 0 | CX11: 0 | CY11: 2625 | CZ11: 15807 | DA11: 0 | DB11: 1 | DC11: 0 | DD11: 452 | DE11: 0 | DF11: 0 | DG11: 102312 | DH11: 3796 | DI11: 155099 | DJ11: 0 | DK11: 0 | DL11: 0 | DM11: 0 | DN11: -1918 | DO11: 156977 | DP11: 259289 | DQ11: 273510 | DR11: 430487 | DS11: 532799 | DT11: -192735 | DU11: 237752 | DV11: 340064
A12: 112 | B12: 飲料 | C12: 0 | D12: 7 | E12: 0 | F12: 0 | G12: 50 | H12: 0 | I12: 0 | J12: 272 | K12: 2658 | L12: 0 | M12: 0 | N12: 0 | O12: 0 | P12: 0 | Q12: 0 | R12: 0 | S12: 0 | T12: 0 | U12: 0 | V12: 0 | W12: 0 | X12: 0 | Y12: 0 | Z12: 0 | AA12: 31 | AB12: 0 | AC12: 0 | AD12: 0 | AE12: 0 | AF12: 0 | AG12: 0 | AH12: 0 | AI12: 0 | AJ12: 0 | AK12: 0 | AL12: 0 | AM12: 0 | AN12: 0 | AO12: 0 | AP12: 0 | AQ12: 0 | AR12: 0 | AS12: 0 | AT12: 0 | AU12: 0 | AV12: 0 | AW12: 0 | AX12: 0 | AY12: 0 | AZ12: 0 | BA12: 0 | BB12: 0 | BC12: 0 | BD12: 0 | BE12: 0 | BF12: 0 | BG12: 0 | BH12: 0 | BI12: 0 | BJ12: 0 | BK12: 0 | BL12: 0 | BM12: 0 | BN12: 0 | BO12: 0 | BP12: 0 | BQ12: 0 | BR12: 0 | BS12: 0 | BT12: 53 | BU12: 0 | BV12: 0 | BW12: 0 | BX12: 0 | BY12: 0 | BZ12: 0 | CA12: 0 | CB12: 0 | CC12: 0 | CD12: 0 | CE12: 0 | CF12: 3 | CG12: 0 | CH12: 0 | CI12: 0 | CJ12: 0 | CK12: 0 | CL12: 0 | CM12: 23 | CN12: 11 | CO12: 0 | CP12: 112 | CQ12: 0 | CR12: 83 | CS12: 183 | CT12: 0 | CU12: 0 | CV12: 0 | CW12: 0 | CX12: 1 | CY12: 785 | CZ12: 6221 | DA12: 0 | DB12: 0 | DC12: 0 | DD12: 105 | DE12: 0 | DF12: 220 | DG12: 10818 | DH12: 2038 | DI12: 45456 | DJ12: 0 | DK12: 0 | DL12: 0 | DM12: 0 | DN12: -7 | DO12: 47487 | DP12: 58305 | DQ12: 32479 | DR12: 79966 | DS12: 90784 | DT12: -53886 | DU12: 26080 | DV12: 36898
A13: 113 | B13: 飼料・有機質肥料（別掲を除く。） | C13: 1680 | D13: 12782 | E13: 493 | F13: 50 | G13: 60 | H13: 0 | I13: 0 | J13: -4 | K13: 0 | L13: 17 | M13: 0 | N13: 0 | O13: 0 | P13: 0 | Q13: 0 | R13: 0 | S13: 0 | T13: 0 | U13: 0 | V13: 0 | W13: 0 | X13: 0 | Y13: 0 | Z13: 0 | AA13: 0 | AB13: 0 | AC13: 0 | AD13: 0 | AE13: 0 | AF13: 0 | AG13: 0 | AH13: 0 | AI13: 0 | AJ13: 0 | AK13: 0 | AL13: 0 | AM13: 0 | AN13: 0 | AO13: 0 | AP13: 0 | AQ13: 0 | AR13: 0 | AS13: 0 | AT13: 0 | AU13: 0 | AV13: 0 | AW13: 0 | AX13: 0 | AY13: 0 | AZ13: 0 | BA13: 0 | BB13: 0 | BC13: 0 | BD13: 0 | BE13: 0 | BF13: 0 | BG13: 0 | BH13: 0 | BI13: 0 | BJ13: 0 | BK13: 0 | BL13: 0 | BM13: 0 | BN13: 43 | BO13: 0 | BP13: 0 | BQ13: 0 | BR13: 0 | BS13: 0 | BT13: 30 | BU13: 0 | BV13: 0 | BW13: 0 | BX13: 0 | BY13: 0 | BZ13: 0 | CA13: 0 | CB13: 0 | CC13: 0 | CD13: 0 | CE13: 0 | CF13: 0 | CG13: 0 | CH13: 0 | CI13: 0 | CJ13: 0 | CK13: 0 | CL13: 0 | CM13: 0 | CN13: 87 | CO13: 112 | CP13: 20 | CQ13: 0 | CR13: 6 | CS13: 3 | CT13: 0 | CU13: 0 | CV13: 0 | CW13: 0 | CX13: 0 | CY13: 0 | CZ13: 0 | DA13: 0 | DB13: 26 | DC13: 30 | DD13: 0 | DE13: 0 | DF13: 0 | DG13: 15435 | DH13: 0 | DI13: 1585 | DJ13: 0 | DK13: 0 | DL13: 0 | DM13: 0 | DN13: -2 | DO13: 1583 | DP13: 17018 | DQ13: 990 | DR13: 2573 | DS13: 18008 | DT13: -16709 | DU13: -14136 | DV13: 1299
A14: 114 | B14: たばこ | C14: 0 | D14: 0 | E14: 0 | F14: 0 | G14: 0 | H14: 0 | I14: 0 | J14: 0 | K14: 0 | L14: 0 | M14: 0 | N14: 0 | O14: 0 | P14: 0 | Q14: 0 | R14: 0 | S14: 0 | T14: 0 | U14: 0 | V14: 0 | W14: 0 | X14: 0 | Y14: 0 | Z14: 0 | AA14: 0 | AB14: 0 | AC14: 0 | AD14: 0 | AE14: 0 | AF14: 0 | AG14: 0 | AH14: 0 | AI14: 0 | AJ14: 0 | AK14: 0 | AL14: 0 | AM14: 0 | AN14: 0 | AO14: 0 | AP14: 0 | AQ14: 0 | AR14: 0 | AS14: 0 | AT14: 0 | AU14: 0 | AV14: 0 | AW14: 0 | AX14: 0 | AY14: 0 | AZ14: 0 | BA14: 0 | BB14: 0 | BC14: 0 | BD14: 0 | BE14: 0 | BF14: 0 | BG14: 0 | BH14: 0 | BI14: 0 | BJ14: 0 | BK14: 0 | BL14: 0 | BM14: 0 | BN14: 0 | BO14: 0 | BP14: 0 | BQ14: 0 | BR14: 0 | BS14: 0 | BT14: 0 | BU14: 0 | BV14: 0 | BW14: 0 | BX14: 0 | BY14: 0 | BZ14: 0 | CA14: 0 | CB14: 0 | CC14: 0 | CD14: 0 | CE14: 0 | CF14: 0 | CG14: 0 | CH14: 0 | CI14: 0 | CJ14: 0 | CK14: 0 | CL14: 0 | CM14: 0 | CN14: 0 | CO14: 0 | CP14: 0 | CQ14: 0 | CR14: 0 | CS14: 0 | CT14: 0 | CU14: 0 | CV14: 0 | CW14: 0 | CX14: 0 | CY14: 0 | CZ14: 0 | DA14: 0 | DB14: 0 | DC14: 0 | DD14: 0 | DE14: 0 | DF14: 0 | DG14: 0 | DH14: 1355 | DI14: 22416 | DJ14: 0 | DK14: 0 | DL14: 0 | DM14: 0 | DN14: -127 | DO14: 23644 | DP14: 23644 | DQ14: 0 | DR14: 23644 | DS14: 23644 | DT14: -23644 | DU14: 0 | DV14: 0
A15: 151 | B15: 繊維工業製品 | C15: 25 | D15: 0 | E15: 1 | F15: 13 | G15: 43 | H15: 0 | I15: 0 | J15: 1 | K15: 0 | L15: 0 | M15: 0 | N15: 3483 | O15: 9859 | P15: 10 | Q15: 67 | R15: 1 | S15: 339 | T15: 6 | U15: 0 | V15: 0 | W15: 0 | X15: 0 | Y15: 0 | Z15: 0 | AA15: 0 | AB15: 3 | AC15: 0 | AD15: 0 | AE15: 17 | AF15: 18 | AG15: 556 | AH15: -1 | AI15: 0 | AJ15: 0 | AK15: 11 | AL15: 0 | AM15: 0 | AN15: 0 | AO15: 0 | AP15: 0 | AQ15: 3 | AR15: 7 | AS15: 11 | AT15: 2 | AU15: 38 | AV15: 41 | AW15: 75 | AX15: 66 | AY15: 0 | AZ15: 7 | BA15: 0 | BB15: 0 | BC15: 3 | BD15: 0 | BE15: 0 | BF15: 0 | BG15: 43 | BH15: 1 | BI15: 0 | BJ15: 413 | BK15: 0 | BL15: 107 | BM15: 251 | BN15: 108 | BO15: 13 | BP15: 0 | BQ15: 0 | BR15: 3 | BS15: 3 | BT15: 168 | BU15: 1 | BV15: 0 | BW15: 0 | BX15: 0 | BY15: 4 | BZ15: 10 | CA15: 2 | CB15: 11 | CC15: 0 | CD15: 0 | CE15: 5 | CF15: 14 | CG15: 0 | CH15: 1 | CI15: 0 | CJ15: 12 | CK15: 0 | CL15: 0 | CM15: 29 | CN15: 0 | CO15: 0 | CP15: 26 | CQ15: 46 | CR15: 8 | CS15: 7 | CT15: 8 | CU15: 4 | CV15: 0 | CW15: 2 | CX15: 60 | CY15: 34 | CZ15: 0 | DA15: 4 | DB15: 87 | DC15: 0 | DD15: 13 | DE15: 159 | DF15: 3 | DG15: 16365 | DH15: 8 | DI15: 606 | DJ15: 0 | DK15: 0 | DL15: 14 | DM15: 245 | DN15: -481 | DO15: 392 | DP15: 16757 | DQ15: 18325 | DR15: 18717 | DS15: 35082 | DT15: -14621 | DU15: 4096 | DV15: 20461
... A112: 700 | B112: 内生部門計 | C112: 95768 | D112: 31271 | E112: 6157 | F112: 4816 | G112: 985 | H112: 183 | I112: 1362 | J112: 232029 | K112: 27207 | L112: 419 | M112: 0 | N112: 12849 | O112: 22405 | P112: 10049 | Q112: 10030 | R112: 5673 | S112: 27560 | T112: 9933 | U112: 0 | V112: 6186 | W112: 0 | X112: 3339 | Y112: 5 | Z112: 0 | AA112: 169245 | AB112: 28211 | AC112: 3 | AD112: 2175 | AE112: 36702 | AF112: 1098 | AG112: 9097 | AH112: 22938 | AI112: 10836 | AJ112: 256 | AK112: 11203 | AL112: 237 | AM112: 0 | AN112: 4674 | AO112: 3190 | AP112: 17240 | AQ112: 14667 | AR112: 20544 | AS112: 16069 | AT112: 18557 | AU112: 80202 | AV112: 32875 | AW112: 29308 | AX112: 254642 | AY112: 65503 | AZ112: 1719 | BA112: 7212 | BB112: 9885 | BC112: 14402 | BD112: 87991 | BE112: 0 | BF112: 1763 | BG112: 66174 | BH112: 444 | BI112: 6024 | BJ112: 66004 | BK112: 3394 | BL112: 117563 | BM112: 50509 | BN112: 95335 | BO112: 26464 | BP112: 72270 | BQ112: 6183 | BR112: 23194 | BS112: 16557 | BT112: 169963 | BU112: 82398 | BV112: 10530 | BW112: 14737 | BX112: 45354 | BY112: 2278 | BZ112: 26527 | CA112: 113943 | CB112: 2682 | CC112: 1092 | CD112: 181 | CE112: 3207 | CF112: 7381 | CG112: 1642 | CH112: 55150 | CI112: 11653 | CJ112: 10702 | CK112: 2237 | CL112: 6755 | CM112: 119850 | CN112: 44882 | CO112: 30906 | CP112: 176992 | CQ112: 8830 | CR112: 34811 | CS112: 26701 | CT112: 22760 | CU112: 13239 | CV112: 7914 | CW112: 35496 | CX112: 50398 | CY112: 21433 | CZ112: 53896 | DA112: 9118 | DB112: 10850 | DC112: 1085 | DD112: 12882 | DE112: 10924 | DF112: 19423 | DG112: 3311587 | DH112: 79716 | DI112: 2135418 | DJ112: 892170 | DK112: 223492 | DL112: 361427 | DM112: 736966 | DN112: 7084 | DO112: 4436273 | DP112: 7747860 | DQ112: 3008990 | DR112: 7445263 | DS112: 10756850 | DT112: -3193578 | DU112: 4251685 | DV112: 7563272
A113: 711 | B113: 家計外消費支出（行） | C113: 474 | D113: 56 | E113: 24 | F113: 133 | G113: 82 | H113: 10 | I113: 59 | J113: 1999 | K113: 107 | L113: 8 | M113: 0 | N113: 199 | O113: 863 | P113: 166 | Q113: 257 | R113: 129 | S113: 821 | T113: 289 | U113: 0 | V113: 224 | W113: 0 | X113: 49 | Y113: 0 | Z113: 0 | AA113: 5341 | AB113: 763 | AC113: 0 | AD113: 26 | AE113: 895 | AF113: 49 | AG113: 212 | AH113: 479 | AI113: 200 | AJ113: 2 | AK113: 413 | AL113: 5 | AM113: 0 | AN113: 64 | AO113: 15 | AP113: 115 | AQ113: 151 | AR113: 491 | AS113: 410 | AT113: 785 | AU113: 2356 | AV113: 484 | AW113: 900 | AX113: 2978 | AY113: 1237 | AZ113: 55 | BA113: 222 | BB113: 184 | BC113: 226 | BD113: 5484 | BE113: 0 | BF113: 12 | BG113: 490 | BH113: 7 | BI113: 56 | BJ113: 1101 | BK113: 26 | BL113: 3409 | BM113: 1352 | BN113: 2217 | BO113: 603 | BP113: 880 | BQ113: 73 | BR113: 200 | BS113: 882 | BT113: 8714 | BU113: 5611 | BV113: 217 | BW113: 188 | BX113: 0 | BY113: 111 | BZ113: 825 | CA113: 0 | CB113: 42 | CC113: 14 | CD113: 7 | CE113: 111 | CF113: 420 | CG113: 25 | CH113: 213 | CI113: 182 | CJ113: 299 | CK113: 14 | CL113: 274 | CM113: 4049 | CN113: 606 | CO113: 780 | CP113: 2457 | CQ113: 282 | CR113: 1868 | CS113: 1533 | CT113: 2187 | CU113: 156 | CV113: 80 | CW113: 365 | CX113: 2299 | CY113: 734 | CZ113: 1399 | DA113: 419 | DB113: 655 | DC113: 75 | DD113: 591 | DE113: 0 | DF113: 115 | DG113: 79716
A114: 911 | B114: 雇用者所得 | C114: 29916 | D114: 4147 | E114: 3016 | F114: 4829 | G114: 469 | H114: 46 | I114: 852 | J114: 49834 | K114: 6629 | L114: 112 | M114: 0 | N114: 3464 | O114: 17478 | P114: 3154 | Q114: 5247 | R114: 571 | S114: 9002 | T114: 6764 | U114: 0 | V114: 1178 | W114: 0 | X114: 307 | Y114: 1 | Z114: 0 | AA114: 14368 | AB114: 8040 | AC114: 1 | AD114: 568 | AE114: 15066 | AF114: 851 | AG114: 5142 | AH114: 8667 | AI114: 4055 | AJ114: 84 | AK114: 4881 | AL114: 59 | AM114: 0 | AN114: 11031 | AO114: 1810 | AP114: 4385 | AQ114: 6930 | AR114: 11284 | AS114: 13749 | AT114: 15423 | AU114: 56714 | AV114: 10261 | AW114: 7392 | AX114: 68187 | AY114: 20713 | AZ114: 695 | BA114: 2669 | BB114: 4267 | BC114: 7962 | BD114: 12747 | BE114: 0 | BF114: 242 | BG114: 29074 | BH114: 167 | BI114: 2050 | BJ114: 10544 | BK114: 846 | BL114: 70200 | BM114: 30021 | BN114: 63473 | BO114: 18852 | BP114: 18202 | BQ114: 848 | BR114: 5830 | BS114: 26662 | BT114: 266725 | BU114: 69091 | BV114: 9783 | BW114: 8433 | BX114: 0 | BY114: 4053 | BZ114: 65199 | CA114: 0 | CB114: 1426 | CC114: 219 | CD114: 219 | CE114: 2080 | CF114: 5262 | CG114: 4209 | CH114: 6937 | CI114: 4213 | CJ114: 14380 | CK114: 1812 | CL114: 4261 | CM114: 148644 | CN114: 139261 | CO114: 12238 | CP114: 170070 | CQ114: 10721 | CR114: 68068 | CS114: 87979 | CT114: 30557 | CU114: 6174 | CV114: 799 | CW114: 23015 | CX114: 77936 | CY114: 13514 | CZ114: 36007 | DA114: 11261 | DB114: 10023 | DC114: 1392 | DD114: 15674 | DE114: 0 | DF114: 953 | DG114: 2074616
A115: 921 | B115: 営業余剰 | C115: 51831 | D115: 1921 | E115: 4520 | F115: 728 | G115: 593 | H115: 63 | I115: 56 | J115: 35554 | K115: -2731 | L115: 571 | M115: 0 | N115: 2839 | O115: 12259 | P115: 5072 | Q115: 1388 | R115: 956 | S115: 12001 | T115: 2496 | U115: 0 | V115: 2568 | W115: 0 | X115: 1049 | Y115: 5 | Z115: 0 | AA115: 54459 | AB115: 17612 | AC115: 1 | AD115: 733 | AE115: 3822 | AF115: 499 | AG115: 969 | AH115: 2675 | AI115: 2691 | AJ115: 12 | AK115: 4514 | AL115: 18 | AM115: 0 | AN115: -5786 | AO115: 968 | AP115: 1214 | AQ115: 4214 | AR115: 7016 | AS115: 3562 | AT115: 12067 | AU115: 20197 | AV115: 1854 | AW115: 9272 | AX115: -8486 | AY115: 5607 | AZ115: 75 | BA115: 158 | BB115: 3289 | BC115: 19676 | BD115: 9814 | BE115: 0 | BF115: 54 | BG115: -14990 | BH115: 140 | BI115: 702 | BJ115: 10447 | BK115: -387 | BL115: 24243 | BM115: 13384 | BN115: 10388 | BO115: 8346 | BP115: 5060 | BQ115: -104 | BR115: 810 | BS115: 588 | BT115: 74464 | BU115: 47953 | BV115: 6341 | BW115: 10950 | BX115: 201369 | BY115: -3072 | BZ115: 30018 | CA115: 0 | CB115: -112 | CC115: -611 | CD115: 219 | CE115: 2059 | CF115: 3327 | CG115: 939 | CH115: 16973 | CI115: 547 | CJ115: 1494 | CK115: -299 | CL115: -197 | CM115: 0 | CN115: 135 | CO115: 1174 | CP115: 24479 | CQ115: -37 | CR115: 1907 | CS115: -2684 | CT115: 278 | CU115: 3976 | CV115: -651 | CW115: -3331 | CX115: 37694 | CY115: -6436 | CZ115: 2426 | DA115: 1730 | DB115: 4311 | DC115: 1302 | DD115: -859 | DE115: 0 | DF115: 29086 | DG115: 851998
A116: 931 | B116: 資本減耗引当 | C116: 46621 | D116: 4888 | E116: 1851 | F116: 810 | G116: 408 | H116: 100 | I116: 362 | J116: 15151 | K116: 2786 | L116: 67 | M116: 0 | N116: 1767 | O116: 8889 | P116: 2016 | Q116: 1506 | R116: 130 | S116: 3582 | T116: 4480 | U116: 0 | V116: 891 | W116: 0 | X116: 561 | Y116: 2 | Z116: 0 | AA116: 66646 | AB116: 7392 | AC116: 1 | AD116: 325 | AE116: 3753 | AF116: 557 | AG116: 1955 | AH116: 5465 | AI116: 2862 | AJ116: 25 | AK116: 1583 | AL116: 30 | AM116: 0 | AN116: 300 | AO116: 397 | AP116: 1262 | AQ116: 1539 | AR116: 4471 | AS116: 4116 | AT116: 6912 | AU116: 17220 | AV116: 2270 | AW116: 16044 | AX116: 16124 | AY116: 6495 | AZ116: 616 | BA116: 1150 | BB116: 930 | BC116: 1556 | BD116: 5556 | BE116: 0 | BF116: 252 | BG116: 8031 | BH116: 174 | BI116: 553 | BJ116: 6560 | BK116: 374 | BL116: 11176 | BM116: 4355 | BN116: 21122 | BO116: 5781 | BP116: 45337 | BQ116: 1439 | BR116: 15247 | BS116: 3464 | BT116: 55078 | BU116: 18365 | BV116: 15755 | BW116: 16257 | BX116: 167722 | BY116: 2999 | BZ116: 18213 | CA116: 0 | CB116: 448 | CC116: 803 | CD116: 94 | CE116: 1774 | CF116: 953 | CG116: 580 | CH116: 21633 | CI116: 4478 | CJ116: 2767 | CK116: 219 | CL116: 1000 | CM116: 0 | CN116: 9154 | CO116: 1901 | CP116: 27585 | CQ116: 677 | CR116: 3191 | CS116: 11872 | CT116: 2718 | CU116: 13321 | CV116: 666 | CW116: 2017 | CX116: 14959 | CY116: 6953 | CZ116: 8124 | DA116: 5946 | DB116: 7992 | DC116: 121 | DD116: 9579 | DE116: 0 | DF116: 5730 | DG116: 859929
A117: 932 | B117: 資本減耗引当（社会資本等減耗分） | C117: 0 | D117: 0 | E117: 0 | F117: 0 | G117: 0 | H117: 0 | I117: 0 | J117: 0 | K117: 0 | L117: 0 | M117: 0 | N117: 0 | O117: 0 | P117: 0 | Q117: 0 | R117: 0 | S117: 0 | T117: 0 | U117: 0 | V117: 0 | W117: 0 | X117: 0 | Y117: 0 | Z117: 0 | AA117: 0 | AB117: 0 | AC117: 0 | AD117: 0 | AE117: 0 | AF117: 0 | AG117: 0 | AH117: 0 | AI117: 0 | AJ117: 0 | AK117: 0 | AL117: 0 | AM117: 0 | AN117: 0 | AO117: 0 | AP117: 0 | AQ117: 0 | AR117: 0 | AS117: 0 | AT117: 0 | AU117: 0 | AV117: 0 | AW117: 0 | AX117: 0 | AY117: 0 | AZ117: 0 | BA117: 0 | BB117: 0 | BC117: 0 | BD117: 0 | BE117: 0 | BF117: 0 | BG117: 0 | BH117: 0 | BI117: 0 | BJ117: 0 | BK117: 0 | BL117: 0 | BM117: 0 | BN117: 0 | BO117: 0 | BP117: 0 | BQ117: 0 | BR117: 702 | BS117: 1088 | BT117: 0 | BU117: 0 | BV117: 0 | BW117: 0 | BX117: 0 | BY117: 0 | BZ117: 0 | CA117: 0 | CB117: 0 | CC117: 0 | CD117: 0 | CE117: 0 | CF117: 17 | CG117: 0 | CH117: 0 | CI117: 0 | CJ117: 0 | CK117: 0 | CL117: 0 | CM117: 160095 | CN117: 26227 | CO117: 34979 | CP117: 0 | CQ117: 36 | CR117: 348 | CS117: 0 | CT117: 0 | CU117: 0 | CV117: 0 | CW117: 0 | CX117: 0 | CY117: 0 | CZ117: 0 | DA117: 0 | DB117: 0 | DC117: 0 | DD117: 0 | DE117: 0 | DF117: 0 | DG117: 223492
A118: 941 | B118: 間接税（関税・輸入品商品税を除く。） | C118: 6212 | D118: 917 | E118: 1011 | F118: 414 | G118: 106 | H118: 43 | I118: 149 | J118: 5764 | K118: 2901 | L118: 126 | M118: 0 | N118: -657 | O118: 3108 | P118: 1114 | Q118: 661 | R118: 114 | S118: 2822 | T118: 993 | U118: 0 | V118: 288 | W118: 0 | X118: -84 | Y118: -2 | Z118: 0 | AA118: 8452 | AB118: -218 | AC118: 1 | AD118: 194 | AE118: 1512 | AF118: 123 | AG118: 367 | AH118: 378 | AI118: 1108 | AJ118: 6 | AK118: 845 | AL118: 19 | AM118: 0 | AN118: 608 | AO118: 281 | AP118: 51 | AQ118: -877 | AR118: 2300 | AS118: 1854 | AT118: 390 | AU118: 1550 | AV118: -1453 | AW118: -5134 | AX118: -5250 | AY118: -2266 | AZ118: 48 | BA118: -673 | BB118: 403 | BC118: -10853 | BD118: -11919 | BE118: 0 | BF118: -36 | BG118: -311 | BH118: 7 | BI118: 1 | BJ118: 683 | BK118: 56 | BL118: 11827 | BM118: 5396 | BN118: 11535 | BO118: 2891 | BP118: 6826 | BQ118: 32 | BR118: 1019 | BS118: 2325 | BT118: 36636 | BU118: 3621 | BV118: 3059 | BW118: 3169 | BX118: 32077 | BY118: -39 | BZ118: 13186 | CA118: 0 | CB118: 68 | CC118: -73 | CD118: 50 | CE118: 547 | CF118: 368 | CG118: 631 | CH118: 1797 | CI118: 667 | CJ118: 1679 | CK118: 122 | CL118: 259 | CM118: 775 | CN118: 1095 | CO118: 837 | CP118: 4697 | CQ118: 398 | CR118: 925 | CS118: 1298 | CT118: 1965 | CU118: 585 | CV118: 25 | CW118: 2163 | CX118: 14172 | CY118: 18 | CZ118: 3990 | DA118: 2176 | DB118: 1980 | DC118: 340 | DD118: 3800 | DE118: 0 | DF118: 1875 | DG118: 191036
A119: 951 | B119: （控除）経常補助金 | C119: -12228 | D119: -203 | E119: 0 | F119: -109 | G119: -7 | H119: -1 | I119: 0 | J119: -267 | K119: -1 | L119: -4 | M119: 0 | N119: 0 | O119: 0 | P119: 0 | Q119: 0 | R119: 0 | S119: 0 | T119: 0 | U119: 0 | V119: 0 | W119: 0 | X119: 0 | Y119: 0 | Z119: 0 | AA119: 0 | AB119: 0 | AC119: 0 | AD119: 0 | AE119: 0 | AF119: 0 | AG119: 0 | AH119: 0 | AI119: 0 | AJ119: 0 | AK119: 0 | AL119: 0 | AM119: 0 | AN119: 0 | AO119: 0 | AP119: 0 | AQ119: 0 | AR119: 0 | AS119: 0 | AT119: 0 | AU119: 0 | AV119: 0 | AW119: 0 | AX119: -2 | AY119: 0 | AZ119: 0 | BA119: 0 | BB119: 0 | BC119: -1 | BD119: -1 | BE119: 0 | BF119: 0 | BG119: 0 | BH119: 0 | BI119: 0 | BJ119: 0 | BK119: 0 | BL119: 0 | BM119: -1 | BN119: -502 | BO119: -1105 | BP119: -6 | BQ119: -7 | BR119: -857 | BS119: 0 | BT119: -453 | BU119: -2802 | BV119: 0 | BW119: -80 | BX119: 0 | BY119: -117 | BZ119: -366 | CA119: 0 | CB119: -5 | CC119: 0 | CD119: 0 | CE119: 0 | CF119: -39 | CG119: 0 | CH119: 0 | CI119: 0 | CJ119: 0 | CK119: 0 | CL119: 0 | CM119: 0 | CN119: -43 | CO119: -317 | CP119: -7778 | CQ119: 0 | CR119: 0 | CS119: -379 | CT119: -1232 | CU119: 0 | CV119: 0 | CW119: 0 | CX119: -20 | CY119: 0 | CZ119: 0 | DA119: 0 | DB119: 0 | DC119: 0 | DD119: 0 | DE119: 0 | DF119: -169 | DG119: -29102
A120: 960 | B120: 粗付加価値部門計 | C120: 122826 | D120: 11726 | E120: 10422 | F120: 6805 | G120: 1651 | H120: 261 | I120: 1478 | J120: 108035 | K120: 9691 | L120: 880 | M120: 0 | N120: 7612 | O120: 42597 | P120: 11522 | Q120: 9059 | R120: 1900 | S120: 28228 | T120: 15022 | U120: 0 | V120: 5149 | W120: 0 | X120: 1882 | Y120: 6 | Z120: 0 | AA120: 149266 | AB120: 33589 | AC120: 4 | AD120: 1846 | AE120: 25048 | AF120: 2079 | AG120: 8645 | AH120: 17664 | AI120: 10916 | AJ120: 129 | AK120: 12236 | AL120: 131 | AM120: 0 | AN120: 6217 | AO120: 3471 | AP120: 7027 | AQ120: 11957 | AR120: 25562 | AS120: 23691 | AT120: 35577 | AU120: 98037 | AV120: 13416 | AW120: 28474 | AX120: 73551 | AY120: 31786 | AZ120: 1489 | BA120: 3526 | BB120: 9073 | BC120: 18566 | BD120: 21681 | BE120: 0 | BF120: 524 | BG120: 22294 | BH120: 495 | BI120: 3362 | BJ120: 29335 | BK120: 915 | BL120: 120855 | BM120: 54507 | BN120: 108233 | BO120: 35368 | BP120: 76299 | BQ120: 2281 | BR120: 22951 | BS120: 35009 | BT120: 441164 | BU120: 141839 | BV120: 35155 | BW120: 38917 | BX120: 401168 | BY120: 3935 | BZ120: 127075 | CA120: 0 | CB120: 1867 | CC120: 352 | CD120: 589 | CE120: 6571 | CF120: 10308 | CG120: 6384 | CH120: 47553 | CI120: 10087 | CJ120: 20619 | CK120: 1868 | CL120: 5597 | CM120: 313563 | CN120: 176435 | CO120: 51592 | CP120: 221510 | CQ120: 12077 | CR120: 76307 | CS120: 99619 | CT120: 36473 | CU120: 24212 | CV120: 919 | CW120: 24229 | CX120: 147040 | CY120: 14783 | CZ120: 51946 | DA120: 21532 | DB120: 24961 | DC120: 3230 | DD120: 28785 | DE120: 0 | DF120: 37590 | DG120: 4251685
A121: 970 | B121: 域内生産額 | C121: 218594 | D121: 42997 | E121: 16579 | F121: 11621 | G121: 2636 | H121: 444 | I121: 2840 | J121: 340064 | K121: 36898 | L121: 1299 | M121: 0 | N121: 20461 | O121: 65002 | P121: 21571 | Q121: 19089 | R121: 7573 | S121: 55788 | T121: 24955 | U121: 0 | V121: 11335 | W121: 0 | X121: 5221 | Y121: 11 | Z121: 0 | AA121: 318511 | AB121: 61800 | AC121: 7 | AD121: 4021 | AE121: 61750 | AF121: 3177 | AG121: 17742 | AH121: 40602 | AI121: 21752 | AJ121: 385 | AK121: 23439 | AL121: 368 | AM121: 0 | AN121: 10891 | AO121: 6661 | AP121: 24267 | AQ121: 26624 | AR121: 46106 | AS121: 39760 | AT121: 54134 | AU121: 178239 | AV121: 46291 | AW121: 57782 | AX121: 328193 | AY121: 97289 | AZ121: 3208 | BA121: 10738 | BB121: 18958 | BC121: 32968 | BD121: 109672 | BE121: 0 | BF121: 2287 | BG121: 88468 | BH121: 939 | BI121: 9386 | BJ121: 95339 | BK121: 4309 | BL121: 238418 | BM121: 105016 | BN121: 203568 | BO121: 61832 | BP121: 148569 | BQ121: 8464 | BR121: 46145 | BS121: 51566 | BT121: 611127 | BU121: 224237 | BV121: 45685 | BW121: 53654 | BX121: 446522 | BY121: 6213 | BZ121: 153602 | CA121: 113943 | CB121: 4549 | CC121: 1444 | CD121: 770 | CE121: 9778 | CF121: 17689 | CG121: 8026 | CH121: 102703 | CI121: 21740 | CJ121: 31321 | CK121: 4105 | CL121: 12352 | CM121: 433413 | CN121: 221317 | CO121: 82498 | CP121: 398502 | CQ121: 20907 | CR121: 111118 | CS121: 126320 | CT121: 59233 | CU121: 37451 | CV121: 8833 | CW121: 59725 | CX121: 197438 | CY121: 36216 | CZ121: 105842 | DA121: 30650 | DB121: 35811 | DC121: 4315 | DD121: 41667 | DE121: 10924 | DF121: 57013 | DG121: 7563272
B123: 中間投入率 | C123: =IFERROR(C112/C121,0) -> 0.43810901 | D123: =IFERROR(D112/D121,0) -> 0.7272833 | E123: =IFERROR(E112/E121,0) -> 0.37137342 | F123: =IFERROR(F112/F121,0) -> 0.41442217 | G123: =IFERROR(G112/G121,0) -> 0.37367223 | H123: =IFERROR(H112/H121,0) -> 0.41216216 | I123: =IFERROR(I112/I121,0) -> 0.47957746 | J123: =IFERROR(J112/J121,0) -> 0.6823098 | ... DG123: =IFERROR(DG112/DG121,0) -> 0.4378511
B124: 粗付加価値率 | C124: =IFERROR(C120/C121,0) -> 0.56189099 | D124: =IFERROR(D120/D121,0) -> 0.2727167 | E124: =IFERROR(E120/E121,0) -> 0.62862658 | F124: =IFERROR(F120/F121,0) -> 0.58557783 | G124: =IFERROR(G120/G121,0) -> 0.62632777 | H124: =IFERROR(H120/H121,0) -> 0.58783784 | I124: =IFERROR(I120/I121,0) -> 0.52042254 | J124: =IFERROR(J120/J121,0) -> 0.3176902 | ... DD124: =IFERROR(DD120/DD121,0) -> 0.69083447 | DE124: =IFERROR(DE113/DE122,0) -> 0 | DF124: =IFERROR(DF120/DF121,0) -> 0.65932331 | DG124: =IFERROR(DG120/DG121,0) -> 0.5621489
B125: 雇用者所得率 | C125: =IFERROR(C114/C121,0) -> 0.13685646 | D125: =IFERROR(D114/D121,0) -> 0.096448589 | E125: =IFERROR(E114/E121,0) -> 0.18191688 | F125: =IFERROR(F114/F121,0) -> 0.41554083 | G125: =IFERROR(G114/G121,0) -> 0.17792109 | H125: =IFERROR(H114/H121,0) -> 0.1036036 | I125: =IFERROR(I114/I121,0) -> 0.3 | J125: =IFERROR(J114/J121,0) -> 0.146543 | ... DD125: =IFERROR(DD114/DD121,0) -> 0.37617299 | DE125: =IFERROR(DE114/DE123,0) -> 0 | DF125: =IFERROR(DF114/DF121,0) -> 0.016715486 | DG125: =IFERROR(DG114/DG121,0) -> 0.27430139

Sheet 運賃
A1: 令和2年産業連関表（全国表）から求めた貨物運賃率 | L1: 令和2年（2020年）産業連関表より | P1: 【資料】 | AL1: 令和2年（2020年）産業連関表より | AP1: 【資料】
C2: ※ 全国運賃率＝国内貨物運賃表の数値÷購入者価格評価表の数値 で計算 | L2: 国内貨物運賃表 | P2: 令和２年(2020年)産業連関表 産出表 (統合中分類表) | AC2: 令和２年(2020年)産業連関表 産出表 (統合中分類表) | AL2: 購入者価格評価表 | AP2: 令和２年(2020年)産業連関表 産出表 (統合中分類表)
C3: 貨物運賃率（需要合計） | AA3: 単位：１００万円 | AC3: （内訳） | BI3: 単位：１００万円
C4: 全国運賃率 | D4: 内訳（全国表の割合で按分） | N4: 700 | O4: 711 | P4: 721 | Q4: 731 | R4: 732 | S4: 741 | T4: 751 | U4: 761 | V4: 780 | W4: 790 | X4: 801 | Y4: 810 | Z4: 820 | AA4: 830 | AC4: 901100 | AD4: 901200 | AE4: 901301 | AF4: 901302 | AG4: 901400 | AH4: 901500 | AI4: 901600 | AN4: 700 | AO4: 711 | AP4: 721 | AQ4: 731 | AR4: 732 | AS4: 741 | AT4: 751 | AU4: 761 | AV4: 780 | AW4: 790 | AX4: 801 | AY4: 810 | AZ4: 820 | BA4: 830 | BB4: 841 | BC4: 851 | BD4: 861 | BE4: 870 | BF4: 880 | BG4: 891 | BH4: 901 | BI4: 970
C5: 運輸マージン （需要合計） | D5: 貨物運賃（鉄道） | E5: 貨物運賃（道路） | F5: 貨物運賃（沿海内水面） | G5: 貨物運賃（港湾運送） | H5: 貨物運賃（航空） | I5: 貨物運賃（利用運送） | J5: 貨物運賃（倉庫） | N5: 内生部門計 | O5: 家計外消費支出 | P5: 民間消費支出 | Q5: 一般政府消費支出 | R5: 一般政府消費支出（社会資本等減耗分） | S5: 国内総固定資本形成（公的） | T5: 国内総固定資本形成（民間） | U5: 在庫純増 | V5: 国内最終需要計 | W5: 国内需要合計 | X5: 輸出 | Y5: 輸出計 | Z5: 最終需要計 | AA5: 需要合計 | AB5: ⇒ | AC5: 貨物運賃（鉄道） | AD5: 貨物運賃（道路） | AE5: 貨物運賃（沿海内水面） | AF5: 貨物運賃（港湾運送） | AG5: 貨物運賃（航空） | AH5: 貨物運賃（利用運送） | AI5: 貨物運賃（倉庫） | AN5: 内生部門計 | AO5: 家計外消費支出（列） | AP5: 民間消費支出 | AQ5: 一般政府消費支出 | AR5: 一般政府消費支出（社会資本等減耗分） | AS5: 国内総固定資本形成（公的） | AT5: 国内総固定資本形成（民間） | AU5: 在庫純増 | AV5: 国内最終需要計 | AW5: 国内需要合計 | AX5: 輸出 | AY5: 輸出計 | AZ5: 最終需要計 | BA5: 需要合計 | BB5: （控除）輸入 | BC5: （控除）関税 | BD5: （控除）輸入品商品税 | BE5: （控除）輸入計 | BF5: 最終需要部門計 | BG5: 商業マージン | BH5: 貨物運賃 | BI5: 国内生産額
A6: 011 | B6: 耕種農業 | C6: =IF(BA6=0,0,AA6/BA6) -> 0.06497181 | D6: =IF($C6=0,0,AC6/$BA6) -> 0.00089375475 | E6: =IF($C6=0,0,AD6/$BA6) -> 0.03555998 | F6: =IF($C6=0,0,AE6/$BA6) -> 0.0015003222 | G6: =IF($C6=0,0,AF6/$BA6) -> 0.002026965 | H6: =IF($C6=0,0,AG6/$BA6) -> 0.0001292502 | I6: =IF($C6=0,0,AH6/$BA6) -> 0.003082402 | J6: =IF($C6=0,0,AI6/$BA6) -> 0.021779136 | L6: 011 | M6: 耕種農業 | N6: 516079 | O6: 4093 | P6: 276087 | Q6: 0 | R6: 0 | S6: 0 | T6: 0 | U6: 16386 | V6: 296566 | W6: 812645 | X6: 2706 | Y6: 2706 | Z6: 299272 | AA6: 815351 | AC6: 11216 | AD6: 446253 | AE6: 18828 | AF6: 25437 | AG6: 1622 | AH6: 38682 | AI6: 273313 | AL6: 011 | AM6: 耕種農業 | AN6: 6396180 | AO6: 102354 | AP6: 5910677 | AQ6: 0 | AR6: 0 | AS6: 0 | AT6: 29920 | AU6: 50297 | AV6: 6093248 | AW6: 12489428 | AX6: 59876 | AY6: 59876 | AZ6: 6153124 | BA6: 12549304 | BB6: -1790147 | BC6: -22026 | BD6: -151836 | BE6: -1964009 | BF6: 4189115 | BG6: -3685736 | BH6: -815351 | BI6: 6084208
A7: 012 | B7: 畜産 | C7: =IF(BA7=0,0,AA7/BA7) -> 0.022064325 | D7: =IF($C7=0,0,AC7/$BA7) -> 8.2009167e-06 | E7: =IF($C7=0,0,AD7/$BA7) -> 0.019643366 | F7: =IF($C7=0,0,AE7/$BA7) -> 0 | G7: =IF($C7=0,0,AF7/$BA7) -> 0.00024506269 | H7: =IF($C7=0,0,AG7/$BA7) -> 0 | I7: =IF($C7=0,0,AH7/$BA7) -> 0.0010919279 | J7: =IF($C7=0,0,AI7/$BA7) -> 0.0010757673 | L7: 012 | M7: 畜産 | N7: 82517 | O7: 0 | P7: 8747 | Q7: 0 | R7: 0 | S7: 0 | T7: 0 | U7: 0 | V7: 8747 | W7: 91264 | X7: 212 | Y7: 212 | Z7: 8959 | AA7: 91476 | AC7: 34 | AD7: 81439 | AE7: 0 | AF7: 1016 | AG7: 0 | AH7: 4527 | AI7: 4460 | AL7: 012 | AM7: 畜産 | AN7: 3524147 | AO7: 0 | AP7: 366011 | AQ7: 0 | AR7: 0 | AS7: 0 | AT7: 233171 | AU7: 16522 | AV7: 615704 | AW7: 4139851 | AX7: 6027 | AY7: 6027 | AZ7: 621731 | BA7: 4145878 | BB7: -51993 | BC7: -4800 | BD7: -5659 | BE7: -62452 | BF7: 559279 | BG7: -253766 | BH7: -91476 | BI7: 3738184
A8: 013 | B8: 農業サービス | C8: =IF(BA8=0,0,AA8/BA8) -> 0 | D8: =IF($C8=0,0,AC8/$BA8) -> 0 | E8: =IF($C8=0,0,AD8/$BA8) -> 0 | F8: =IF($C8=0,0,AE8/$BA8) -> 0 | G8: =IF($C8=0,0,AF8/$BA8) -> 0 | H8: =IF($C8=0,0,AG8/$BA8) -> 0 | I8: =IF($C8=0,0,AH8/$BA8) -> 0 | J8: =IF($C8=0,0,AI8/$BA8) -> 0 | L8: 013 | M8: 農業サービス | N8: 0 | O8: 0 | P8: 0 | Q8: 0 | R8: 0 | S8: 0 | T8: 0 | U8: 0 | V8: 0 | W8: 0 | X8: 0 | Y8: 0 | Z8: 0 | AA8: 0 | AC8: 0 | AD8: 0 | AE8: 0 | AF8: 0 | AG8: 0 | AH8: 0 | AI8: 0 | AL8: 013 | AM8: 農業サービス | AN8: 438468 | AO8: 0 | AP8: 0 | AQ8: 0 | AR8: 0 | AS8: 0 | AT8: 0 | AU8: 0 | AV8: 0 | AW8: 438468 | AX8: 0 | AY8: 0 | AZ8: 0 | BA8: 438468 | BB8: 0 | BC8: 0 | BD8: 0 | BE8: 0 | BF8: 0 | BG8: 0 | BH8: 0 | BI8: 438468
A9: 015 | B9: 林業 | C9: =IF(BA9=0,0,AA9/BA9) -> 0.039969837 | D9: =IF($C9=0,0,AC9/$BA9) -> 2.7834736e-05 | E9: =IF($C9=0,0,AD9/$BA9) -> 0.024053429 | F9: =IF($C9=0,0,AE9/$BA9) -> 0.0017898579 | G9: =IF($C9=0,0,AF9/$BA9) -> 0.0060899028 | H9: =IF($C9=0,0,AG9/$BA9) -> 3.3739074e-05 | I9: =IF($C9=0,0,AH9/$BA9) -> 0.0011901458 | J9: =IF($C9=0,0,AI9/$BA9) -> 0.0067849277 | L9: 015 | M9: 林業 | N9: 39430 | O9: 122 | P9: 6749 | Q9: 0 | R9: 0 | S9: 0 | T9: 0 | U9: 0 | V9: 6871 | W9: 46301 | X9: 1086 | Y9: 1086 | Z9: 7957 | AA9: 47387 | AC9: 33 | AD9: 28517 | AE9: 2122 | AF9: 7220 | AG9: 40 | AH9: 1411 | AI9: 8044 | AL9: 015 | AM9: 林業 | AN9: 649695 | AO9: 6236 | AP9: 367346 | AQ9: 0 | AR9: 0 | AS9: 0 | AT9: 0 | AU9: 144111 | AV9: 517693 | AW9: 1167388 | AX9: 18181 | AY9: 18181 | AZ9: 535874 | BA9: 1185569 | BB9: -89887 | BC9: -1026 | BD9: -8482 | BE9: -99395 | BF9: 436479 | BG9: -286234 | BH9: -47387 | BI9: 752553
A10: 017 | B10: 漁業 | C10: =IF(BA10=0,0,AA10/BA10) -> 0.042867469 | D10: =IF($C10=0,0,AC10/$BA10) -> 8.9923668e-06 | E10: =IF($C10=0,0,AD10/$BA10) -> 0.02690302 | F10: =IF($C10=0,0,AE10/$BA10) -> 0 | G10: =IF($C10=0,0,AF10/$BA10) -> 0.00057508327 | H10: =IF($C10=0,0,AG10/$BA10) -> 0.00034856126 | I10: =IF($C10=0,0,AH10/$BA10) -> 0.0033044807 | J10: =IF($C10=0,0,AI10/$BA10) -> 0.011727331 | L10: 017 | M10: 漁業 | N10: 77880 | O10: 875 | P10: 19311 | Q10: 0 | R10: 0 | S10: 0 | T10: 0 | U10: 0 | V10: 20186 | W10: 98066 | X10: 2043 | Y10: 2043 | Z10: 22229 | AA10: 100109 | AC10: 21 | AD10: 62827 | AE10: 0 | AF10: 1343 | AG10: 814 | AH10: 7717 | AI10: 27387 | AL10: 017 | AM10: 漁業 | AN10: 1593258 | AO10: 24599 | AP10: 656375 | AQ10: 0 | AR10: 0 | AS10: 0 | AT10: 0 | AU10: 14069 | AV10: 695043 | AW10: 2288301 | AX10: 47013 | AY10: 47013 | AZ10: 742056 | BA10: 2335314 | BB10: -169834 | BC10: -7259 | BD10: -14146 | BE10: -191239 | BF10: 550817 | BG10: -691568 | BH10: -100109 | BI10: 1352398
A11: 061 | B11: 石炭・原油・天然ガス | C11: =IF(BA11=0,0,AA11/BA11) -> 0.061420755 | D11: =IF($C11=0,0,AC11/$BA11) -> 1.3156973e-05 | E11: =IF($C11=0,0,AD11/$BA11) -> 0.016114677 | F11: =IF($C11=0,0,AE11/$BA11) -> 0.0054889912 | G11: =IF($C11=0,0,AF11/$BA11) -> 0.0097359968 | H11: =IF($C11=0,0,AG11/$BA11) -> 0 | I11: =IF($C11=0,0,AH11/$BA11) -> 0.0015014476 | J11: =IF($C11=0,0,AI11/$BA11) -> 0.028566486 | L11: 061 | M11: 石炭・原油・天然ガス | N11: 738567 | O11: 0 | P11: 1 | Q11: 0 | R11: 0 | S11: 0 | T11: 0 | U11: 13025 | V11: 13026 | W11: 751593 | X11: 4 | Y11: 4 | Z11: 13030 | AA11: 751597 | AC11: 161 | AD11: 197193 | AE11: 67168 | AF11: 119138 | AG11: 0 | AH11: 18373 | AI11: 349564 | AL11: 061 | AM11: 石炭・原油・天然ガス | AN11: 12262016 | AO11: 0 | AP11: 186 | AQ11: 0 | AR11: 0 | AS11: 0 | AT11: 0 | AU11: -25447 | AV11: -25261 | AW11: 12236755 | AX11: 102 | AY11: 102 | AZ11: -25159 | BA11: 12236857 | BB11: -9562870 | BC11: 0 | BD11: -1657821 | BE11: -11220691 | BF11: -11245850 | BG11: -129788 | BH11: -751597 | BI11: 134781
A12: 062 | B12: その他の鉱業 | C12: =IF(BA12=0,0,AA12/BA12) -> 0.12254657 | D12: =IF($C12=0,0,AC12/$BA12) -> 0.000523942 | E12: =IF($C12=0,0,AD12/$BA12) -> 0.05989696 | F12: =IF($C12=0,0,AE12/$BA12) -> 0.0071955446 | G12: =IF($C12=0,0,AF12/$BA12) -> 0.02516737 | H12: =IF($C12=0,0,AG12/$BA12) -> 0 | I12: =IF($C12=0,0,AH12/$BA12) -> 0.0043982082 | J12: =IF($C12=0,0,AI12/$BA12) -> 0.025364546 | L12: 062 | M12: その他の鉱業 | N12: 426299 | O12: 0 | P12: 24 | Q12: 0 | R12: 0 | S12: 0 | T12: 0 | U12: 6537 | V12: 6561 | W12: 432860 | X12: 5924 | Y12: 5924 | Z12: 12485 | AA12: 438784 | AC12: 1876 | AD12: 214464 | AE12: 25764 | AF12: 90113 | AG12: 0 | AH12: 15748 | AI12: 90819 | AL12: 062 | AM12: その他の鉱業 | AN12: 3530889 | AO12: -4500 | AP12: -4915 | AQ12: 0 | AR12: 0 | AS12: 0 | AT12: -4978 | AU12: 40556 | AV12: 26163 | AW12: 3557052 | AX12: 23497 | AY12: 23497 | AZ12: 49660 | BA12: 3580549 | BB12: -2452550 | BC12: 0 | BD12: -245254 | BE12: -2697804 | BF12: -2648144 | BG12: -72203 | BH12: -438784 | BI12: 371758
A13: 111 | B13: 食料品 | C13: =IF(BA13=0,0,AA13/BA13) -> 0.031955547 | D13: =IF($C13=0,0,AC13/$BA13) -> 0.00025414926 | E13: =IF($C13=0,0,AD13/$BA13) -> 0.02368773 | F13: =IF($C13=0,0,AE13/$BA13) -> 0.00019194581 | G13: =IF($C13=0,0,AF13/$BA13) -> 0.00026675355 | H13: =IF($C13=0,0,AG13/$BA13) -> 3.3964648e-05 | I13: =IF($C13=0,0,AH13/$BA13) -> 0.0015457354 | J13: =IF($C13=0,0,AI13/$BA13) -> 0.0059752683 | L13: 111 | M13: 食料品 | N13: 653351 | O13: 21026 | P13: 1015420 | Q13: 0 | R13: 0 | S13: 0 | T13: 0 | U13: 1311 | V13: 1037757 | W13: 1691108 | X13: 27820 | Y13: 27820 | Z13: 1065577 | AA13: 1718928 | AC13: 13671 | AD13: 1274192 | AE13: 10325 | AF13: 14349 | AG13: 1827 | AH13: 83147 | AI13: 321417 | AL13: 111 | AM13: 食料品 | AN13: 14369048 | AO13: 737445 | AP13: 38133227 | AQ13: 0 | AR13: 0 | AS13: 0 | AT13: 0 | AU13: -101216 | AV13: 38769456 | AW13: 53138504 | AX13: 652721 | AY13: 652721 | AZ13: 39422177 | BA13: 53791225 | BB13: -4499494 | BC13: -327144 | BD13: -382184 | BE13: -5208822 | BF13: 34213355 | BG13: -17764312 | BH13: -1718928 | BI13: 29099163
A14: 112 | B14: 飲料 | C14: =IF(BA14=0,0,AA14/BA14) -> 0.044324817 | D14: =IF($C14=0,0,AC14/$BA14) -> 0.00046190082 | E14: =IF($C14=0,0,AD14/$BA14) -> 0.036531443 | F14: =IF($C14=0,0,AE14/$BA14) -> 0.00013534538 | G14: =IF($C14=0,0,AF14/$BA14) -> 0.00023556446 | H14: =IF($C14=0,0,AG14/$BA14) -> 1.6471651e-05 | I14: =IF($C14=0,0,AH14/$BA14) -> 0.0023887863 | J14: =IF($C14=0,0,AI14/$BA14) -> 0.0045553046 | L14: 112 | M14: 飲料 | N14: 99656 | O14: 16732 | P14: 322327 | Q14: 0 | R14: 0 | S14: 0 | T14: 0 | U14: 0 | V14: 339059 | W14: 438715 | X14: 7987 | Y14: 7987 | Z14: 347046 | AA14: 446702 | AC14: 4655 | AD14: 368161 | AE14: 1364 | AF14: 2374 | AG14: 166 | AH14: 24074 | AI14: 45908 | AL14: 112 | AM14: 飲料 | AN14: 2122687 | AO14: 414255 | AP14: 7376694 | AQ14: 0 | AR14: 0 | AS14: 0 | AT14: 0 | AU14: 1273 | AV14: 7792222 | AW14: 9914909 | AX14: 163012 | AY14: 163012 | AZ14: 7955234 | BA14: 10077921 | BB14: -395827 | BC14: -6560 | BD14: -104365 | BE14: -506752 | BF14: 7448482 | BG14: -3277723 | BH14: -446702 | BI14: 5846744
A15: 113 | B15: 飼料・有機質肥料（別掲を除く。） | C15: =IF(BA15=0,0,AA15/BA15) -> 0.092788724 | D15: =IF($C15=0,0,AC15/$BA15) -> 0.00019034387 | E15: =IF($C15=0,0,AD15/$BA15) -> 0.068519322 | F15: =IF($C15=0,0,AE15/$BA15) -> 0.0044322929 | G15: =IF($C15=0,0,AF15/$BA15) -> 0.0034470492 | H15: =IF($C15=0,0,AG15/$BA15) -> 0 | I15: =IF($C15=0,0,AH15/$BA15) -> 0.0040679949 | J15: =IF($C15=0,0,AI15/$BA15) -> 0.012131721 | L15: 113 | M15: 飼料・有機質肥料（別掲を除く。） | N15: 210681 | O15: 0 | P15: 36398 | Q15: 0 | R15: 0 | S15: 0 | T15: 0 | U15: 0 | V15: 36398 | W15: 247079 | X15: 2023 | Y15: 2023 | Z15: 38421 | AA15: 249102 | AC15: 511 | AD15: 183948 | AE15: 11899 | AF15: 9254 | AG15: 0 | AH15: 10921 | AI15: 32569 | AL15: 113 | AM15: 飼料・有機質肥料（別掲を除く。） | AN15: 1920713 | AO15: 0 | AP15: 750042 | AQ15: 0 | AR15: 0 | AS15: 0 | AT15: 0 | AU15: -1680 | AV15: 748362 | AW15: 2669075 | AX15: 15540 | AY15: 15540 | AZ15: 763902 | BA15: 2684615 | BB15: -161882 | BC15: -1052 | BD15: -16267 | BE15: -179201 | BF15: 584701 | BG15: -759622 | BH15: -249102 | BI15: 1496690
A16: 114 | B16: たばこ | C16: =IF(BA16=0,0,AA16/BA16) -> 0.014156966 | D16: =IF($C16=0,0,AC16/$BA16) -> 0.00028685892 | E16: =IF($C16=0,0,AD16/$BA16) -> 0.0096384597 | F16: =IF($C16=0,0,AE16/$BA16) -> 0.00012669602 | G16: =IF($C16=0,0,AF16/$BA16) -> 0.00014151707 | H16: =IF($C16=0,0,AG16/$BA16) -> 1.5538192e-05 | I16: =IF($C16=0,0,AH16/$BA16) -> 0.00080583452 | J16: =IF($C16=0,0,AI16/$BA16) -> 0.0031420614 | L16: 114 | M16: たばこ | N16: 982 | O16: 2769 | P16: 55068 | Q16: 0 | R16: 0 | S16: 0 | T16: 0 | U16: 0 | V16: 57837 | W16: 58819 | X16: 403 | Y16: 403 | Z16: 58240 | AA16: 59222 | AC16: 1200 | AD16: 40320 | AE16: 530 | AF16: 592 | AG16: 65 | AH16: 3371 | AI16: 13144 | AL16: 114 | AM16: たばこ | AN16: 57034 | AO16: 197098 | AP16: 3921491 | AQ16: 0 | AR16: 0 | AS16: 0 | AT16: 0 | AU16: -23543 | AV16: 4095046 | AW16: 4152080 | AX16: 31161 | AY16: 31161 | AZ16: 4126207 | BA16: 4183241 | BB16: -564811 | BC16: -8895 | BD16: -1167424 | BE16: -1741130 | BF16: 2385077 | BG16: -761563 | BH16: -59222 | BI16: 1621326
A17: 151 | B17: 繊維工業製品 | C17: =IF(BA17=0,0,AA17/BA17) -> 0.021675912 | D17: =IF($C17=0,0,AC17/$BA17) -> 0.00017282036 | E17: =IF($C17=0,0,AD17/$BA17) -> 0.012029493 | F17: =IF($C17=0,0,AE17/$BA17) -> 2.7173012e-06 | G17: =IF($C17=0,0,AF17/$BA17) -> 0.00020488451 | H17: =IF($C17=0,0,AG17/$BA17) -> 8.1519037e-06 | I17: =IF($C17=0,0,AH17/$BA17) -> 0.00075269244 | J17: =IF($C17=0,0,AI17/$BA17) -> 0.0085051528 | L17: 151 | M17: 繊維工業製品 | N17: 24086 | O17: 31 | P17: 2450 | Q17: 0 | R17: 0 | S17: 15 | T17: 991 | U17: 59 | V17: 3546 | W17: 27632 | X17: 12253 | Y17: 12253 | Z17: 15799 | AA17: 39885 | AC17: 318 | AD17: 22135 | AE17: 5 | AF17: 377 | AG17: 15 | AH17: 1385 | AI17: 15650 | AL17: 151 | AM17: 繊維工業製品 | AN17: 1159360 | AO17: 2497 | AP17: 193471 | AQ17: 0 | AR17: 0 | AS17: 676 | AT17: 44169 | AU17: -18916 | AV17: 221897 | AW17: 1381257 | AX17: 458804 | AY17: 458804 | AZ17: 680701 | BA17: 1840061 | BB17: -339971 | BC17: -8448 | BD17: -34829 | BE17: -383248 | BF17: 297453 | BG17: -351539 | BH17: -39885 | BI17: 1065389
... A113: 691 | B113: 分類不明 | C113: =IF(BA113=0,0,AA113/BA113) -> 0.036043001 | D113: =IF($C113=0,0,AC113/$BA113) -> 0.0017530962 | E113: =IF($C113=0,0,AD113/$BA113) -> 0.002570906 | F113: =IF($C113=0,0,AE113/$BA113) -> 0.0022783724 | G113: =IF($C113=0,0,AF113/$BA113) -> 0.0027392259 | H113: =IF($C113=0,0,AG113/$BA113) -> 2.2632141e-05 | I113: =IF($C113=0,0,AH113/$BA113) -> 0.003018075 | J113: =IF($C113=0,0,AI113/$BA113) -> 0.023660693 | L113: 691 | M113: 分類不明 | N113: 342264 | O113: 0 | P113: 136 | Q113: 0 | R113: 0 | S113: 0 | T113: 0 | U113: 0 | V113: 136 | W113: 342400 | X113: 0 | Y113: 0 | Z113: 136 | AA113: 342400 | AC113: 16654 | AD113: 24423 | AE113: 21644 | AF113: 26022 | AG113: 215 | AH113: 28671 | AI113: 224771 | AL113: 691 | AM113: 分類不明 | AN113: 5194309 | AO113: 0 | AP113: 2014 | AQ113: 0 | AR113: 0 | AS113: 0 | AT113: 0 | AU113: 0 | AV113: 2014 | AW113: 5196323 | AX113: 4303441 | AY113: 4303441 | AZ113: 4305455 | BA113: 9499764 | BB113: -1158857 | BC113: -1372 | BD113: -112138 | BE113: -1272367 | BF113: 3033088 | BG113: -149652 | BH113: -342400 | BI113: 7735345

Sheet 家計調査（総世帯）
A1: （参考）総務省「家計調査」より ※最新年の結果が公表されたら更新します。
A3: 【全国・総世帯のうち勤労者世帯】
C4: 世帯人員 | D4: 実収入 | E4: 可処分所得 | F4: 消費支出 | G4: 非消費支出 | H4: 平均消費 性向 | I4: 消費支出 ／実収入
D5: ① | E5: ② | F5: ③ | G5: ④ | H5: ③／② | I5: ③／①
C6: 人 | D6: 円 | E6: 円 | F6: 円 | G6: 円 | H6: ％ | I6: ％
A7: H27 | B7: 2015 | C7: 2.71 | D7: 469200 | E7: 381193 | F7: 276567 | G7: 88007 | H7: =F7/E7*100 -> 72.553011 | I7: =F7/D7*100 -> 58.944373
A8: H28 | B8: 2016 | C8: 2.68 | D8: 461577 | E8: 376576 | F8: 268289 | G8: 85001 | H8: =F8/E8*100 -> 71.244317 | I8: =F8/D8*100 -> 58.12443
A9: H29 | B9: 2017 | C9: 2.66 | D9: 469722 | E9: 382434 | F9: 271136 | G9: 87288 | H9: =F9/E9*100 -> 70.897462 | I9: =F9/D9*100 -> 57.722653
A10: H30 | B10: 2018 | C10: 2.65 | D10: 492594 | E10: 400964 | F10: 275706 | G10: 91631 | H10: =F10/E10*100 -> 68.760787 | I10: =F10/D10*100 -> 55.970231
A11: H31/R1 | B11: 2019 | C11: 2.6 | D11: 512534 | E11: 416980 | F11: 280531 | G11: 95554 | H11: =F11/E11*100 -> 67.276848 | I11: =F11/D11*100 -> 54.734125
A12: R2 | B12: 2020 | C12: 2.57 | D12: 529956 | E12: 431992 | F12: 262359 | G12: 97964 | H12: =F12/E12*100 -> 60.732375 | I12: =F12/D12*100 -> 49.505808
A13: R3 | B13: 2021 | C13: 2.52 | D13: 522572 | E13: 426022 | F13: 263907 | G13: 96550 | H13: =F13/E13*100 -> 61.946801 | I13: =F13/D13*100 -> 50.501558
A14: R4 | B14: 2022 | C14: 2.5 | D14: 535177 | E14: 435001 | F14: 273417 | G14: 100176 | H14: =F14/E14*100 -> 62.854338 | I14: =F14/D14*100 -> 51.089079
A15: R5 | B15: 2023 | C15: 2.47 | D15: 522334 | E15: 425967 | F15: 272285 | G15: 96367 | H15: =F15/E15*100 -> 63.921618 | I15: =F15/D15*100 -> 52.128523
A16: R6 | B16: 2024 | C16: 2.45 | D16: 542886 | E16: 446596 | F16: 275568 | G16: 96289 | H16: =F16/E16*100 -> 61.70409 | I16: =F16/D16*100 -> 50.759828
A17: R7 | B17: 2025 | C17: 2.42 | D17: 559173 | E17: 454952 | F17: 291397 | G17: 104220 | H17: =F17/E17*100 -> 64.050054 | I17: =F17/D17*100 -> 52.112137
A18: 直近５か年平均 | C18: =ROUND(AVERAGE(C13:C17),2) -> 2.47 | D18: =ROUND(AVERAGE(D13:D17),2) -> 536428.4 | E18: =ROUND(AVERAGE(E13:E17),2) -> 437707.6 | F18: =ROUND(AVERAGE(F13:F17),2) -> 275314.8 | G18: =ROUND(AVERAGE(G13:G17),2) -> 98720.4 | H18: =F18/E18*100 -> 62.899251 | I18: =F18/D18*100 -> 51.323681
A20: 【東北・総世帯のうち勤労者世帯】
C21: 世帯人員 | D21: 実収入 | E21: 可処分所得 | F21: 消費支出 | G21: 非消費支出 | H21: 平均消費 性向 | I21: 消費支出 ／実収入
D22: ① | E22: ② | F22: ③ | G22: ④ | H22: ③／② | I22: ③／①
C23: 人 | D23: 円 | E23: 円 | F23: 円 | G23: 円 | H23: ％ | I23: ％
A24: H27 | B24: 2015 | C24: 2.81 | D24: 431493 | E24: 355004 | F24: 264423 | G24: 76489 | H24: =F24/E24*100 -> 74.484513 | I24: =F24/D24*100 -> 61.280948
A25: H28 | B25: 2016 | C25: 2.77 | D25: 414766 | E25: 343235 | F25: 259042 | G25: 71531 | H25: =F25/E25*100 -> 75.470742 | I25: =F25/D25*100 -> 62.454975
A26: H29 | B26: 2017 | C26: 2.76 | D26: 446231 | E26: 370337 | F26: 258249 | G26: 75894 | H26: =F26/E26*100 -> 69.733513 | I26: =F26/D26*100 -> 57.873388
A27: H30 | B27: 2018 | C27: 2.73 | D27: 437607 | E27: 363005 | F27: 252533 | G27: 74602 | H27: =F27/E27*100 -> 69.567361 | I27: =F27/D27*100 -> 57.707715
A28: H31/R1 | B28: 2019 | C28: 2.74 | D28: 481400 | E28: 393129 | F28: 271165 | G28: 88271 | H28: =F28/E28*100 -> 68.976087 | I28: =F28/D28*100 -> 56.328417
A29: R2 | B29: 2020 | C29: 2.77 | D29: 480154 | E29: 397582 | F29: 252051 | G29: 82572 | H29: =F29/E29*100 -> 63.395979 | I29: =F29/D29*100 -> 52.493783
A30: R3 | B30: 2021 | C30: 2.56 | D30: 462627 | E30: 384072 | F30: 236510 | G30: 78555 | H30: =F30/E30*100 -> 61.5796 | I30: =F30/D30*100 -> 51.123259
A31: R4 | B31: 2022 | C31: 2.64 | D31: 497277 | E31: 413566 | F31: 260596 | G31: 83711 | H31: =F31/E31*100 -> 63.01195 | I31: =F31/D31*100 -> 52.404595
A32: R5 | B32: 2023 | C32: 2.52 | D32: 488969 | E32: 406188 | F32: 260326 | G32: 82781 | H32: =F32/E32*100 -> 64.090027 | I32: =F32/D32*100 -> 53.239776
A33: R6 | B33: 2024 | C33: 2.54 | D33: 523072 | E33: 439086 | F33: 270511 | G33: 83986 | H33: =F33/E33*100 -> 61.607749 | I33: =F33/D33*100 -> 51.715825
A34: R7 | B34: 2025 | C34: 2.34 | D34: 532395 | E34: 437718 | F34: 278784 | G34: 94678 | H34: =F34/E34*100 -> 63.690321 | I34: =F34/D34*100 -> 52.364128
A35: 直近５か年平均 | C35: =ROUND(AVERAGE(C30:C34),2) -> 2.52 | D35: =ROUND(AVERAGE(D30:D34),2) -> 500868 | E35: =ROUND(AVERAGE(E30:E34),2) -> 416126 | F35: =ROUND(AVERAGE(F30:F34),2) -> 261345.4 | G35: =ROUND(AVERAGE(G30:G34),2) -> 84742.2 | H35: =F35/E35*100 -> 62.804391 | I35: =F35/D35*100 -> 52.178498
A37: 【山形市・総世帯のうち勤労者世帯】
C38: 世帯人員 | D38: 実収入 | E38: 可処分所得 | F38: 消費支出 | G38: 非消費支出 | H38: 平均消費 性向 | I38: 消費支出 ／実収入
D39: ① | E39: ② | F39: ③ | G39: ④ | H39: ③／② | I39: ③／①
C40: 人 | D40: 円 | E40: 円 | F40: 円 | G40: 円 | H40: ％ | I40: ％
A41: H27 | B41: 2015 | C41: 2.93 | D41: 486196 | E41: 396136 | F41: 303981 | G41: 90060 | H41: =F41/E41*100 -> 76.736525 | I41: =F41/D41*100 -> 62.522316
A42: H28 | B42: 2016 | C42: 2.31 | D42: 471780 | E42: 383617 | F42: 303472 | G42: 88162 | H42: =F42/E42*100 -> 79.108069 | I42: =F42/D42*100 -> 64.324897
A43: H29 | B43: 2017 | C43: 2.63 | D43: 512036 | E43: 409939 | F43: 293883 | G43: 102097 | H43: =F43/E43*100 -> 71.689446 | I43: =F43/D43*100 -> 57.394988
A44: H30 | B44: 2018 | C44: 2.37 | D44: 462453 | E44: 388239 | F44: 265624 | G44: 74215 | H44: =F44/E44*100 -> 68.41765 | I44: =F44/D44*100 -> 57.438053
A45: H31/R1 | B45: 2019 | C45: 2.36 | D45: 435984 | E45: 358204 | F45: 253719 | G45: 77781 | H45: =F45/E45*100 -> 70.830867 | I45: =F45/D45*100 -> 58.194567
A46: R2 | B46: 2020 | C46: 2.66 | D46: 585543 | E46: 465855 | F46: 286256 | G46: 119688 | H46: =F46/E46*100 -> 61.447446 | I46: =F46/D46*100 -> 48.887272
A47: R3 | B47: 2021 | C47: 2.46 | D47: 515720 | E47: 419015 | F47: 281545 | G47: 96704 | H47: =F47/E47*100 -> 67.192105 | I47: =F47/D47*100 -> 54.592608
A48: R4 | B48: 2022 | C48: 2.5 | D48: 515845 | E48: 423068 | F48: 250202 | G48: 92778 | H48: =F48/E48*100 -> 59.139902 | I48: =F48/D48*100 -> 48.503329
A49: R5 | B49: 2023 | C49: 2.25 | D49: 487784 | E49: 404043 | F49: 257493 | G49: 83741 | H49: =F49/E49*100 -> 63.729108 | I49: =F49/D49*100 -> 52.788324
A50: R6 | B50: 2024 | C50: 2.37 | D50: 527052 | E50: 433818 | F50: 273263 | G50: 93234 | H50: =F50/E50*100 -> 62.99024 | I50: =F50/D50*100 -> 51.847446
A51: R7 | B51: 2025 | C51: 2.07 | D51: 517597 | E51: 423164 | F51: 266119 | G51: 94433 | H51: =F51/E51*100 -> 62.887911 | I51: =F51/D51*100 -> 51.414324
A52: 直近５か年平均 | C52: =ROUND(AVERAGE(C47:C51),2) -> 2.33 | D52: =ROUND(AVERAGE(D47:D51),2) -> 512799.6 | E52: =ROUND(AVERAGE(E47:E51),2) -> 420621.6 | F52: =ROUND(AVERAGE(F47:F51),2) -> 265724.4 | G52: =ROUND(AVERAGE(G47:G51),2) -> 92178 | H52: =F52/E52*100 -> 63.174216 | I52: =F52/D52*100 -> 51.818371

Sheet 各種係数
HV1: 令和2年産業連関表（全国表）から求めたマージン率・貨物運賃率
C2: 各種係数 | J2: 投入係数 | DN2: 開放経済型逆行列係数 | HR2: 就業者数 | HV2: マージン率 | HX2: 貨物運賃率（民間消費支出） | HZ2: ※「運賃」シート参照
J3: 011 | K3: 012 | L3: 013 | M3: 015 | N3: 017 | O3: 061 | P3: 062 | Q3: 111 | R3: 112 | S3: 113 | T3: 114 | U3: 151 | V3: 152 | W3: 161 | X3: 162 | Y3: 163 | Z3: 164 | AA3: 191 | AB3: 201 | AC3: 202 | AD3: 203 | AE3: 204 | AF3: 205 | AG3: 206 | AH3: 207 | AI3: 208 | AJ3: 211 | AK3: 212 | AL3: 221 | AM3: 222 | AN3: 231 | AO3: 251 | AP3: 252 | AQ3: 253 | AR3: 259 | AS3: 261 | AT3: 262 | AU3: 263 | AV3: 269 | AW3: 271 | AX3: 272 | AY3: 281 | AZ3: 289 | BA3: 291 | BB3: 301 | BC3: 311 | BD3: 321 | BE3: 329 | BF3: 331 | BG3: 332 | BH3: 333 | BI3: 339 | BJ3: 341 | BK3: 342 | BL3: 351 | BM3: 352 | BN3: 353 | BO3: 354 | BP3: 359 | BQ3: 391 | BR3: 392 | BS3: 411 | BT3: 412 | BU3: 413 | BV3: 419 | BW3: 461 | BX3: 462 | BY3: 471 | BZ3: 481 | CA3: 511 | CB3: 531 | CC3: 551 | CD3: 552 | CE3: 553 | CF3: 571 | CG3: 572 | CH3: 573 | CI3: 574 | CJ3: 575 | CK3: 576 | CL3: 577 | CM3: 578 | CN3: 579 | CO3: 591 | CP3: 592 | CQ3: 593 | CR3: 594 | CS3: 595 | CT3: 611 | CU3: 631 | CV3: 632 | CW3: 641 | CX3: 642 | CY3: 643 | CZ3: 644 | DA3: 659 | DB3: 661 | DC3: 662 | DD3: 663 | DE3: 669 | DF3: 671 | DG3: 672 | DH3: 673 | DI3: 674 | DJ3: 675 | DK3: 679 | DL3: 681 | DM3: 691 | DN3: 011 | DO3: 012 | DP3: 013 | DQ3: 015 | DR3: 017 | DS3: 061 | DT3: 062 | DU3: 111 | DV3: 112 | DW3: 113 | DX3: 114 | DY3: 151 | DZ3: 152 | EA3: 161 | EB3: 162 | EC3: 163 | ED3: 164 | EE3: 191 | EF3: 201 | EG3: 202 | EH3: 203 | EI3: 204 | EJ3: 205 | EK3: 206 | EL3: 207 | EM3: 208 | EN3: 211 | EO3: 212 | EP3: 221 | EQ3: 222 | ER3: 231 | ES3: 251 | ET3: 252 | EU3: 253 | EV3: 259 | EW3: 261 | EX3: 262 | EY3: 263 | EZ3: 269 | FA3: 271 | FB3: 272 | FC3: 281 | FD3: 289 | FE3: 291 | FF3: 301 | FG3: 311 | FH3: 321 | FI3: 329 | FJ3: 331 | FK3: 332 | FL3: 333 | FM3: 339 | FN3: 341 | FO3: 342 | FP3: 351 | FQ3: 352 | FR3: 353 | FS3: 354 | FT3: 359 | FU3: 391 | FV3: 392 | FW3: 411 | FX3: 412 | FY3: 413 | FZ3: 419 | GA3: 461 | GB3: 462 | GC3: 471 | GD3: 481 | GE3: 511 | GF3: 531 | GG3: 551 | GH3: 552 | GI3: 553 | GJ3: 571 | GK3: 572 | GL3: 573 | GM3: 574 | GN3: 575 | GO3: 576 | GP3: 577 | GQ3: 578 | GR3: 579 | GS3: 591 | GT3: 592 | GU3: 593 | GV3: 594 | GW3: 595 | GX3: 611 | GY3: 631 | GZ3: 632 | HA3: 641 | HB3: 642 | HC3: 643 | HD3: 644 | HE3: 659 | HF3: 661 | HG3: 662 | HH3: 663 | HI3: 669 | HJ3: 671 | HK3: 672 | HL3: 673 | HM3: 674 | HN3: 675 | HO3: 679 | HP3: 681 | HQ3: 691 | HX3: 全国運賃率 | HY3: 内訳（全国表の割合で按分）
C4: 域内自給率 | D4: 中間投入率 | E4: 粗付加価値率 | F4: 雇用者所得率 | G4: 民間消費支出 | H4: ←のマイナス値と自家輸送、帰属家賃を削除 | I4: 民間消費支出パターン（修正） | J4: 耕種農業 | K4: 畜産 | L4: 農業サービス | M4: 林業 | N4: 漁業 | O4: 石炭・原油・ 天然ガス | P4: その他の鉱業 | Q4: 食料品 | R4: 飲料 | S4: 飼料・ 有機質肥料 （別掲を除く。） | T4: たばこ | U4: 繊維工業製品 | V4: 衣服・その他の 繊維既製品 | W4: 木材・木製品 | X4: 家具・装備品 | Y4: パルプ・紙・ 板紙・加工紙 | Z4: 紙加工品 | AA4: 印刷・ 製版・製本 | AB4: 化学肥料 | AC4: 無機化学 工業製品 | AD4: 石油化学系 基礎製品 | AE4: 有機化学工業製品（石油化学系基礎製品・合成樹脂を除く。） | AF4: 合成樹脂 | AG4: 化学繊維 | AH4: 医薬品 | AI4: 化学最終製品 （医薬品を除く。） | AJ4: 石油製品 | AK4: 石炭製品 | AL4: プラスチック 製品 | AM4: ゴム製品 | AN4: なめし革・ 革製品・毛皮 | AO4: ガラス・ ガラス製品 | AP4: セメント・ セメント製品 | AQ4: 陶磁器 | AR4: その他の窯業・ 土石製品 | AS4: 銑鉄・粗鋼 | AT4: 鋼材 | AU4: 鋳鍛造品（鉄） | AV4: その他の 鉄鋼製品 | AW4: 非鉄金属 製錬・精製 | AX4: 非鉄金属 加工製品 | AY4: 建設用・建築用 金属製品 | AZ4: その他の 金属製品 | BA4: はん用機械 | BB4: 生産用機械 | BC4: 業務用機械 | BD4: 電子デバイス | BE4: その他の 電子部品 | BF4: 産業用 電気機器 | BG4: 民生用 電気機器 | BH4: 電子応用装置・ 電気計測器 | BI4: その他の 電気機械 | BJ4: 通信・映像・ 音響機器 | BK4: 電子計算機・ 同附属装置 | BL4: 乗用車 | BM4: その他の 自動車 | BN4: 自動車部品・ 同附属品 | BO4: 船舶・同修理 | BP4: その他の輸送 機械・同修理 | BQ4: その他の 製造工業製品 | BR4: 再生資源回収・ 加工処理 | BS4: 建築 | BT4: 建設補修 | BU4: 公共事業 | BV4: その他の 土木建設 | BW4: 電気 | BX4: ガス・熱供給 | BY4: 水道 | BZ4: 廃棄物処理 | CA4: 商業 | CB4: 金融・保険 | CC4: 不動産仲介 及び賃貸 | CD4: 住宅賃貸料 | CE4: 住宅賃貸料 （帰属家賃） | CF4: 鉄道輸送 | CG4: 道路輸送 （自家輸送を 除く。） | CH4: 自家輸送 | CI4: 水運 | CJ4: 航空輸送 | CK4: 貨物利用運送 | CL4: 倉庫 | CM4: 運輸附帯 サービス | CN4: 郵便・信書便 | CO4: 通信 | CP4: 放送 | CQ4: 情報サービス | CR4: インターネット 附随サービス | CS4: 映像・音声・ 文字情報制作 | CT4: 公務 | CU4: 教育 | CV4: 研究 | CW4: 医療 | CX4: 保健衛生 | CY4: 社会保険・ 社会福祉 | CZ4: 介護 | DA4: 他に分類 されない 会員制団体 | DB4: 物品賃貸 サービス | DC4: 広告 | DD4: 自動車整備・ 機械修理 | DE4: その他の 対事業所 サービス | DF4: 宿泊業 | DG4: 飲食サービス | DH4: 洗濯・理容・ 美容・浴場業 | DI4: 娯楽サービス | DJ4: 獣医業 | DK4: その他の 対個人サービス | DL4: 事務用品 | DM4: 分類不明 | DN4: 耕種農業 | DO4: 畜産 | DP4: 農業サービス | DQ4: 林業 | DR4: 漁業 | DS4: 石炭・原油・ 天然ガス | DT4: その他の鉱業 | DU4: 食料品 | DV4: 飲料 | DW4: 飼料・ 有機質肥料 （別掲を除く。） | DX4: たばこ | DY4: 繊維工業製品 | DZ4: 衣服・その他の 繊維既製品 | EA4: 木材・木製品 | EB4: 家具・装備品 | EC4: パルプ・紙・ 板紙・加工紙 | ED4: 紙加工品 | EE4: 印刷・ 製版・製本 | EF4: 化学肥料 | EG4: 無機化学 工業製品 | EH4: 石油化学系 基礎製品 | EI4: 有機化学工業製品（石油化学系基礎製品・合成樹脂を除く。） | EJ4: 合成樹脂 | EK4: 化学繊維 | EL4: 医薬品 | EM4: 化学最終製品 （医薬品を 除く。） | EN4: 石油製品 | EO4: 石炭製品 | EP4: プラスチック 製品 | EQ4: ゴム製品 | ER4: なめし革・ 革製品・毛皮 | ES4: ガラス・ ガラス製品 | ET4: セメント・ セメント製品 | EU4: 陶磁器 | EV4: その他の窯業・ 土石製品 | EW4: 銑鉄・粗鋼 | EX4: 鋼材 | EY4: 鋳鍛造品（鉄） | EZ4: その他の 鉄鋼製品 | FA4: 非鉄金属 製錬・精製 | FB4: 非鉄金属 加工製品 | FC4: 建設用・建築用 金属製品 | FD4: その他の 金属製品 | FE4: はん用機械 | FF4: 生産用機械 | FG4: 業務用機械 | FH4: 電子デバイス | FI4: その他の 電子部品 | FJ4: 産業用 電気機器 | FK4: 民生用 電気機器 | FL4: 電子応用装置・ 電気計測器 | FM4: その他の 電気機械 | FN4: 通信・映像・ 音響機器 | FO4: 電子計算機・ 同附属装置 | FP4: 乗用車 | FQ4: その他の 自動車 | FR4: 自動車部品・ 同附属品 | FS4: 船舶・同修理 | FT4: その他の輸送 機械・同修理 | FU4: その他の 製造工業製品 | FV4: 再生資源回収・ 加工処理 | FW4: 建築 | FX4: 建設補修 | FY4: 公共事業 | FZ4: その他の 土木建設 | GA4: 電気 | GB4: ガス・熱供給 | GC4: 水道 | GD4: 廃棄物処理 | GE4: 商業 | GF4: 金融・保険 | GG4: 不動産仲介 及び賃貸 | GH4: 住宅賃貸料 | GI4: 住宅賃貸料 （帰属家賃） | GJ4: 鉄道輸送 | GK4: 道路輸送 （自家輸送を 除く。） | GL4: 自家輸送 | GM4: 水運 | GN4: 航空輸送 | GO4: 貨物利用運送 | GP4: 倉庫 | GQ4: 運輸附帯 サービス | GR4: 郵便・信書便 | GS4: 通信 | GT4: 放送 | GU4: 情報サービス | GV4: インターネット 附随サービス | GW4: 映像・音声・ 文字情報制作 | GX4: 公務 | GY4: 教育 | GZ4: 研究 | HA4: 医療 | HB4: 保健衛生 | HC4: 社会保険・ 社会福祉 | HD4: 介護 | HE4: 他に分類 されない 会員制団体 | HF4: 物品賃貸 サービス | HG4: 広告 | HH4: 自動車整備・ 機械修理 | HI4: その他の 対事業所 サービス | HJ4: 宿泊業 | HK4: 飲食サービス | HL4: 洗濯・理容・ 美容・浴場業 | HM4: 娯楽サービス | HN4: 獣医業 | HO4: その他の 対個人サービス | HP4: 事務用品 | HQ4: 分類不明 | HR4: 就業者総数 人 | HS4: 域内生産額 万円 | HT4: 就業者数 ／万円 | HV4: マージン率 （需要合計） | HX4: 運輸マージン （需要合計） | HY4: 貨物運賃（鉄道） | HZ4: 貨物運賃（道路） | IA4: 貨物運賃（沿海内水面） | IB4: 貨物運賃（港湾運送） | IC4: 貨物運賃（航空） | ID4: 貨物運賃（利用運送） | IE4: 貨物運賃（倉庫）
A5: 011 | B5: 耕種農業 | C5: =IFERROR(1-('生産者価格評価表（108部門）（山形県）'!DT4/'生産者価格評価表（108部門）（山形県）'!DP4*-1),0) -> 0.69663046 | D5: {=TRANSPOSE('生産者価格評価表（108部門）（山形県）'!C123:DF123)} -> 0.43810901 | E5: {=TRANSPOSE('生産者価格評価表（108部門）（山形県）'!C124:DF124)} -> 0.56189099 | F5: {=TRANSPOSE('生産者価格評価表（108部門）（山形県）'!C125:DF125)} -> 0.13685646 | G5: ='生産者価格評価表（108部門）（山形県）'!DI4 -> 22216 | H5: =IF(G5<0,0,G5) -> 22216 | I5: =H5/$H$113 -> 0.013147017 | J5: =IFERROR('生産者価格評価表（108部門）（山形県）'!C4/'生産者価格評価表（108部門）（山形県）'!C$121,0) -> 0.016514634 | K5: =IFERROR('生産者価格評価表（108部門）（山形県）'!D4/'生産者価格評価表（108部門）（山形県）'!D$121,0) -> 0.075493639 | L5: =IFERROR('生産者価格評価表（108部門）（山形県）'!E4/'生産者価格評価表（108部門）（山形県）'!E$121,0) -> 0.0099523494 | M5: =IFERROR('生産者価格評価表（108部門）（山形県）'!F4/'生産者価格評価表（108部門）（山形県）'!F$121,0) -> 0.0012907667 | N5: =IFERROR('生産者価格評価表（108部門）（山形県）'!G4/'生産者価格評価表（108部門）（山形県）'!G$121,0) -> 0 | O5: =IFERROR('生産者価格評価表（108部門）（山形県）'!H4/'生産者価格評価表（108部門）（山形県）'!H$121,0) -> 0 | P5: =IFERROR('生産者価格評価表（108部門）（山形県）'!I4/'生産者価格評価表（108部門）（山形県）'!I$121,0) -> 0 | Q5: =IFERROR('生産者価格評価表（108部門）（山形県）'!J4/'生産者価格評価表（108部門）（山形県）'!J$121,0) -> 0.14914251 | ... DM5: =IFERROR('生産者価格評価表（108部門）（山形県）'!DF4/'生産者価格評価表（108部門）（山形県）'!DF$121,0) -> 0 | DN5: 1.0122754 | DO5: 0.056622181 | DP5: 0.0077170625 | DQ5: 0.0018304259 | DR5: 0.00048502767 | DS5: 2.6522667e-05 | DT5: 1.5796676e-05 | DU5: 0.11285689 | DV5: 0.018487106 | DW5: 0.060814662 | DX5: 0 | DY5: 0.011969532 | DZ5: 0.00050626276 | EA5: 0.00025969268 | EB5: 2.4677291e-05 | EC5: 0.00026367049 | ED5: 2.5507568e-05 | EE5: 1.1518715e-05 | EF5: 0 | EG5: 1.6125786e-05 | EH5: 0 | EI5: 2.0126854e-05 | EJ5: 4.154997e-09 | EK5: 0 | EL5: 0.0023043913 | EM5: 0.00073531526 | EN5: 9.3609908e-08 | EO5: 5.8192025e-06 | EP5: 8.5451037e-06 | EQ5: 0.0077833832 | ER5: 0.0006122541 | ES5: 8.1284208e-06 | ET5: 1.1450854e-05 | EU5: 2.2614612e-05 | EV5: 3.3715365e-05 | EW5: 4.1951989e-06 | EX5: 0 | EY5: 4.5802823e-06 | EZ5: 4.5120257e-06 | FA5: 4.0017573e-06 | FB5: 6.3683432e-06 | FC5: 5.0640702e-06 | FD5: 4.4862373e-06 | FE5: 9.1854298e-06 | FF5: 7.1345499e-06 | FG5: 1.1452726e-05 | FH5: 9.511415e-06 | FI5: 1.0437723e-05 | FJ5: 8.1003215e-06 | FK5: 9.8759306e-06 | FL5: 7.1348265e-06 | FM5: 7.9496756e-06 | FN5: 6.3042947e-06 | FO5: 9.2064933e-06 | FP5: 0 | FQ5: 2.2423668e-06 | FR5: 6.6465332e-06 | FS5: 6.5015928e-06 | FT5: 5.8758754e-06 | FU5: 0.00099946782 | FV5: 1.2495317e-05 | FW5: 0.00037844612 | FX5: 2.970016e-05 | FY5: 0.0011865507 | FZ5: 0.0010941296 | GA5: 8.7966607e-06 | GB5: 2.3776711e-05 | GC5: 3.8629757e-05 | GD5: 1.0958254e-05 | GE5: 0.00010667288 | GF5: 1.558529e-05 | GG5: 9.5258705e-06 | GH5: 8.8205247e-06 | GI5: 7.7713553e-06 | GJ5: 1.4232611e-05 | GK5: 9.0317422e-06 | GL5: 2.1971944e-05 | GM5: 1.4224002e-05 | GN5: 1.3912635e-05 | GO5: 7.5957984e-06 | GP5: 1.7451855e-05 | GQ5: 9.9709137e-05 | GR5: 3.4191625e-06 | GS5: 1.7474263e-05 | GT5: 6.0781178e-05 | GU5: 1.355583e-05 | GV5: 1.5470229e-05 | GW5: 5.2043563e-05 | GX5: 3.1829926e-05 | GY5: 0.0010143937 | GZ5: 6.0696025e-05 | HA5: 0.00059887068 | HB5: 1.3700871e-05 | HC5: 0.0017966883 | HD5: 0.0033273341 | HE5: 0.0015251104 | HF5: 7.0064839e-05 | HG5: 4.195915e-05 | HH5: 1.3703042e-05 | HI5: 1.5334167e-05 | HJ5: 0.013843982 | HK5: 0.015496141 | HL5: 0.0001344528 | HM5: 0.00099827213 | HN5: 0.0016662576 | HO5: 0.0052362856 | HP5: 5.1720217e-05 | HQ5: 2.1175003e-05 | HR5: 48084 | HS5: ='生産者価格評価表（108部門）（山形県）'!DV4*100 -> 21859400 | HT5: =IF(HS5=0,0,HR5/HS5) -> 0.0021996944 | HV5: 0.29370043 | HX5: =運賃!C6 -> 0.06497181 | HY5: =運賃!D6 -> 0.00089375475 | HZ5: =運賃!E6 -> 0.03555998 | IA5: =運賃!F6 -> 0.0015003222 | IB5: =運賃!G6 -> 0.002026965 | IC5: =運賃!H6 -> 0.0001292502 | ID5: =運賃!I6 -> 0.003082402 | IE5: =運賃!J6 -> 0.021779136
A6: 012 | B6: 畜産 | C6: =IFERROR(1-('生産者価格評価表（108部門）（山形県）'!DT5/'生産者価格評価表（108部門）（山形県）'!DP5*-1),0) -> 0.3180563 | D6: 0.7272833 | E6: 0.2727167 | F6: 0.096448589 | G6: ='生産者価格評価表（108部門）（山形県）'!DI5 -> 1650 | H6: =IF(G6<0,0,G6) -> 1650 | I6: =H6/$H$113 -> 0.0009764394 | J6: =IFERROR('生産者価格評価表（108部門）（山形県）'!C5/'生産者価格評価表（108部門）（山形県）'!C$121,0) -> 0.0029095035 | K6: =IFERROR('生産者価格評価表（108部門）（山形県）'!D5/'生産者価格評価表（108部門）（山形県）'!D$121,0) -> 0.13789334 | L6: =IFERROR('生産者価格評価表（108部門）（山形県）'!E5/'生産者価格評価表（108部門）（山形県）'!E$121,0) -> 0.036069727 | M6: =IFERROR('生産者価格評価表（108部門）（山形県）'!F5/'生産者価格評価表（108部門）（山形県）'!F$121,0) -> 0.00017210223 | N6: =IFERROR('生産者価格評価表（108部門）（山形県）'!G5/'生産者価格評価表（108部門）（山形県）'!G$121,0) -> 0 | O6: =IFERROR('生産者価格評価表（108部門）（山形県）'!H5/'生産者価格評価表（108部門）（山形県）'!H$121,0) -> 0 | P6: =IFERROR('生産者価格評価表（108部門）（山形県）'!I5/'生産者価格評価表（108部門）（山形県）'!I$121,0) -> 0 | Q6: =IFERROR('生産者価格評価表（108部門）（山形県）'!J5/'生産者価格評価表（108部門）（山形県）'!J$121,0) -> 0.11307283 | ... DM6: =IFERROR('生産者価格評価表（108部門）（山形県）'!DF5/'生産者価格評価表（108部門）（山形県）'!DF$121,0) -> 0 | DN6: 0.0018510285 | DO6: 1.0464212 | DP6: 0.012021365 | DQ6: 0.00032471478 | DR6: 0.00013547097 | DS6: 4.1481781e-07 | DT6: 1.2763426e-06 | DU6: 0.039814016 | DV6: 0.0016212137 | DW6: 0.0059687365 | DX6: 0 | DY6: 0.00032186159 | DZ6: 1.821523e-05 | EA6: 4.1614299e-05 | EB6: 2.4388089e-06 | EC6: 5.4516292e-05 | ED6: 2.3678293e-06 | EE6: 8.8095809e-07 | EF6: 0 | EG6: 1.2652612e-06 | EH6: 0 | EI6: 5.9572757e-06 | EJ6: 1.2298227e-09 | EK6: 0 | EL6: 0.00012671326 | EM6: 8.849536e-05 | EN6: 1.4640706e-09 | EO6: 5.1420678e-07 | EP6: 3.49514e-07 | EQ6: 1.4550939e-05 | ER6: 0.0041141198 | ES6: 4.6706067e-07 | ET6: 2.7895069e-07 | EU6: 1.3512128e-06 | EV6: 9.1109637e-06 | EW6: 1.1260823e-07 | EX6: 0 | EY6: 2.2543988e-07 | EZ6: 6.9631448e-08 | FA6: 1.1906084e-07 | FB6: 1.5063033e-07 | FC6: 3.4379012e-07 | FD6: 1.3974461e-07 | FE6: 1.9550709e-07 | FF6: 3.0875609e-07 | FG6: 1.2483671e-06 | FH6: 3.683814e-07 | FI6: 6.370132e-07 | FJ6: 2.6836921e-07 | FK6: 3.6761106e-07 | FL6: 2.6787237e-07 | FM6: 1.8650589e-07 | FN6: 5.1221743e-07 | FO6: 2.6617556e-07 | FP6: 0 | FQ6: 4.2755045e-08 | FR6: 1.806051e-07 | FS6: 2.2940263e-07 | FT6: 1.0564618e-07 | FU6: 5.3406835e-05 | FV6: 2.17567e-07 | FW6: 1.5242905e-06 | FX6: 5.1908673e-07 | FY6: 2.501857e-06 | FZ6: 2.2811034e-06 | GA6: 3.2774819e-07 | GB6: 4.0147794e-06 | GC6: 7.1786956e-07 | GD6: 4.134265e-07 | GE6: 5.1117576e-07 | GF6: 4.0439825e-07 | GG6: 3.3088437e-07 | GH6: 2.7231697e-07 | GI6: 1.1045094e-07 | GJ6: 1.0360101e-06 | GK6: 2.1921767e-07 | GL6: 3.0983138e-07 | GM6: 3.293275e-07 | GN6: 1.9591664e-07 | GO6: 1.4842237e-07 | GP6: 3.8054436e-07 | GQ6: 1.265751e-06 | GR6: 3.7707146e-07 | GS6: 1.4429746e-06 | GT6: 9.7725752e-07 | GU6: 8.412681e-07 | GV6: 1.2736188e-06 | GW6: 1.7323434e-06 | GX6: 7.6957544e-06 | GY6: 0.00011336502 | GZ6: 0.00033424345 | HA6: 6.6094612e-05 | HB6: 5.4179711e-07 | HC6: 0.00022758354 | HD6: 0.00045389186 | HE6: 2.0229224e-05 | HF6: 9.0716019e-07 | HG6: 8.0214997e-07 | HH6: 2.213159e-07 | HI6: 5.0492929e-07 | HJ6: 0.0014229944 | HK6: 0.0028098531 | HL6: 9.4356691e-07 | HM6: 3.167143e-06 | HN6: 4.4328368e-06 | HO6: 0.00021802866 | HP6: 2.0340106e-06 | HQ6: 2.1644488e-06 | HR6: 1937 | HS6: ='生産者価格評価表（108部門）（山形県）'!DV5*100 -> 4299700 | HT6: =IF(HS6=0,0,HR6/HS6) -> 0.00045049655 | HV6: 0.06120923 | HX6: =運賃!C7 -> 0.022064325 | HY6: =運賃!D7 -> 8.2009167e-06 | HZ6: =運賃!E7 -> 0.019643366 | IA6: =運賃!F7 -> 0 | IB6: =運賃!G7 -> 0.00024506269 | IC6: =運賃!H7 -> 0 | ID6: =運賃!I7 -> 0.0010919279 | IE6: =運賃!J7 -> 0.0010757673
A7: 013 | B7: 農業サービス | C7: =IFERROR(1-('生産者価格評価表（108部門）（山形県）'!DT6/'生産者価格評価表（108部門）（山形県）'!DP6*-1),0) -> 1 | D7: 0.37137342 | E7: 0.62862658 | F7: 0.18191688 | G7: ='生産者価格評価表（108部門）（山形県）'!DI6 -> 0 | H7: =IF(G7<0,0,G7) -> 0 | I7: =H7/$H$113 -> 0 | J7: =IFERROR('生産者価格評価表（108部門）（山形県）'!C6/'生産者価格評価表（108部門）（山形県）'!C$121,0) -> 0.071548167 | K7: =IFERROR('生産者価格評価表（108部門）（山形県）'!D6/'生産者価格評価表（108部門）（山形県）'!D$121,0) -> 0.021838733 | L7: =IFERROR('生産者価格評価表（108部門）（山形県）'!E6/'生産者価格評価表（108部門）（山形県）'!E$121,0) -> 0 | M7: =IFERROR('生産者価格評価表（108部門）（山形県）'!F6/'生産者価格評価表（108部門）（山形県）'!F$121,0) -> 0 | N7: =IFERROR('生産者価格評価表（108部門）（山形県）'!G6/'生産者価格評価表（108部門）（山形県）'!G$121,0) -> 0 | O7: =IFERROR('生産者価格評価表（108部門）（山形県）'!H6/'生産者価格評価表（108部門）（山形県）'!H$121,0) -> 0 | P7: =IFERROR('生産者価格評価表（108部門）（山形県）'!I6/'生産者価格評価表（108部門）（山形県）'!I$121,0) -> 0 | Q7: =IFERROR('生産者価格評価表（108部門）（山形県）'!J6/'生産者価格評価表（108部門）（山形県）'!J$121,0) -> 0 | ... DM7: =IFERROR('生産者価格評価表（108部門）（山形県）'!DF6/'生産者価格評価表（108部門）（山形県）'!DF$121,0) -> 0 | DN7: 0.072466873 | DO7: 0.026903725 | DP7: 1.0008147 | DQ7: 0.00013805497 | DR7: 3.7661355e-05 | DS7: 1.9067073e-06 | DT7: 1.1580969e-06 | DU7: 0.0089441911 | DV7: 0.0013581238 | DW7: 0.0044815272 | DX7: 0 | DY7: 0.00086342714 | DZ7: 3.661997e-05 | EA7: 1.9489339e-05 | EB7: 1.8188754e-06 | EC7: 2.0055707e-05 | ED7: 1.8767301e-06 | EE7: 8.4338196e-07 | EF7: 0 | EG7: 1.1814022e-06 | EH7: 0 | EI7: 1.5701389e-06 | EJ7: 3.2414019e-10 | EK7: 0 | EL7: 0.00016764223 | EM7: 5.4543086e-05 | EN7: 6.7295908e-09 | EO7: 4.275829e-07 | EP7: 6.1901945e-07 | EQ7: 0.00055720457 | ER7: 0.00013365282 | ES7: 5.9177362e-07 | ET7: 8.2537958e-07 | EU7: 1.6475428e-06 | EV7: 2.6112445e-06 | EW7: 3.0261801e-07 | EX7: 0 | EY7: 3.3263412e-07 | EZ7: 3.2434783e-07 | FA7: 2.8891854e-07 | FB7: 4.5893286e-07 | FC7: 3.6983288e-07 | FD7: 3.240339e-07 | FE7: 6.6147029e-07 | FF7: 5.1720681e-07 | FG7: 8.4668431e-07 | FH7: 6.8856929e-07 | FI7: 7.6071154e-07 | FJ7: 5.85424e-07 | FK7: 7.1463289e-07 | FL7: 5.1633375e-07 | FM7: 5.7285777e-07 | FN7: 4.6224691e-07 | FO7: 6.6452066e-07 | FP7: 0 | FQ7: 1.6137095e-07 | FR7: 4.7949145e-07 | FS7: 4.7018691e-07 | FT7: 4.2271529e-07 | FU7: 7.2676428e-05 | FV7: 8.9876844e-07 | FW7: 2.7110415e-05 | FX7: 2.1363282e-06 | FY7: 8.4950164e-05 | FZ7: 7.8332781e-05 | GA7: 6.3654255e-07 | GB7: 1.7888578e-06 | GC7: 2.7795656e-06 | GD7: 7.9307166e-07 | GE7: 7.6434125e-06 | GF7: 1.1239305e-06 | GG7: 6.8878467e-07 | GH7: 6.3703943e-07 | GI7: 5.5843833e-07 | GJ7: 1.0409424e-06 | GK7: 6.5099204e-07 | GL7: 1.5788186e-06 | GM7: 1.0248933e-06 | GN7: 9.9970213e-07 | GO7: 5.4670681e-07 | GP7: 1.2569589e-06 | GQ7: 7.1616484e-06 | GR7: 2.5286957e-07 | GS7: 1.2817643e-06 | GT7: 4.3701239e-06 | GU7: 9.8826699e-07 | GV7: 1.1346807e-06 | GW7: 3.7614538e-06 | GX7: 2.4454384e-06 | GY7: 7.5053755e-05 | GZ7: 1.1642143e-05 | HA7: 4.4291522e-05 | HB7: 9.9210436e-07 | HC7: 0.00013351989 | HD7: 0.00024797708 | HE7: 0.00010956063 | HF7: 5.0328221e-06 | HG7: 3.0196182e-06 | HH7: 9.8526082e-07 | HI7: 1.1081586e-06 | HJ7: 0.0010215879 | HK7: 0.0011700841 | HL7: 9.6404578e-06 | HM7: 7.1493708e-05 | HN7: 0.00011931448 | HO7: 0.0003794081 | HP7: 3.7449069e-06 | HQ7: 1.5623014e-06 | HR7: 1230 | HS7: ='生産者価格評価表（108部門）（山形県）'!DV6*100 -> 1657900 | HT7: =IF(HS7=0,0,HR7/HS7) -> 0.00074190241 | HV7: 0 | HX7: =運賃!C8 -> 0 | HY7: =運賃!D8 -> 0 | HZ7: =運賃!E8 -> 0 | IA7: =運賃!F8 -> 0 | IB7: =運賃!G8 -> 0 | IC7: =運賃!H8 -> 0 | ID7: =運賃!I8 -> 0 | IE7: =運賃!J8 -> 0
A8: 015 | B8: 林業 | C8: =IFERROR(1-('生産者価格評価表（108部門）（山形県）'!DT7/'生産者価格評価表（108部門）（山形県）'!DP7*-1),0) -> 0.86501193 | D8: 0.41442217 | E8: 0.58557783 | F8: 0.41554083 | G8: ='生産者価格評価表（108部門）（山形県）'!DI7 -> 1602 | H8: =IF(G8<0,0,G8) -> 1602 | I8: =H8/$H$113 -> 0.00094803389 | J8: =IFERROR('生産者価格評価表（108部門）（山形県）'!C7/'生産者価格評価表（108部門）（山形県）'!C$121,0) -> 0.00049406663 | K8: =IFERROR('生産者価格評価表（108部門）（山形県）'!D7/'生産者価格評価表（108部門）（山形県）'!D$121,0) -> 0 | L8: =IFERROR('生産者価格評価表（108部門）（山形県）'!E7/'生産者価格評価表（108部門）（山形県）'!E$121,0) -> 0 | M8: =IFERROR('生産者価格評価表（108部門）（山形県）'!F7/'生産者価格評価表（108部門）（山形県）'!F$121,0) -> 0.19120558 | N8: =IFERROR('生産者価格評価表（108部門）（山形県）'!G7/'生産者価格評価表（108部門）（山形県）'!G$121,0) -> 0 | O8: =IFERROR('生産者価格評価表（108部門）（山形県）'!H7/'生産者価格評価表（108部門）（山形県）'!H$121,0) -> 0 | P8: =IFERROR('生産者価格評価表（108部門）（山形県）'!I7/'生産者価格評価表（108部門）（山形県）'!I$121,0) -> 0 | Q8: =IFERROR('生産者価格評価表（108部門）（山形県）'!J7/'生産者価格評価表（108部門）（山形県）'!J$121,0) -> 0.0013232803 | ... DM8: =IFERROR('生産者価格評価表（108部門）（山形県）'!DF7/'生産者価格評価表（108部門）（山形県）'!DF$121,0) -> 0 | DN8: 0.00054066767 | DO8: 0.00027500335 | DP8: 2.1496028e-05 | DQ8: 1.1991724 | DR8: 4.4764548e-05 | DS8: 1.3274321e-05 | DT8: 2.2502432e-05 | DU8: 0.0015309774 | DV8: 8.5847691e-05 | DW8: 0.001159166 | DX8: 0 | DY8: 2.1506971e-05 | DZ8: 7.5485974e-06 | EA8: 0.130946 | EB8: 0.0049831292 | EC8: 0.00012009411 | ED8: 0.00014845486 | EE8: 9.6665953e-06 | EF8: 0 | EG8: 0.00020963022 | EH8: 0 | EI8: 7.3995347e-06 | EJ8: 1.5275633e-09 | EK8: 0 | EL8: 1.2663017e-05 | EM8: 0.00020112742 | EN8: 4.6850792e-08 | EO8: 7.0845071e-06 | EP8: 1.7561994e-05 | EQ8: 1.013074e-05 | ER8: 0.0006380248 | ES8: 0.00013943548 | ET8: 1.1552038e-05 | EU8: 0.00095766463 | EV8: 5.3868286e-05 | EW8: 2.3639726e-05 | EX8: 0 | EY8: 2.0935877e-05 | EZ8: 3.6975689e-06 | FA8: 6.1051098e-06 | FB8: 8.6932418e-06 | FC8: 6.9402405e-05 | FD8: 2.1981854e-05 | FE8: 5.0889837e-06 | FF8: 6.1034576e-06 | FG8: 2.5571949e-05 | FH8: 7.9171739e-06 | FI8: 1.6626671e-05 | FJ8: 8.5430142e-06 | FK8: 1.2951432e-05 | FL8: 3.8043655e-06 | FM8: 2.5544319e-05 | FN8: 6.2954058e-06 | FO8: 9.7976741e-06 | FP8: 0 | FQ8: 1.987693e-06 | FR8: 7.3609251e-06 | FS8: 3.8812937e-06 | FT8: 7.2748953e-06 | FU8: 0.0014914071 | FV8: 5.7045542e-06 | FW8: 0.0018839032 | FX8: 0.00047560832 | FY8: 0.00019798528 | FZ8: 9.9767195e-05 | GA8: 0.00011878004 | GB8: 2.9570468e-05 | GC8: 3.3658209e-05 | GD8: 1.0864294e-05 | GE8: 2.6030832e-05 | GF8: 7.8773324e-06 | GG8: 5.4609743e-06 | GH8: 1.0669917e-05 | GI8: 8.1533496e-06 | GJ8: 1.7239234e-05 | GK8: 3.6237814e-06 | GL8: 2.4118447e-05 | GM8: 1.7585497e-05 | GN8: 2.7234156e-05 | GO8: 5.4601431e-06 | GP8: 3.5868882e-05 | GQ8: 0.00024015937 | GR8: 2.5318091e-06 | GS8: 9.8663944e-06 | GT8: 1.1424638e-05 | GU8: 5.9994084e-06 | GV8: 8.4707153e-06 | GW8: 9.7826126e-06 | GX8: 1.0654021e-05 | GY8: 7.3627015e-05 | GZ8: 1.0066145e-05 | HA8: 2.1942989e-05 | HB8: 1.3504275e-05 | HC8: 0.00011598555 | HD8: 0.00022720222 | HE8: 1.5232884e-05 | HF8: 6.6434871e-06 | HG8: 6.8842922e-06 | HH8: 3.6717309e-06 | HI8: 1.3312476e-05 | HJ8: 0.0017214898 | HK8: 0.0022545631 | HL8: 1.5202594e-05 | HM8: 2.6231744e-05 | HN8: 3.7308118e-06 | HO8: 0.00031350277 | HP8: 2.9548232e-05 | HQ8: 1.1660274e-05 | HR8: 2215 | HS8: ='生産者価格評価表（108部門）（山形県）'!DV7*100 -> 1162100 | HT8: =IF(HS8=0,0,HR8/HS8) -> 0.0019060322 | HV8: 0.24143175 | HX8: =運賃!C9 -> 0.039969837 | HY8: =運賃!D9 -> 2.7834736e-05 | HZ8: =運賃!E9 -> 0.024053429 | IA8: =運賃!F9 -> 0.0017898579 | IB8: =運賃!G9 -> 0.0060899028 | IC8: =運賃!H9 -> 3.3739074e-05 | ID8: =運賃!I9 -> 0.0011901458 | IE8: =運賃!J9 -> 0.0067849277
A9: 017 | B9: 漁業 | C9: =IFERROR(1-('生産者価格評価表（108部門）（山形県）'!DT8/'生産者価格評価表（108部門）（山形県）'!DP8*-1),0) -> 0.46249767 | D9: 0.37367223 | E9: 0.62632777 | F9: 0.17792109 | G9: ='生産者価格評価表（108部門）（山形県）'!DI8 -> 2413 | H9: =IF(G9<0,0,G9) -> 2413 | I9: =H9/$H$113 -> 0.0014279687 | J9: =IFERROR('生産者価格評価表（108部門）（山形県）'!C8/'生産者価格評価表（108部門）（山形県）'!C$121,0) -> 0 | K9: =IFERROR('生産者価格評価表（108部門）（山形県）'!D8/'生産者価格評価表（108部門）（山形県）'!D$121,0) -> 0 | L9: =IFERROR('生産者価格評価表（108部門）（山形県）'!E8/'生産者価格評価表（108部門）（山形県）'!E$121,0) -> 0 | M9: =IFERROR('生産者価格評価表（108部門）（山形県）'!F8/'生産者価格評価表（108部門）（山形県）'!F$121,0) -> 0 | N9: =IFERROR('生産者価格評価表（108部門）（山形県）'!G8/'生産者価格評価表（108部門）（山形県）'!G$121,0) -> 0.017450683 | O9: =IFERROR('生産者価格評価表（108部門）（山形県）'!H8/'生産者価格評価表（108部門）（山形県）'!H$121,0) -> 0 | P9: =IFERROR('生産者価格評価表（108部門）（山形県）'!I8/'生産者価格評価表（108部門）（山形県）'!I$121,0) -> 0 | Q9: =IFERROR('生産者価格評価表（108部門）（山形県）'!J8/'生産者価格評価表（108部門）（山形県）'!J$121,0) -> 0.0045462031 | ... DM9: =IFERROR('生産者価格評価表（108部門）（山形県）'!DF8/'生産者価格評価表（108部門）（山形県）'!DF$121,0) -> 0 | DN9: 1.9515011e-07 | DO9: 1.0431043e-05 | DP9: 9.9150142e-07 | DQ9: 1.4317281e-05 | DR9: 1.0081446 | DS9: 1.0540202e-07 | DT9: 1.106897e-07 | DU9: 0.0022316324 | DV9: 8.9531279e-05 | DW9: 0.00042923458 | DX9: 0 | DY9: 1.0042498e-07 | DZ9: 5.729329e-07 | EA9: 1.9447939e-06 | EB9: 2.2379625e-07 | EC9: 3.0856453e-06 | ED9: 1.4322846e-07 | EE9: 8.8882153e-08 | EF9: 0 | EG9: 1.6837006e-07 | EH9: 0 | EI9: 3.5144424e-07 | EJ9: 7.2552309e-11 | EK9: 0 | EL9: 7.9894524e-05 | EM9: 5.0254524e-06 | EN9: 3.7200911e-10 | EO9: 4.3852475e-08 | EP9: 5.7295776e-08 | EQ9: 2.8562217e-08 | ER9: 6.7739406e-06 | ES9: 1.2881515e-07 | ET9: 8.5939053e-08 | EU9: 8.4763644e-07 | EV9: 6.0245535e-07 | EW9: 3.0681468e-08 | EX9: 0 | EY9: 7.3734212e-08 | EZ9: 2.0369895e-08 | FA9: 1.8200816e-08 | FB9: 3.4731149e-08 | FC9: 5.2331744e-08 | FD9: 3.4419438e-08 | FE9: 5.8144594e-08 | FF9: 1.1245966e-07 | FG9: 1.1066254e-07 | FH9: 7.6483025e-08 | FI9: 2.1568804e-07 | FJ9: 1.1307656e-07 | FK9: 1.0079442e-07 | FL9: 1.094931e-07 | FM9: 4.8425648e-08 | FN9: 1.2657316e-07 | FO9: 6.810198e-08 | FP9: 0 | FQ9: 1.6054863e-08 | FR9: 5.0981545e-08 | FS9: 6.117355e-08 | FT9: 3.5012256e-08 | FU9: 0.00031653391 | FV9: 7.150458e-08 | FW9: 1.5361988e-07 | FX9: 1.3837167e-07 | FY9: 1.9369539e-07 | FZ9: 1.8845117e-07 | GA9: 8.2994732e-08 | GB9: 8.7306906e-08 | GC9: 1.7784833e-07 | GD9: 7.2689299e-08 | GE9: 1.8747e-07 | GF9: 1.2763808e-07 | GG9: 3.5976768e-07 | GH9: 2.7761124e-07 | GI9: 1.1270679e-07 | GJ9: 3.5797116e-07 | GK9: 1.2588963e-07 | GL9: 1.2547046e-07 | GM9: 1.0673056e-07 | GN9: 5.1938665e-08 | GO9: 5.1456542e-08 | GP9: 1.2891695e-07 | GQ9: 2.2073327e-07 | GR9: 9.6276466e-08 | GS9: 5.224617e-07 | GT9: 1.0105693e-06 | GU9: 6.5519716e-07 | GV9: 4.4810174e-07 | GW9: 1.2220802e-06 | GX9: 2.6531467e-06 | GY9: 4.3167111e-05 | GZ9: 6.0538507e-06 | HA9: 6.5897921e-05 | HB9: 1.7379877e-07 | HC9: 0.00023092042 | HD9: 0.00048854772 | HE9: 1.5605216e-06 | HF9: 4.2643534e-07 | HG9: 9.5113349e-07 | HH9: 1.3546456e-07 | HI9: 3.0718119e-07 | HJ9: 0.0026866072 | HK9: 0.0031810439 | HL9: 5.046775e-07 | HM9: 1.3883921e-05 | HN9: 5.5484804e-07 | HO9: 0.00031000312 | HP9: 1.9193658e-06 | HQ9: 7.8801014e-07 | HR9: 406 | HS9: ='生産者価格評価表（108部門）（山形県）'!DV8*100 -> 263600 | HT9: =IF(HS9=0,0,HR9/HS9) -> 0.0015402124 | HV9: 0.29613491 | HX9: =運賃!C10 -> 0.042867469 | HY9: =運賃!D10 -> 8.9923668e-06 | HZ9: =運賃!E10 -> 0.02690302 | IA9: =運賃!F10 -> 0 | IB9: =運賃!G10 -> 0.00057508327 | IC9: =運賃!H10 -> 0.00034856126 | ID9: =運賃!I10 -> 0.0033044807 | IE9: =運賃!J10 -> 0.011727331
A10: 061 | B10: 石炭・原油・天然ガス | C10: =IFERROR(1-('生産者価格評価表（108部門）（山形県）'!DT9/'生産者価格評価表（108部門）（山形県）'!DP9*-1),0) -> 0.0082353378 | D10: 0.41216216 | E10: 0.58783784 | F10: 0.1036036 | G10: ='生産者価格評価表（108部門）（山形県）'!DI9 -> 0 | H10: =IF(G10<0,0,G10) -> 0 | I10: =H10/$H$113 -> 0 | J10: =IFERROR('生産者価格評価表（108部門）（山形県）'!C9/'生産者価格評価表（108部門）（山形県）'!C$121,0) -> 0 | K10: =IFERROR('生産者価格評価表（108部門）（山形県）'!D9/'生産者価格評価表（108部門）（山形県）'!D$121,0) -> 0 | L10: =IFERROR('生産者価格評価表（108部門）（山形県）'!E9/'生産者価格評価表（108部門）（山形県）'!E$121,0) -> 0 | M10: =IFERROR('生産者価格評価表（108部門）（山形県）'!F9/'生産者価格評価表（108部門）（山形県）'!F$121,0) -> 8.6051114e-05 | N10: =IFERROR('生産者価格評価表（108部門）（山形県）'!G9/'生産者価格評価表（108部門）（山形県）'!G$121,0) -> 0 | O10: =IFERROR('生産者価格評価表（108部門）（山形県）'!H9/'生産者価格評価表（108部門）（山形県）'!H$121,0) -> 0 | P10: =IFERROR('生産者価格評価表（108部門）（山形県）'!I9/'生産者価格評価表（108部門）（山形県）'!I$121,0) -> 0 | Q10: =IFERROR('生産者価格評価表（108部門）（山形県）'!J9/'生産者価格評価表（108部門）（山形県）'!J$121,0) -> 0.00014703115 | ... DM10: =IFERROR('生産者価格評価表（108部門）（山形県）'!DF9/'生産者価格評価表（108部門）（山形県）'!DF$121,0) -> 0 | DN10: 1.4863956e-05 | DO10: 2.2859145e-05 | DP10: 6.8269234e-05 | DQ10: 1.7482095e-05 | DR10: 1.3100049e-05 | DS10: 1.0000855 | DT10: 3.8034362e-05 | DU10: 2.155695e-05 | DV10: 3.9755525e-05 | DW10: 8.5783945e-06 | DX10: 0 | DY10: 6.6170149e-05 | DZ10: 1.5852861e-05 | EA10: 2.4344928e-05 | EB10: 1.6706784e-05 | EC10: 3.6100027e-05 | ED10: 2.2826362e-05 | EE10: 3.1483378e-05 | EF10: 0 | EG10: 0.00021647441 | EH10: 0 | EI10: 8.3283857e-05 | EJ10: 1.7193157e-08 | EK10: 0 | EL10: 2.1199414e-05 | EM10: 1.8408314e-05 | EN10: 0.0035297322 | EO10: 2.5323266e-05 | EP10: 3.7592722e-05 | EQ10: 3.1183362e-05 | ER10: 2.8252326e-05 | ES10: 0.00014948885 | ET10: 5.3645788e-05 | EU10: 0.00019118251 | EV10: 0.00011136735 | EW10: 0.00019549725 | EX10: 0 | EY10: 0.00012350964 | EZ10: 1.8576223e-05 | FA10: 4.3384885e-05 | FB10: 2.6399319e-05 | FC10: 1.4046639e-05 | FD10: 3.4857174e-05 | FE10: 1.7023748e-05 | FF10: 1.3399639e-05 | FG10: 2.309119e-05 | FH10: 3.386692e-05 | FI10: 4.6768536e-05 | FJ10: 1.4777785e-05 | FK10: 8.3881634e-06 | FL10: 9.1750404e-06 | FM10: 1.5329832e-05 | FN10: 7.3572314e-06 | FO10: 8.0161022e-06 | FP10: 0 | FQ10: 1.3673854e-05 | FR10: 2.400486e-05 | FS10: 2.2002505e-05 | FT10: 3.1004218e-05 | FU10: 2.3637382e-05 | FV10: 4.2838474e-05 | FW10: 7.1796039e-06 | FX10: 7.124938e-06 | FY10: 7.2450039e-06 | FZ10: 7.5037864e-06 | GA10: 0.0013737623 | GB10: 0.0034965739 | GC10: 6.8411434e-05 | GD10: 7.9654704e-05 | GE10: 3.1520353e-05 | GF10: 9.2272776e-06 | GG10: 1.9170215e-05 | GH10: 9.3463891e-06 | GI10: 7.6890536e-07 | GJ10: 6.0000658e-05 | GK10: 6.5910791e-06 | GL10: 9.8074671e-06 | GM10: 3.1059741e-06 | GN10: 5.740543e-06 | GO10: 5.0550505e-06 | GP10: 5.9239365e-05 | GQ10: 2.0274807e-05 | GR10: 8.7364598e-06 | GS10: 1.8611404e-05 | GT10: 1.1092149e-05 | GU10: 5.4006915e-06 | GV10: 8.49912e-06 | GW10: 1.228277e-05 | GX10: 1.7878538e-05 | GY10: 2.5658058e-05 | GZ10: 2.5457938e-05 | HA10: 1.2959663e-05 | HB10: 3.6705817e-05 | HC10: 3.7248688e-05 | HD10: 2.2999255e-05 | HE10: 8.4477735e-06 | HF10: 7.1083581e-06 | HG10: 1.0336378e-05 | HH10: 8.6618803e-06 | HI10: 9.505901e-06 | HJ10: 8.7347682e-05 | HK10: 4.5259326e-05 | HL10: 4.1856103e-05 | HM10: 4.038487e-05 | HN10: 1.1283425e-05 | HO10: 3.5718373e-05 | HP10: 8.6523571e-06 | HQ10: 7.5134756e-06 | HR10: 6 | HS10: ='生産者価格評価表（108部門）（山形県）'!DV9*100 -> 44400 | HT10: =IF(HS10=0,0,HR10/HS10) -> 0.00013513514 | HV10: 0.010606318 | HX10: =運賃!C11 -> 0.061420755 | HY10: =運賃!D11 -> 1.3156973e-05 | HZ10: =運賃!E11 -> 0.016114677 | IA10: =運賃!F11 -> 0.0054889912 | IB10: =運賃!G11 -> 0.0097359968 | IC10: =運賃!H11 -> 0 | ID10: =運賃!I11 -> 0.0015014476 | IE10: =運賃!J11 -> 0.028566486
A11: 062 | B11: その他の鉱業 | C11: =IFERROR(1-('生産者価格評価表（108部門）（山形県）'!DT10/'生産者価格評価表（108部門）（山形県）'!DP10*-1),0) -> 0.16315745 | D11: 0.47957746 | E11: 0.52042254 | F11: 0.3 | G11: ='生産者価格評価表（108部門）（山形県）'!DI10 -> -37 | H11: =IF(G11<0,0,G11) -> 0 | I11: =H11/$H$113 -> 0 | J11: =IFERROR('生産者価格評価表（108部門）（山形県）'!C10/'生産者価格評価表（108部門）（山形県）'!C$121,0) -> 0 | K11: =IFERROR('生産者価格評価表（108部門）（山形県）'!D10/'生産者価格評価表（108部門）（山形県）'!D$121,0) -> 0 | L11: =IFERROR('生産者価格評価表（108部門）（山形県）'!E10/'生産者価格評価表（108部門）（山形県）'!E$121,0) -> 0 | M11: =IFERROR('生産者価格評価表（108部門）（山形県）'!F10/'生産者価格評価表（108部門）（山形県）'!F$121,0) -> 0.00025815334 | N11: =IFERROR('生産者価格評価表（108部門）（山形県）'!G10/'生産者価格評価表（108部門）（山形県）'!G$121,0) -> 0 | O11: =IFERROR('生産者価格評価表（108部門）（山形県）'!H10/'生産者価格評価表（108部門）（山形県）'!H$121,0) -> 0 | P11: =IFERROR('生産者価格評価表（108部門）（山形県）'!I10/'生産者価格評価表（108部門）（山形県）'!I$121,0) -> 0.0028169014 | Q11: =IFERROR('生産者価格評価表（108部門）（山形県）'!J10/'生産者価格評価表（108部門）（山形県）'!J$121,0) -> 0 | ... DM11: =IFERROR('生産者価格評価表（108部門）（山形県）'!DF10/'生産者価格評価表（108部門）（山形県）'!DF$121,0) -> 0.00012277902 | DN11: 3.0431834e-06 | DO11: 2.8357366e-06 | DP11: 4.6613509e-06 | DQ11: 5.2069871e-05 | DR11: 1.3545896e-06 | DS11: 4.9130906e-06 | DT11: 1.0004634 | DU11: 3.4007866e-06 | DV11: 1.7878647e-05 | DW11: 0.00012708746 | DX11: 0 | DY11: 5.7693893e-06 | DZ11: 1.5724855e-06 | EA11: 7.3364245e-06 | EB11: 7.6314011e-06 | EC11: 2.5353066e-05 | ED11: 5.5634717e-06 | EE11: 1.7845058e-06 | EF11: 0 | EG11: 0.0026727794 | EH11: 0 | EI11: 1.4443332e-05 | EJ11: 2.9816881e-09 | EK11: 0 | EL11: 4.9138613e-05 | EM11: 5.2632147e-05 | EN11: 1.7340412e-08 | EO11: 0.0076351561 | EP11: 8.5739069e-06 | EQ11: 5.8768649e-06 | ER11: 1.1561281e-05 | ES11: 0.0082289974 | ET11: 0.0047040837 | EU11: 0.0093549341 | EV11: 0.0020165068 | EW11: 2.7189694e-05 | EX11: 0 | EY11: 8.2645904e-05 | EZ11: 1.8175405e-06 | FA11: 0.048371784 | FB11: 0.00012571112 | FC11: 1.4284494e-05 | FD11: 1.291244e-05 | FE11: 2.233774e-06 | FF11: 4.4286436e-06 | FG11: 6.2508911e-05 | FH11: 1.7424954e-05 | FI11: 2.3458787e-05 | FJ11: 5.1400411e-06 | FK11: 3.6932093e-06 | FL11: 2.9048349e-06 | FM11: 5.1352018e-06 | FN11: 2.5693657e-06 | FO11: 3.9656929e-06 | FP11: 0 | FQ11: 7.782101e-06 | FR11: 4.4325346e-06 | FS11: 3.131312e-06 | FT11: 4.9699663e-06 | FU11: 0.00020594652 | FV11: 3.0078818e-06 | FW11: 0.00025522867 | FX11: 0.00012683739 | FY11: 0.00086239796 | FZ11: 0.00074277661 | GA11: 5.4687175e-05 | GB11: 8.1109881e-06 | GC11: 1.2682091e-05 | GD11: 7.2203108e-06 | GE11: 2.0270981e-06 | GF11: 1.2782225e-06 | GG11: 1.6811459e-06 | GH11: 2.9754926e-06 | GI11: 2.3574223e-06 | GJ11: 5.539396e-06 | GK11: 6.5351878e-07 | GL11: 4.9344489e-06 | GM11: 1.0498288e-06 | GN11: 7.9151707e-07 | GO11: 8.7886998e-07 | GP11: 4.6709895e-06 | GQ11: 3.7923983e-06 | GR11: 6.8389549e-07 | GS11: 2.0546015e-06 | GT11: 1.7504342e-06 | GU11: 7.4894674e-07 | GV11: 1.9401559e-06 | GW11: 1.568096e-06 | GX11: 3.3286695e-06 | GY11: 3.1927094e-06 | GZ11: 8.1821085e-06 | HA11: 1.7788929e-06 | HB11: 1.7848391e-05 | HC11: 2.4876705e-06 | HD11: 1.6107492e-06 | HE11: 2.2900227e-06 | HF11: 1.6043979e-06 | HG11: 1.2635535e-06 | HH11: 9.0807148e-06 | HI11: 8.2312123e-07 | HJ11: -3.9454335e-06 | HK11: -2.4212636e-06 | HL11: 2.969772e-06 | HM11: 8.4155127e-06 | HN11: 2.1519447e-06 | HO11: 6.8820741e-06 | HP11: 2.7607662e-06 | HQ11: 2.5312625e-05 | HR11: 213 | HS11: ='生産者価格評価表（108部門）（山形県）'!DV10*100 -> 284000 | HT11: =IF(HS11=0,0,HR11/HS11) -> 0.00075 | HV11: 0.020165343 | HX11: =運賃!C12 -> 0.12254657 | HY11: =運賃!D12 -> 0.000523942 | HZ11: =運賃!E12 -> 0.05989696 | IA11: =運賃!F12 -> 0.0071955446 | IB11: =運賃!G12 -> 0.02516737 | IC11: =運賃!H12 -> 0 | ID11: =運賃!I12 -> 0.0043982082 | IE11: =運賃!J12 -> 0.025364546
A12: 111 | B12: 食料品 | C12: =IFERROR(1-('生産者価格評価表（108部門）（山形県）'!DT11/'生産者価格評価表（108部門）（山形県）'!DP11*-1),0) -> 0.25667884 | D12: 0.6823098 | E12: 0.3176902 | F12: 0.146543 | G12: ='生産者価格評価表（108部門）（山形県）'!DI11 -> 155099 | H12: =IF(G12<0,0,G12) -> 155099 | I12: =H12/$H$113 -> 0.091784712 | J12: =IFERROR('生産者価格評価表（108部門）（山形県）'!C11/'生産者価格評価表（108部門）（山形県）'!C$121,0) -> 0 | K12: =IFERROR('生産者価格評価表（108部門）（山形県）'!D11/'生産者価格評価表（108部門）（山形県）'!D$121,0) -> 0.013210224 | L12: =IFERROR('生産者価格評価表（108部門）（山形県）'!E11/'生産者価格評価表（108部門）（山形県）'!E$121,0) -> 0 | M12: =IFERROR('生産者価格評価表（108部門）（山形県）'!F11/'生産者価格評価表（108部門）（山形県）'!F$121,0) -> 0.020652267 | N12: =IFERROR('生産者価格評価表（108部門）（山形県）'!G11/'生産者価格評価表（108部門）（山形県）'!G$121,0) -> 0.012518968 | O12: =IFERROR('生産者価格評価表（108部門）（山形県）'!H11/'生産者価格評価表（108部門）（山形県）'!H$121,0) -> 0 | P12: =IFERROR('生産者価格評価表（108部門）（山形県）'!I11/'生産者価格評価表（108部門）（山形県）'!I$121,0) -> 0 | Q12: =IFERROR('生産者価格評価表（108部門）（山形県）'!J11/'生産者価格評価表（108部門）（山形県）'!J$121,0) -> 0.19451045 | ... DM12: =IFERROR('生産者価格評価表（108部門）（山形県）'!DF11/'生産者価格評価表（108部門）（山形県）'!DF$121,0) -> 0 | DN12: 2.232221e-05 | DO12: 0.0039286109 | DP12: 7.1037703e-05 | DQ12: 0.0066999421 | DR12: 0.0034989545 | DS12: 7.7980706e-06 | DT12: 6.1576884e-06 | DU12: 1.0527227 | DV12: 0.04218944 | DW12: 0.033108699 | DX12: 0 | DY12: 1.7624011e-05 | DZ12: 0.00015327177 | EA12: 0.00088946164 | EB12: 3.8223452e-05 | EC12: 0.0014350615 | ED12: 5.3119032e-05 | EE12: 2.0286866e-05 | EF12: 0 | EG12: 3.0312203e-05 | EH12: 0 | EI12: 0.00015668687 | EJ12: 3.2346509e-08 | EK12: 0 | EL12: 0.0030874692 | EM12: 0.0023097419 | EN12: 2.7522748e-08 | EO12: 3.6771801e-06 | EP12: 6.6548885e-06 | EQ12: 2.3036579e-06 | ER12: 0.0031688778 | ES12: 9.3392411e-06 | ET12: 4.1759832e-06 | EU12: 2.247842e-05 | EV12: 0.00023424492 | EW12: 1.5674986e-06 | EX12: 0 | EY12: 2.3538817e-06 | EZ12: 1.109057e-06 | FA12: 1.2978559e-06 | FB12: 1.7168553e-06 | FC12: 2.7287088e-06 | FD12: 1.8073176e-06 | FE12: 3.3434539e-06 | FF12: 2.68763e-06 | FG12: 4.0118976e-06 | FH12: 2.8899649e-06 | FI12: 6.5575005e-06 | FJ12: 3.5813734e-06 | FK12: 4.1348125e-06 | FL12: 3.0725881e-06 | FM12: 2.5390919e-06 | FN12: 4.4140172e-06 | FO12: 2.8051277e-06 | FP12: 0 | FQ12: 6.1615192e-07 | FR12: 1.8433097e-06 | FS12: 2.7682347e-06 | FT12: 1.490216e-06 | FU12: 0.0012269014 | FV12: 3.5178486e-06 | FW12: 1.68298e-05 | FX12: 7.386804e-06 | FY12: 4.9980347e-06 | FZ12: 4.2306728e-06 | GA12: 4.5079075e-06 | GB12: 1.0531978e-05 | GC12: 1.1842713e-05 | GD12: 4.1682794e-06 | GE12: 3.8925842e-06 | GF12: 5.8624176e-06 | GG12: 4.7648993e-06 | GH12: 4.0152899e-06 | GI12: 1.4138885e-06 | GJ12: 1.3118327e-05 | GK12: 3.2350272e-06 | GL12: 4.076625e-06 | GM12: 3.9557696e-06 | GN12: 3.3743992e-06 | GO12: 2.6965873e-06 | GP12: 6.5719453e-06 | GQ12: 2.485757e-05 | GR12: 1.9856654e-06 | GS12: 1.6681984e-05 | GT12: 1.2444587e-05 | GU12: 1.2427566e-05 | GV12: 1.6147722e-05 | GW12: 3.2500057e-05 | GX12: 0.00017641476 | GY12: 0.0016216961 | GZ12: 5.0624083e-05 | HA12: 0.00086766756 | HB12: 6.4341664e-06 | HC12: 0.0027607346 | HD12: 0.0054877317 | HE12: 0.00042865978 | HF12: 6.6394233e-06 | HG12: 1.1202338e-05 | HH12: 3.5862126e-06 | HI12: 7.3738277e-06 | HJ12: 0.019747372 | HK12: 0.040717548 | HL12: 9.6424235e-06 | HM12: 2.2601707e-05 | HN12: 1.7054575e-05 | HO12: 0.002961636 | HP12: 3.418555e-05 | HQ12: 3.9282942e-05 | HR12: 17377 | HS12: ='生産者価格評価表（108部門）（山形県）'!DV11*100 -> 34006400 | HT12: =IF(HS12=0,0,HR12/HS12) -> 0.00051099205 | HV12: 0.33024554 | HX12: =運賃!C13 -> 0.031955547 | HY12: =運賃!D13 -> 0.00025414926 | HZ12: =運賃!E13 -> 0.02368773 | IA12: =運賃!F13 -> 0.00019194581 | IB12: =運賃!G13 -> 0.00026675355 | IC12: =運賃!H13 -> 3.3964648e-05 | ID12: =運賃!I13 -> 0.0015457354 | IE12: =運賃!J13 -> 0.0059752683
A13: 112 | B13: 飲料 | C13: =IFERROR(1-('生産者価格評価表（108部門）（山形県）'!DT12/'生産者価格評価表（108部門）（山形県）'!DP12*-1),0) -> 0.075791099 | D13: 0.73735704 | E13: 0.26264296 | F13: 0.17965743 | G13: ='生産者価格評価表（108部門）（山形県）'!DI12 -> 45456 | H13: =IF(G13<0,0,G13) -> 45456 | I13: =H13/$H$113 -> 0.026900018 | J13: =IFERROR('生産者価格評価表（108部門）（山形県）'!C12/'生産者価格評価表（108部門）（山形県）'!C$121,0) -> 0 | K13: =IFERROR('生産者価格評価表（108部門）（山形県）'!D12/'生産者価格評価表（108部門）（山形県）'!D$121,0) -> 0.00016280206 | L13: =IFERROR('生産者価格評価表（108部門）（山形県）'!E12/'生産者価格評価表（108部門）（山形県）'!E$121,0) -> 0 | M13: =IFERROR('生産者価格評価表（108部門）（山形県）'!F12/'生産者価格評価表（108部門）（山形県）'!F$121,0) -> 0 | N13: =IFERROR('生産者価格評価表（108部門）（山形県）'!G12/'生産者価格評価表（108部門）（山形県）'!G$121,0) -> 0.018968134 | O13: =IFERROR('生産者価格評価表（108部門）（山形県）'!H12/'生産者価格評価表（108部門）（山形県）'!H$121,0) -> 0 | P13: =IFERROR('生産者価格評価表（108部門）（山形県）'!I12/'生産者価格評価表（108部門）（山形県）'!I$121,0) -> 0 | Q13: =IFERROR('生産者価格評価表（108部門）（山形県）'!J12/'生産者価格評価表（108部門）（山形県）'!J$121,0) -> 0.00079984944 | ... DM13: =IFERROR('生産者価格評価表（108部門）（山形県）'!DF12/'生産者価格評価表（108部門）（山形県）'!DF$121,0) -> 0.0038587691 | DN13: 3.9190916e-06 | DO13: 1.3938929e-05 | DP13: 1.4368835e-06 | DQ13: 1.1226658e-06 | DR13: 0.0014610963 | DS13: 3.9684072e-06 | DT13: 3.2777896e-06 | DU13: 7.0337042e-05 | DV13: 1.0054947 | DW13: 3.4273971e-06 | DX13: 0 | DY13: 1.424072e-06 | DZ13: 1.1420477e-06 | EA13: 2.5610997e-06 | EB13: 1.315966e-06 | EC13: 1.2466726e-06 | ED13: 1.2363532e-06 | EE13: 1.1468735e-06 | EF13: 0 | EG13: 8.6813912e-07 | EH13: 0 | EI13: 2.902806e-07 | EJ13: 5.992566e-11 | EK13: 0 | EL13: 8.362099e-06 | EM13: 9.1045074e-07 | EN13: 1.4006217e-08 | EO13: 6.3342246e-06 | EP13: 9.5685093e-07 | EQ13: 1.7381896e-06 | ER13: 2.0708019e-06 | ES13: 1.3178812e-06 | ET13: 3.7939138e-06 | EU13: 1.9508211e-06 | EV13: 3.9662667e-06 | EW13: 3.7566923e-06 | EX13: 0 | EY13: 3.7613997e-06 | EZ13: 2.7950997e-06 | FA13: 1.2066616e-06 | FB13: 1.0696072e-06 | FC13: 1.2392756e-06 | FD13: 2.1552321e-06 | FE13: 1.7552968e-06 | FF13: 1.9089234e-06 | FG13: 1.4651512e-06 | FH13: 7.8629207e-07 | FI13: 7.9552523e-07 | FJ13: 1.6312417e-06 | FK13: 5.4561646e-07 | FL13: 7.0777556e-07 | FM13: 2.423015e-06 | FN13: 1.5209057e-06 | FO13: 1.1752357e-06 | FP13: 0 | FQ13: 4.0174228e-07 | FR13: 6.2352837e-07 | FS13: 1.3532979e-06 | FT13: 2.3350471e-06 | FU13: 1.7983665e-06 | FV13: 1.1550549e-06 | FW13: 4.4611939e-06 | FX13: 5.4160752e-06 | FY13: 3.9363357e-06 | FZ13: 4.6230486e-06 | GA13: 1.5315348e-06 | GB13: 1.400462e-06 | GC13: 2.9754407e-06 | GD13: 2.5406623e-06 | GE13: 8.348441e-06 | GF13: 3.5739453e-06 | GG13: 3.3976549e-06 | GH13: 2.802803e-06 | GI13: 3.7334348e-07 | GJ13: 2.5622321e-06 | GK13: 9.2728226e-07 | GL13: 2.0692944e-06 | GM13: 4.8113937e-06 | GN13: 2.7852918e-06 | GO13: 2.4048059e-06 | GP13: 1.4044939e-06 | GQ13: 1.4497359e-05 | GR13: 5.2194057e-07 | GS13: 2.8872251e-06 | GT13: 2.2569358e-06 | GU13: 9.6701088e-07 | GV13: 4.2266585e-06 | GW13: 1.9889859e-06 | GX13: 4.6098368e-06 | GY13: 3.6915973e-05 | GZ13: 8.6917951e-07 | HA13: 4.4739357e-05 | HB13: 5.9720145e-06 | HC13: 9.4051323e-05 | HD13: 0.00019398646 | HE13: 4.7123944e-06 | HF13: 1.7648375e-06 | HG13: 1.4249354e-06 | HH13: 2.1878422e-06 | HI13: 2.3400683e-06 | HJ13: 0.001670991 | HK13: 0.0045034991 | HL13: 3.3176906e-06 | HM13: 1.3734473e-06 | HN13: 9.7588571e-07 | HO13: 0.00019721217 | HP13: 1.6223814e-06 | HQ13: 0.00029527544 | HR13: 1768 | HS13: ='生産者価格評価表（108部門）（山形県）'!DV12*100 -> 3689800 | HT13: =IF(HS13=0,0,HR13/HS13) -> 0.00047915876 | HV13: 0.32523801 | HX13: =運賃!C14 -> 0.044324817 | HY13: =運賃!D14 -> 0.00046190082 | HZ13: =運賃!E14 -> 0.036531443 | IA13: =運賃!F14 -> 0.00013534538 | IB13: =運賃!G14 -> 0.00023556446 | IC13: =運賃!H14 -> 1.6471651e-05 | ID13: =運賃!I14 -> 0.0023887863 | IE13: =運賃!J14 -> 0.0045553046
A14: 113 | B14: 飼料・有機質肥料（別掲を除く。） | C14: =IFERROR(1-('生産者価格評価表（108部門）（山形県）'!DT13/'生産者価格評価表（108部門）（山形県）'!DP13*-1),0) -> 0.018157245 | D14: 0.32255581 | E14: 0.67744419 | F14: 0.086220169 | G14: ='生産者価格評価表（108部門）（山形県）'!DI13 -> 1585 | H14: =IF(G14<0,0,G14) -> 1585 | I14: =H14/$H$113 -> 0.00093797361 | J14: =IFERROR('生産者価格評価表（108部門）（山形県）'!C13/'生産者価格評価表（108部門）（山形県）'!C$121,0) -> 0.0076854808 | K14: =IFERROR('生産者価格評価表（108部門）（山形県）'!D13/'生産者価格評価表（108部門）（山形県）'!D$121,0) -> 0.29727655 | L14: =IFERROR('生産者価格評価表（108部門）（山形県）'!E13/'生産者価格評価表（108部門）（山形県）'!E$121,0) -> 0.029736414 | M14: =IFERROR('生産者価格評価表（108部門）（山形県）'!F13/'生産者価格評価表（108部門）（山形県）'!F$121,0) -> 0.0043025557 | N14: =IFERROR('生産者価格評価表（108部門）（山形県）'!G13/'生産者価格評価表（108部門）（山形県）'!G$121,0) -> 0.02276176 | O14: =IFERROR('生産者価格評価表（108部門）（山形県）'!H13/'生産者価格評価表（108部門）（山形県）'!H$121,0) -> 0 | P14: =IFERROR('生産者価格評価表（108部門）（山形県）'!I13/'生産者価格評価表（108部門）（山形県）'!I$121,0) -> 0 | Q14: =IFERROR('生産者価格評価表（108部門）（山形県）'!J13/'生産者価格評価表（108部門）（山形県）'!J$121,0) -> -1.1762492e-05 | ... DM14: =IFERROR('生産者価格評価表（108部門）（山形県）'!DF13/'生産者価格評価表（108部門）（山形県）'!DF$121,0) -> 0 | DN14: 0.00019051159 | DO14: 0.0056730492 | DP14: 0.00060652246 | DQ14: 9.5819588e-05 | DR14: 0.00041760619 | DS14: 2.2504588e-08 | DT14: 4.2532589e-08 | DU14: 0.00023644226 | DV14: 1.2152933e-05 | DW14: 1.0002811 | DX14: 0 | DY14: 3.9221288e-06 | DZ14: 2.2255058e-07 | EA14: 1.0541499e-05 | EB14: 4.5394851e-07 | EC14: 4.3267498e-07 | ED14: 7.6993371e-08 | EE14: 4.14674e-08 | EF14: 0 | EG14: 4.7001334e-08 | EH14: 0 | EI14: 5.171905e-08 | EJ14: 1.0676904e-11 | EK14: 0 | EL14: 1.1666612e-06 | EM14: 6.5647112e-07 | EN14: 7.9428379e-11 | EO14: 2.0782408e-08 | EP14: 4.4488177e-08 | EQ14: 1.4874603e-06 | ER14: 2.2476126e-05 | ES14: 4.3168044e-08 | ET14: 3.1530829e-08 | EU14: 1.4308284e-07 | EV14: 8.697962e-08 | EW14: 1.9667645e-08 | EX14: 0 | EY14: 2.1995889e-08 | EZ14: 2.1675857e-08 | FA14: 7.5650594e-09 | FB14: 1.9788778e-08 | FC14: 2.9904151e-08 | FD14: 2.1828933e-08 | FE14: 2.2881094e-08 | FF14: 2.9108618e-08 | FG14: 5.4880676e-08 | FH14: 3.5920364e-08 | FI14: 5.3120349e-08 | FJ14: 4.4568057e-08 | FK14: 4.8441608e-08 | FL14: 3.958904e-08 | FM14: 3.8834701e-08 | FN14: 3.8213724e-08 | FO14: 4.0019445e-08 | FP14: 0 | FQ14: 9.5243754e-09 | FR14: 3.8023595e-08 | FS14: 3.2068763e-08 | FT14: 2.8699657e-08 | FU14: 7.7734178e-07 | FV14: 1.2848142e-08 | FW14: 2.5948457e-07 | FX14: 8.3274594e-08 | FY14: 4.1040113e-06 | FZ14: 2.3732472e-07 | GA14: 2.4347693e-08 | GB14: 4.3631704e-08 | GC14: 3.1852531e-08 | GD14: 2.0823079e-08 | GE14: 9.2835916e-07 | GF14: 1.6250331e-08 | GG14: 8.1724461e-09 | GH14: 9.8005443e-09 | GI14: 4.2604162e-09 | GJ14: 6.2495803e-08 | GK14: 1.2571255e-08 | GL14: 7.1891918e-08 | GM14: 1.3088444e-08 | GN14: 1.1139871e-08 | GO14: 1.0392344e-08 | GP14: 1.8771269e-08 | GQ14: 5.8821692e-08 | GR14: 9.3784547e-09 | GS14: 7.6443873e-08 | GT14: 5.2033693e-07 | GU14: 5.1733572e-08 | GV14: 8.0794936e-08 | GW14: 2.5336133e-07 | GX14: 5.9786833e-08 | GY14: 8.0288678e-06 | GZ14: 2.6494686e-05 | HA14: 1.4468311e-06 | HB14: 2.887514e-08 | HC14: 2.65709e-06 | HD14: 3.71492e-06 | HE14: 4.1113515e-07 | HF14: 4.0677704e-08 | HG14: 3.3623049e-07 | HH14: 4.0799787e-08 | HI14: 1.9483441e-08 | HJ14: 1.1474314e-05 | HK14: 1.9517444e-05 | HL14: 6.4772642e-08 | HM14: 1.3584052e-05 | HN14: 0.00012690732 | HO14: 2.3012181e-06 | HP14: 1.7016485e-07 | HQ14: 4.6633178e-08 | HR14: 17 | HS14: ='生産者価格評価表（108部門）（山形県）'!DV13*100 -> 129900 | HT14: =IF(HS14=0,0,HR14/HS14) -> 0.0001308699 | HV14: 0.28295379 | HX14: =運賃!C15 -> 0.092788724 | HY14: =運賃!D15 -> 0.00019034387 | HZ14: =運賃!E15 -> 0.068519322 | IA14: =運賃!F15 -> 0.0044322929 | IB14: =運賃!G15 -> 0.0034470492 | IC14: =運賃!H15 -> 0 | ID14: =運賃!I15 -> 0.0040679949 | IE14: =運賃!J15 -> 0.012131721
A15: 114 | B15: たばこ | C15: =IFERROR(1-('生産者価格評価表（108部門）（山形県）'!DT14/'生産者価格評価表（108部門）（山形県）'!DP14*-1),0) -> 0 | D15: 0 | E15: 0 | F15: 0 | G15: ='生産者価格評価表（108部門）（山形県）'!DI14 -> 22416 | H15: =IF(G15<0,0,G15) -> 22416 | I15: =H15/$H$113 -> 0.013265373 | J15: =IFERROR('生産者価格評価表（108部門）（山形県）'!C14/'生産者価格評価表（108部門）（山形県）'!C$121,0) -> 0 | K15: =IFERROR('生産者価格評価表（108部門）（山形県）'!D14/'生産者価格評価表（108部門）（山形県）'!D$121,0) -> 0 | L15: =IFERROR('生産者価格評価表（108部門）（山形県）'!E14/'生産者価格評価表（108部門）（山形県）'!E$121,0) -> 0 | M15: =IFERROR('生産者価格評価表（108部門）（山形県）'!F14/'生産者価格評価表（108部門）（山形県）'!F$121,0) -> 0 | N15: =IFERROR('生産者価格評価表（108部門）（山形県）'!G14/'生産者価格評価表（108部門）（山形県）'!G$121,0) -> 0 | O15: =IFERROR('生産者価格評価表（108部門）（山形県）'!H14/'生産者価格評価表（108部門）（山形県）'!H$121,0) -> 0 | P15: =IFERROR('生産者価格評価表（108部門）（山形県）'!I14/'生産者価格評価表（108部門）（山形県）'!I$121,0) -> 0 | Q15: =IFERROR('生産者価格評価表（108部門）（山形県）'!J14/'生産者価格評価表（108部門）（山形県）'!J$121,0) -> 0 | ... DM15: =IFERROR('生産者価格評価表（108部門）（山形県）'!DF14/'生産者価格評価表（108部門）（山形県）'!DF$121,0) -> 0 | DN15: 0 | DO15: 0 | DP15: 0 | DQ15: 0 | DR15: 0 | DS15: 0 | DT15: 0 | DU15: 0 | DV15: 0 | DW15: 0 | DX15: 1 | DY15: 0 | DZ15: 0 | EA15: 0 | EB15: 0 | EC15: 0 | ED15: 0 | EE15: 0 | EF15: 0 | EG15: 0 | EH15: 0 | EI15: 0 | EJ15: 0 | EK15: 0 | EL15: 0 | EM15: 0 | EN15: 0 | EO15: 0 | EP15: 0 | EQ15: 0 | ER15: 0 | ES15: 0 | ET15: 0 | EU15: 0 | EV15: 0 | EW15: 0 | EX15: 0 | EY15: 0 | EZ15: 0 | FA15: 0 | FB15: 0 | FC15: 0 | FD15: 0 | FE15: 0 | FF15: 0 | FG15: 0 | FH15: 0 | FI15: 0 | FJ15: 0 | FK15: 0 | FL15: 0 | FM15: 0 | FN15: 0 | FO15: 0 | FP15: 0 | FQ15: 0 | FR15: 0 | FS15: 0 | FT15: 0 | FU15: 0 | FV15: 0 | FW15: 0 | FX15: 0 | FY15: 0 | FZ15: 0 | GA15: 0 | GB15: 0 | GC15: 0 | GD15: 0 | GE15: 0 | GF15: 0 | GG15: 0 | GH15: 0 | GI15: 0 | GJ15: 0 | GK15: 0 | GL15: 0 | GM15: 0 | GN15: 0 | GO15: 0 | GP15: 0 | GQ15: 0 | GR15: 0 | GS15: 0 | GT15: 0 | GU15: 0 | GV15: 0 | GW15: 0 | GX15: 0 | GY15: 0 | GZ15: 0 | HA15: 0 | HB15: 0 | HC15: 0 | HD15: 0 | HE15: 0 | HF15: 0 | HG15: 0 | HH15: 0 | HI15: 0 | HJ15: 0 | HK15: 0 | HL15: 0 | HM15: 0 | HN15: 0 | HO15: 0 | HP15: 0 | HQ15: 0 | HR15: 0 | HS15: ='生産者価格評価表（108部門）（山形県）'!DV14*100 -> 0 | HT15: =IF(HS15=0,0,HR15/HS15) -> 0 | HV15: 0.18205095 | HX15: =運賃!C16 -> 0.014156966 | HY15: =運賃!D16 -> 0.00028685892 | HZ15: =運賃!E16 -> 0.0096384597 | IA15: =運賃!F16 -> 0.00012669602 | IB15: =運賃!G16 -> 0.00014151707 | IC15: =運賃!H16 -> 1.5538192e-05 | ID15: =運賃!I16 -> 0.00080583452 | IE15: =運賃!J16 -> 0.0031420614
A16: 151 | B16: 繊維工業製品 | C16: =IFERROR(1-('生産者価格評価表（108部門）（山形県）'!DT15/'生産者価格評価表（108部門）（山形県）'!DP15*-1),0) -> 0.12746912 | D16: 0.62797517 | E16: 0.37202483 | F16: 0.16929769 | G16: ='生産者価格評価表（108部門）（山形県）'!DI15 -> 606 | H16: =IF(G16<0,0,G16) -> 606 | I16: =H16/$H$113 -> 0.00035861956 | J16: =IFERROR('生産者価格評価表（108部門）（山形県）'!C15/'生産者価格評価表（108部門）（山形県）'!C$121,0) -> 0.00011436727 | K16: =IFERROR('生産者価格評価表（108部門）（山形県）'!D15/'生産者価格評価表（108部門）（山形県）'!D$121,0) -> 0 | L16: =IFERROR('生産者価格評価表（108部門）（山形県）'!E15/'生産者価格評価表（108部門）（山形県）'!E$121,0) -> 6.0317269e-05 | M16: =IFERROR('生産者価格評価表（108部門）（山形県）'!F15/'生産者価格評価表（108部門）（山形県）'!F$121,0) -> 0.0011186645 | N16: =IFERROR('生産者価格評価表（108部門）（山形県）'!G15/'生産者価格評価表（108部門）（山形県）'!G$121,0) -> 0.016312595 | O16: =IFERROR('生産者価格評価表（108部門）（山形県）'!H15/'生産者価格評価表（108部門）（山形県）'!H$121,0) -> 0 | P16: =IFERROR('生産者価格評価表（108部門）（山形県）'!I15/'生産者価格評価表（108部門）（山形県）'!I$121,0) -> 0 | Q16: =IFERROR('生産者価格評価表（108部門）（山形県）'!J15/'生産者価格評価表（108部門）（山形県）'!J$121,0) -> 2.9406229e-06 | ... DM16: =IFERROR('生産者価格評価表（108部門）（山形県）'!DF15/'生産者価格評価表（108部門）（山形県）'!DF$121,0) -> 5.2619578e-05 | DN16: 3.5757414e-05 | DO16: 8.4551609e-06 | DP16: 3.1231792e-05 | DQ16: 0.00018754604 | DR16: 0.0021553888 | DS16: 9.4599612e-06 | DT16: 1.4987097e-05 | DU16: 1.9609189e-05 | DV16: 1.701718e-05 | DW16: 5.8949241e-06 | DX16: 0 | DY16: 1.0221916 | DZ16: 0.019775536 | EA16: 8.9348167e-05 | EB16: 0.00047275387 | EC16: 2.798875e-05 | ED16: 0.00080740592 | EE16: 3.953969e-05 | EF16: 0 | EG16: 8.2726841e-06 | EH16: 0 | EI16: 4.2942148e-06 | EJ16: 8.8649966e-10 | EK16: 0 | EL16: 1.3908137e-05 | EM16: 1.4379687e-05 | EN16: 3.3388275e-08 | EO16: 6.7665122e-06 | EP16: 4.4099294e-05 | EQ16: 0.00074488622 | ER16: 0.0041904712 | ES16: 1.9124546e-05 | ET16: 9.9873366e-06 | EU16: 2.8915125e-05 | EV16: 7.2833991e-05 | EW16: 7.6744464e-06 | EX16: 0 | EY16: 6.0364261e-06 | EZ16: 4.8654727e-06 | FA16: 3.4047185e-06 | FB16: 1.8732312e-05 | FC16: 2.6519453e-05 | FD16: 4.2219068e-05 | FE16: 9.5904076e-06 | FF16: 3.4237583e-05 | FG16: 0.00012955506 | FH16: 0.00017816119 | FI16: 4.47404e-05 | FJ16: 9.0599602e-06 | FK16: 0.00029561 | FL16: 9.6826418e-06 | FM16: 9.0980168e-06 | FN16: 1.979455e-05 | FO16: 1.2452886e-05 | FP16: 0 | FQ16: 2.2277422e-06 | FR16: 6.8359317e-05 | FS16: 0.00014485047 | FT16: 5.8075619e-06 | FU16: 0.00058563461 | FV16: 1.1210915e-05 | FW16: 7.0329399e-05 | FX16: 0.00031979477 | FY16: 8.1053884e-05 | FZ16: 3.443412e-05 | GA16: 1.0102575e-05 | GB16: 2.5066082e-05 | GC16: 3.5257117e-05 | GD16: 2.0592199e-05 | GE16: 4.9869797e-05 | GF16: 1.5448351e-05 | GG16: 6.7921665e-06 | GH16: 9.2429407e-06 | GI16: 5.8439453e-06 | GJ16: 0.00010091431 | GK16: 1.5317742e-05 | GL16: 2.5517548e-05 | GM16: 0.00032898532 | GN16: 1.9274155e-05 | GO16: 1.5518029e-05 | GP16: 8.7821247e-05 | GQ16: 0.00012809124 | GR16: 1.0683326e-05 | GS16: 1.680458e-05 | GT16: 2.4737779e-05 | GU16: 5.8445188e-05 | GV16: 1.4351026e-05 | GW16: 1.714571e-05 | GX16: 2.3900021e-05 | GY16: 1.0172945e-05 | GZ16: 2.361789e-05 | HA16: 2.0586366e-05 | HB16: 0.00032721614 | HC16: 3.0630077e-05 | HD16: 2.4425423e-05 | HE16: 5.3887322e-05 | HF16: 2.6493292e-05 | HG16: 1.7892542e-05 | HH16: 1.3033787e-05 | HI16: 4.9495263e-05 | HJ16: 0.00014912576 | HK16: 1.7219401e-05 | HL16: 3.797709e-05 | HM16: 0.00033234614 | HN16: 1.449665e-05 | HO16: 5.638706e-05 | HP16: 0.001993624 | HQ16: 1.7838875e-05 | HR16: 1448 | HS16: ='生産者価格評価表（108部門）（山形県）'!DV15*100 -> 2046100 | HT16: =IF(HS16=0,0,HR16/HS16) -> 0.0007076878 | HV16: 0.19104747 | HX16: =運賃!C17 -> 0.021675912 | HY16: =運賃!D17 -> 0.00017282036 | HZ16: =運賃!E17 -> 0.012029493 | IA16: =運賃!F17 -> 2.7173012e-06 | IB16: =運賃!G17 -> 0.00020488451 | IC16: =運賃!H17 -> 8.1519037e-06 | ID16: =運賃!I17 -> 0.00075269244 | IE16: =運賃!J17 -> 0.0085051528
A17: 152 | B17: 衣服・その他の繊維既製品 | C17: =IFERROR(1-('生産者価格評価表（108部門）（山形県）'!DT16/'生産者価格評価表（108部門）（山形県）'!DP16*-1),0) -> 0.038671272 | D17: 0.3446817 | E17: 0.6553183 | F17: 0.26888403 | G17: ='生産者価格評価表（108部門）（山形県）'!DI16 -> 26355 | H17: =IF(G17<0,0,G17) -> 26355 | I17: =H17/$H$113 -> 0.0155964 | J17: =IFERROR('生産者価格評価表（108部門）（山形県）'!C16/'生産者価格評価表（108部門）（山形県）'!C$121,0) -> 0.0032388812 | K17: =IFERROR('生産者価格評価表（108部門）（山形県）'!D16/'生産者価格評価表（108部門）（山形県）'!D$121,0) -> 0.00034886155 | L17: =IFERROR('生産者価格評価表（108部門）（山形県）'!E16/'生産者価格評価表（108部門）（山形県）'!E$121,0) -> 0.0053682369 | M17: =IFERROR('生産者価格評価表（108部門）（山形県）'!F16/'生産者価格評価表（108部門）（山形県）'!F$121,0) -> 0.00017210223 | N17: =IFERROR('生産者価格評価表（108部門）（山形県）'!G16/'生産者価格評価表（108部門）（山形県）'!G$121,0) -> 0.0068285281 | O17: =IFERROR('生産者価格評価表（108部門）（山形県）'!H16/'生産者価格評価表（108部門）（山形県）'!H$121,0) -> 0.0022522523 | P17: =IFERROR('生産者価格評価表（108部門）（山形県）'!I16/'生産者価格評価表（108部門）（山形県）'!I$121,0) -> 0.0024647887 | Q17: =IFERROR('生産者価格評価表（108部門）（山形県）'!J16/'生産者価格評価表（108部門）（山形県）'!J$121,0) -> 0.00066752141 | ... DM17: =IFERROR('生産者価格評価表（108部門）（山形県）'!DF16/'生産者価格評価表（108部門）（山形県）'!DF$121,0) -> 0.00014031887 | DN17: 0.00016183474 | DO17: 4.2447752e-05 | DP17: 0.00022168265 | DQ17: 2.1306256e-05 | DR17: 0.00029561458 | DS17: 0.00011452202 | DT17: 0.000122214 | DU17: 6.0404844e-05 | DV17: 4.8713739e-05 | DW17: 1.6147833e-05 | DX17: 0 | DY17: 0.00012622178 | DZ17: 1.0003428 | EA17: 5.4008539e-05 | EB17: 7.2652836e-05 | EC17: 5.6856707e-05 | ED17: 5.8122009e-05 | EE17: 3.7643015e-05 | EF17: 0 | EG17: 5.6927635e-05 | EH17: 0 | EI17: 1.3622702e-05 | EJ17: 2.8122768e-09 | EK17: 0 | EL17: 7.9269097e-05 | EM17: 2.486159e-05 | EN17: 4.0419749e-07 | EO17: 3.8474151e-05 | EP17: 4.873076e-05 | EQ17: 6.9679289e-05 | ER17: 0.00012107813 | ES17: 0.00014980059 | ET17: 5.1949452e-05 | EU17: 0.00031850538 | EV17: 9.4664817e-05 | EW17: 1.0450513e-05 | EX17: 0 | EY17: 5.0733338e-05 | EZ17: 2.4222788e-05 | FA17: 1.5434684e-05 | FB17: 4.3586226e-05 | FC17: 3.9479698e-05 | FD17: 4.0676619e-05 | FE17: 4.2169017e-05 | FF17: 2.9246789e-05 | FG17: 7.8903172e-05 | FH17: 7.6997842e-05 | FI17: 0.00019641177 | FJ17: 6.9500483e-05 | FK17: 0.00019026954 | FL17: 3.8910922e-05 | FM17: 3.4786884e-05 | FN17: 6.6605661e-05 | FO17: 3.1864257e-05 | FP17: 0 | FQ17: 2.0435812e-05 | FR17: 2.7699043e-05 | FS17: 7.1380489e-06 | FT17: 1.771599e-05 | FU17: 0.00018480733 | FV17: 7.7923114e-05 | FW17: 0.00016096749 | FX17: 7.7536149e-05 | FY17: 8.2632344e-05 | FZ17: 8.3189653e-05 | GA17: 1.9739348e-05 | GB17: 3.6808675e-05 | GC17: 6.4559323e-05 | GD17: 0.00010849912 | GE17: 0.00016149136 | GF17: 6.8778937e-05 | GG17: 1.533463e-05 | GH17: 1.1518912e-05 | GI17: 4.637914e-06 | GJ17: 4.0998434e-05 | GK17: 3.6655934e-05 | GL17: 6.1746158e-05 | GM17: 7.0998448e-05 | GN17: 4.5932814e-05 | GO17: 1.1266613e-05 | GP17: 8.2854088e-05 | GQ17: 0.0001048994 | GR17: 6.4356537e-05 | GS17: 3.2919419e-05 | GT17: 4.8614006e-05 | GU17: 4.5720024e-05 | GV17: 4.4776715e-05 | GW17: 5.2494908e-05 | GX17: 0.00017460849 | GY17: 1.4102117e-05 | GZ17: 7.3779525e-05 | HA17: 0.00011403726 | HB17: 0.00043918586 | HC17: 0.00024822262 | HD17: 0.0001167809 | HE17: 0.00094446916 | HF17: 0.00014888358 | HG17: 3.1421055e-05 | HH17: 4.9561659e-05 | HI17: 8.1377552e-05 | HJ17: 0.00023760981 | HK17: 6.4277563e-05 | HL17: 0.00040754759 | HM17: 0.00014445707 | HN17: 0.00029152795 | HO17: 0.00015155767 | HP17: 0.00024762764 | HQ17: 3.2664886e-05 | HR17: 7660 | HS17: ='生産者価格評価表（108部門）（山形県）'!DV16*100 -> 6500200 | HT17: =IF(HS17=0,0,HR17/HS17) -> 0.0011784253 | HV17: 0.46938347 | HX17: =運賃!C18 -> 0.033359448 | HY17: =運賃!D18 -> 1.992823e-05 | HZ17: =運賃!E18 -> 0.026929682 | IA17: =運賃!F18 -> 0.00013154272 | IB17: =運賃!G18 -> 0.00035993829 | IC17: =運賃!H18 -> 6.4213187e-05 | ID17: =運賃!I18 -> 0.0016384614 | IE17: =運賃!J18 -> 0.0042156818
... A77: 552 | B77: 住宅賃貸料 | C77: =IFERROR(1-('生産者価格評価表（108部門）（山形県）'!DT76/'生産者価格評価表（108部門）（山形県）'!DP76*-1),0) -> 1 | D77: 0.27466731 | E77: 0.72533269 | F77: 0.15717374 | G77: ='生産者価格評価表（108部門）（山形県）'!DI76 -> 53649 | H77: =IF(G77<0,0,G77) -> 53649 | I77: =H77/$H$113 -> 0.031748483 | J77: =IFERROR('生産者価格評価表（108部門）（山形県）'!C76/'生産者価格評価表（108部門）（山形県）'!C$121,0) -> 0 | K77: =IFERROR('生産者価格評価表（108部門）（山形県）'!D76/'生産者価格評価表（108部門）（山形県）'!D$121,0) -> 0 | L77: =IFERROR('生産者価格評価表（108部門）（山形県）'!E76/'生産者価格評価表（108部門）（山形県）'!E$121,0) -> 0 | M77: =IFERROR('生産者価格評価表（108部門）（山形県）'!F76/'生産者価格評価表（108部門）（山形県）'!F$121,0) -> 0 | N77: =IFERROR('生産者価格評価表（108部門）（山形県）'!G76/'生産者価格評価表（108部門）（山形県）'!G$121,0) -> 0 | O77: =IFERROR('生産者価格評価表（108部門）（山形県）'!H76/'生産者価格評価表（108部門）（山形県）'!H$121,0) -> 0 | P77: =IFERROR('生産者価格評価表（108部門）（山形県）'!I76/'生産者価格評価表（108部門）（山形県）'!I$121,0) -> 0 | Q77: =IFERROR('生産者価格評価表（108部門）（山形県）'!J76/'生産者価格評価表（108部門）（山形県）'!J$121,0) -> 0 | ... DM77: =IFERROR('生産者価格評価表（108部門）（山形県）'!DF76/'生産者価格評価表（108部門）（山形県）'!DF$121,0) -> 0 | DN77: 0 | DO77: 0 | DP77: 0 | DQ77: 0 | DR77: 0 | DS77: 0 | DT77: 0 | DU77: 0 | DV77: 0 | DW77: 0 | DX77: 0 | DY77: 0 | DZ77: 0 | EA77: 0 | EB77: 0 | EC77: 0 | ED77: 0 | EE77: 0 | EF77: 0 | EG77: 0 | EH77: 0 | EI77: 0 | EJ77: 0 | EK77: 0 | EL77: 0 | EM77: 0 | EN77: 0 | EO77: 0 | EP77: 0 | EQ77: 0 | ER77: 0 | ES77: 0 | ET77: 0 | EU77: 0 | EV77: 0 | EW77: 0 | EX77: 0 | EY77: 0 | EZ77: 0 | FA77: 0 | FB77: 0 | FC77: 0 | FD77: 0 | FE77: 0 | FF77: 0 | FG77: 0 | FH77: 0 | FI77: 0 | FJ77: 0 | FK77: 0 | FL77: 0 | FM77: 0 | FN77: 0 | FO77: 0 | FP77: 0 | FQ77: 0 | FR77: 0 | FS77: 0 | FT77: 0 | FU77: 0 | FV77: 0 | FW77: 0 | FX77: 0 | FY77: 0 | FZ77: 0 | GA77: 0 | GB77: 0 | GC77: 0 | GD77: 0 | GE77: 0 | GF77: 0 | GG77: 0 | GH77: 1 | GI77: 0 | GJ77: 0 | GK77: 0 | GL77: 0 | GM77: 0 | GN77: 0 | GO77: 0 | GP77: 0 | GQ77: 0 | GR77: 0 | GS77: 0 | GT77: 0 | GU77: 0 | GV77: 0 | GW77: 0 | GX77: 0 | GY77: 0 | GZ77: 0 | HA77: 0 | HB77: 0 | HC77: 0 | HD77: 0 | HE77: 0 | HF77: 0 | HG77: 0 | HH77: 0 | HI77: 0 | HJ77: 0 | HK77: 0 | HL77: 0 | HM77: 0 | HN77: 0 | HO77: 0 | HP77: 0 | HQ77: 0 | HR77: 2687 | HS77: ='生産者価格評価表（108部門）（山形県）'!DV76*100 -> 5365400 | HT77: =IF(HS77=0,0,HR77/HS77) -> 0.00050080143 | HV77: 0 | HX77: =運賃!C78 -> 0 | HY77: =運賃!D78 -> 0 | HZ77: =運賃!E78 -> 0 | IA77: =運賃!F78 -> 0 | IB77: =運賃!G78 -> 0 | IC77: =運賃!H78 -> 0 | ID77: =運賃!I78 -> 0 | IE77: =運賃!J78 -> 0
A78: 553 | B78: 住宅賃貸料（帰属家賃） | C78: =IFERROR(1-('生産者価格評価表（108部門）（山形県）'!DT77/'生産者価格評価表（108部門）（山形県）'!DP77*-1),0) -> 1 | D78: 0.1015717 | E78: 0.8984283 | F78: 0 | G78: ='生産者価格評価表（108部門）（山形県）'!DI77 -> 446522 | H78: 0 | I78: =H78/$H$113 -> 0 | J78: =IFERROR('生産者価格評価表（108部門）（山形県）'!C77/'生産者価格評価表（108部門）（山形県）'!C$121,0) -> 0 | K78: =IFERROR('生産者価格評価表（108部門）（山形県）'!D77/'生産者価格評価表（108部門）（山形県）'!D$121,0) -> 0 | L78: =IFERROR('生産者価格評価表（108部門）（山形県）'!E77/'生産者価格評価表（108部門）（山形県）'!E$121,0) -> 0 | M78: =IFERROR('生産者価格評価表（108部門）（山形県）'!F77/'生産者価格評価表（108部門）（山形県）'!F$121,0) -> 0 | N78: =IFERROR('生産者価格評価表（108部門）（山形県）'!G77/'生産者価格評価表（108部門）（山形県）'!G$121,0) -> 0 | O78: =IFERROR('生産者価格評価表（108部門）（山形県）'!H77/'生産者価格評価表（108部門）（山形県）'!H$121,0) -> 0 | P78: =IFERROR('生産者価格評価表（108部門）（山形県）'!I77/'生産者価格評価表（108部門）（山形県）'!I$121,0) -> 0 | Q78: =IFERROR('生産者価格評価表（108部門）（山形県）'!J77/'生産者価格評価表（108部門）（山形県）'!J$121,0) -> 0 | ... DM78: =IFERROR('生産者価格評価表（108部門）（山形県）'!DF77/'生産者価格評価表（108部門）（山形県）'!DF$121,0) -> 0 | DN78: 0 | DO78: 0 | DP78: 0 | DQ78: 0 | DR78: 0 | DS78: 0 | DT78: 0 | DU78: 0 | DV78: 0 | DW78: 0 | DX78: 0 | DY78: 0 | DZ78: 0 | EA78: 0 | EB78: 0 | EC78: 0 | ED78: 0 | EE78: 0 | EF78: 0 | EG78: 0 | EH78: 0 | EI78: 0 | EJ78: 0 | EK78: 0 | EL78: 0 | EM78: 0 | EN78: 0 | EO78: 0 | EP78: 0 | EQ78: 0 | ER78: 0 | ES78: 0 | ET78: 0 | EU78: 0 | EV78: 0 | EW78: 0 | EX78: 0 | EY78: 0 | EZ78: 0 | FA78: 0 | FB78: 0 | FC78: 0 | FD78: 0 | FE78: 0 | FF78: 0 | FG78: 0 | FH78: 0 | FI78: 0 | FJ78: 0 | FK78: 0 | FL78: 0 | FM78: 0 | FN78: 0 | FO78: 0 | FP78: 0 | FQ78: 0 | FR78: 0 | FS78: 0 | FT78: 0 | FU78: 0 | FV78: 0 | FW78: 0 | FX78: 0 | FY78: 0 | FZ78: 0 | GA78: 0 | GB78: 0 | GC78: 0 | GD78: 0 | GE78: 0 | GF78: 0 | GG78: 0 | GH78: 0 | GI78: 1 | GJ78: 0 | GK78: 0 | GL78: 0 | GM78: 0 | GN78: 0 | GO78: 0 | GP78: 0 | GQ78: 0 | GR78: 0 | GS78: 0 | GT78: 0 | GU78: 0 | GV78: 0 | GW78: 0 | GX78: 0 | GY78: 0 | GZ78: 0 | HA78: 0 | HB78: 0 | HC78: 0 | HD78: 0 | HE78: 0 | HF78: 0 | HG78: 0 | HH78: 0 | HI78: 0 | HJ78: 0 | HK78: 0 | HL78: 0 | HM78: 0 | HN78: 0 | HO78: 0 | HP78: 0 | HQ78: 0 | HR78: 0 | HS78: ='生産者価格評価表（108部門）（山形県）'!DV77*100 -> 44652200 | HT78: =IF(HS78=0,0,HR78/HS78) -> 0 | HV78: 0 | HX78: =運賃!C79 -> 0 | HY78: =運賃!D79 -> 0 | HZ78: =運賃!E79 -> 0 | IA78: =運賃!F79 -> 0 | IB78: =運賃!G79 -> 0 | IC78: =運賃!H79 -> 0 | ID78: =運賃!I79 -> 0 | IE78: =運賃!J79 -> 0
